Workbook
Name _R1: '[1]Fastener Correction'!#REF!
Name Af: '[1]Fastener Correction'!#REF!
Name Ar: '[2]Fastener Correction'!#REF!
Name d0: '[1]Fastener Correction'!#REF!
Name d1_: '[1]Fastener Correction'!#REF!
Name ef: '[1]Fastener Correction'!#REF!
Name Fensterdaten: #REF!
Name lmf: '[1]Fastener Correction'!#REF!
Name NameDrop: '[1]Common Areas (MF)'!#REF!:INDEX('[1]Common Areas (MF)'!#REF!,MAX('[1]Common Areas (MF)'!#REF!),1)
Name nf: '[1]Fastener Correction'!#REF!
Name re: '[2]Fastener Correction'!#REF!
Name Rooms: [1]!Room_Type[Room Type]
Name RTh: '[1]Fastener Correction'!#REF!

Sheet Calculation
B1: v26.2.0 - 2026.09
A2: Phius Pool Energy Use Estimator | F2: Notes / Instructions
F3: Required dropdown menu inputs. | I3: Required inputs. | K3: Result for WUFI Passive / METr
I4: Calculation. | K4: Instructions.
A6: 1 | B6: Project Information | F6: Step 1: Select the Certification Standard sought. (only impacts non-electric heaters)
B7: Phius Standard: | C7: -Select-
A9: 2 | B9: Pool Information | F9: Step 2: Input the surface area of the pool. Input the average depth of the pool. Input the planned temperature to which the pool will be heated. Select if a pool cover will be provided (and used at night). Confirm if the pool is inside or outside. If outside: Choose Country. Choose State or Province. Choose appropriate Climate Data. Input first planned month open. Input last planned month open. Confirm if screened from wind. (2 m/s screened, 4 m/s unscreened)
B10: Surface Area: | D10: ft2
B11: Average Pool Depth [LD]: | D11: ft
B12: Pool Temperature: | D12: °F (75-86 typ.)
B13: Pool Cover Type: | C13: -Select-
B14: Pool Location: | C14: -Select-
B15: =IF(C14="Inside","n/a","Country:") -> Country: | C15: -Select-
B16: =IF(C14="Inside","n/a",IF(C15="Canada","Province:","State:")) -> State: | C16: -Select-
B17: =IF(C14="Inside","n/a","Climate Data:") -> Climate Data: | C17: -Select-
B18: =IF(C14="Inside","n/a","First Month Open:") -> First Month Open: | C18: -Select-
B19: =IF(C14="Inside","n/a","Last Month Open:") -> Last Month Open: | C19: -Select-
B20: =IF(C14="Inside","n/a","Wind Screening:") -> Wind Screening: | C20: -Select-
A22: 3 | B22: Pool Heater Information | F22: Step 3: Select the fuel type of the pool heating system. Input the efficiency of the heating system as a decimal. ex: Electric resistance heater = 1.00. 90% natural gas system = 0.90.
B23: Fuel Type: | C23: -Select-
B24: System Efficiency: | D24: 100% = 1
A27: 4 | B27: Values for WUFI Passive / METr | F27: Step 4: System > Distribution > Supportive Device Uncheck the box for 'Use Default Values' and click 'New'. Set the device type to 'Other'. Input '1'. Always leave the box 'unchecked' to not impact internal gains. Input the calculated energy demand. Input '1'.
B28: Name: | C28: Pool Heating Energy Use
B29: Device Type: | C29: Other
B30: Quantity: | C30: 1
B31: In Conditioned Space: | C31: FALSE
B32: Energy Demand: | C32: =IFERROR(VLOOKUP(Calculation!C23,'Pool Calc (Outdoor)'!B15:E17,HLOOKUP(Calculation!C7,'Pool Calc (Outdoor)'!C14:E18,5,FALSE),FALSE),"-") -> - | D32: W
B33: Period of Operation: | C33: 1 | D33: khr/yr
A35: 5 | B35: Values for WUFI Passive / METr | F35: Step 5: System > Distribution > Supportive Device Uncheck the box for 'Use Default Values' and click 'New'. Set the device type to 'Other'. Input '1'. Varies depending on location of the pool pump. Input the calculated energy demand. Input '1'.
B36: Name: | C36: Pool Pump Energy Use
B37: Device Type: | C37: Other
B38: Quantity: | C38: 1
B39: In Conditioned Space: | C39: FALSE
B40: Energy Demand: | C40: =IFERROR(((1/C55)*((C50*((C52*C10*C11)/C53))/C51)*C54*(1/1000))/3.412,"-") -> 0 | D40: W
B41: Period of Operation: | C41: 1 | D41: khr/yr
B43: Informational (Pool Heating Energy) | F43: Information for reference: Select the units for reference information. Input the surface area of the pool. Input the planned temperature to which the pool will be heated. Select if a pool cover will be provided (and used).
B44: Preferred Units: | C44: Select
B45: Pool Heating Energy: | C45: =IF(C44="kWh",'Pool Calc (Outdoor)'!C22,IF(C44="kBtu",'Pool Calc (Outdoor)'!C20,IF(C44="THERM",'Pool Calc (Outdoor)'!C21,"-"))) -> - | D45: =IF($C$44="Select","",$C$44&"/yr")
B46: Site Energy: | C46: =IFERROR(C45/C24,"-") -> - | D46: =IF($C$44="Select","",$C$44&"/yr")
B47: Source Energy: | C47: =IFERROR(C46*VLOOKUP(C23,'Pool Calc (Outdoor)'!B8:E10,HLOOKUP(Calculation!C7,'Pool Calc (Outdoor)'!C7:E11,5,FALSE),FALSE),"-") -> - | D47: =IF($C$44="Select","",$C$44&"/yr")
B49: Pump Energy Calculation Assumptions | F49: Calculation Assumptions (see 'Update Tracker' for full calculations)
B50: Head Loss [Hloss]: | C50: 36 | D50: ft.lb/lbm | F50: Pump Energy per: | I50: Energypump = Pp x tp Pp = 1/C x Hloss x m1 / ηp m1 = ρ x Ap x Ld x τ
B51: Pump Efficiency [ηp] : | C51: 0.7
B52: Pool water density [ρ]: | C52: 64.02 | D52: lbm/ft3
B53: Time required purging a pool [τ]: | C53: 8 | D53: hours/day
B54: Pump run time [tp]: | C54: =6*IF(C14="Inside",365,SUMIF('Vapor Pressure Calc'!AB2:AM2,">0",'Vapor Pressure Calc'!AB4:AM4)) -> 0 | D54: hours/year
B55: Conversion Factor [C]: | C55: 778.28 | D55: ft-lbf/lbm to Btuh
B56: Indoor Pool Heating Energy Assumptions | F56: Heating Energy per: | I56: Qtotal = Qevap + Qconv + Qrad + Qmakeup Qevap = A x (pw - pa) x 0.089 x v0.04 Qconv = hc x A x (Tw - Ta) Qrad = A x Qr Qmakeup = Wr x (V x p x cp x dT / 24 x 3600)
B57: Air Temperature [Ta]: | C57: =IF(C12>0,CONVERT('Indoor Pool Heating Calc'!G20,"C","F"),"-") -> - | D57: °F
B58: Water replacement per day [Wr]: | C58: 0.02
B59: Replacement water temperature [Tfw]: | C59: 50 | D59: °F
B60: Air velocity over pool surface [v]: | C60: 1.5 | D60: m/s
B61: Relative Humidity [RH]: | C61: 0.6
B62: Radiation Losses [Qr]: | C62: 20 | D62: W/m2
B63: Outdoor Pool Heating Energy Assumptions
B64: Water replacement per day [Wr]: | C64: 0.05
B65: Replacement water temperature [Tfw]: | C65: 50 | D65: °F
B66: Air velocity over pool surface [v]: | C66: 2 or 4 | D66: m/s
B67: Radiation Losses (nighttime) [Qr]: | C67: 100 | D67: W/m2

Sheet Update Tracker
A1: Version | B1: Date | C1: Notes
A2: v25.1.0 | B2: 45817 | C2: Updated calculation to account for pool size. Previous calculator only accounted for a 1,000 sf pool. | D2: Web Link
A3: v26.1.0 | B3: 46268 | C3: ENERGY STAR | Portfolio Manager | Technical Reference | Swimming Pools and the ENERGY STAR Score in the United States and Canada | July 2013 calculation for total pumping energy. Energypump = Pp x tp Pp = 1/C x Hloss x m1 / ηp m1 = ρ x Ap x Ld x τ | D3: https://www.energystar.gov/buildings/tools-and-resources/energy-star-score-swimming-pools | E3: Terms: tp = pump run time (hours/year) | F3: Terms: Pp = pump energy consumption rate (Btu/hr) C = 778.28, conversion factor from ft.lb/lbm to Btu/hr HLoss = Head loss (ft.lb/lbm) m1 = Pool water circulation rate (lbm/hd) ηp = pump overall efficiency (%) | G3: Terms: ρ = 64.02 constant for pool water density (lbm/ft3) Ap = Area pool (ft.lb/lbm) Ld = Average pool depth (ft) τ = time required purging a pool (hours/day)
A4: v26.2.0 | B4: 46283 | C4: Updated the pool heating energy calculations based on a total heat loss model equation: Qtotal = Qevap + Qconv + Qrad + Qmakeup Qevap = A x (pw - pa) x 0.089 x v0.04 Qconv = hc x A x (Tw - Ta) Qrad = A x Qr Qmakeup = Wr x (V x p x cp x dT / 24 x 3600) | D4: https://www.enginist.co/en/guides/heating/understanding-pool-heating | E4: Terms: Qevap = Evaporation heat loss Qconv = Convection heat loss Qrad = Radiation heat loss Qmakeup = Fresh water makeup heat | F4: Terms: A = Pool surface area (m2) pw = vapor pressure at water temp (Pa) pa = vapor pressure at air temp (Pa) v = Air velocity over pool surface (m/s) 0.089 = Empirical constant | G4: Terms: hc = Convection coefficient (5.7 + 3.8v) Tw = Temperature of the water (C) Ta = Temperature of the air (C) | H4: Terms: Qr = simplified radiation (W/m2) | I4: Terms: Wr = Water replacement per day (%) V = volume of pool (m3) p = 1,000 cp = 4,186 dT = Tw - Tfw Tfw = Temperature of incoming water

Sheet Pool Calc (Outdoor)
B2: Select
B3: THERM
B4: kBTU
B5: kWh
B7: ="-Select-" -> -Select- | C7: 2018 | D7: 2021 | E7: 2024
B8: Electric | C8: 2.8 | D8: 1.8 | E8: 2
B9: Natural Gas | C9: 1.1 | D9: 1.1 | E9: 1.1
B10: Bio-Fuel | C10: 0.2 | D10: 0.2 | E10: 0.2
B11: row of data | C11: 2 | D11: 3 | E11: 4
B14: Site Energy | C14: 2018 | D14: 2021 | E14: 2024
B15: =B8 -> Electric | C15: =C22/Calculation!C24 -> #DIV/0! | D15: =C22/Calculation!C24 -> #DIV/0! | E15: =C22/Calculation!C24 -> #DIV/0!
B16: =B9 -> Natural Gas | C16: =C15*C9/C8 -> #DIV/0! | D16: =D15*D9/D8 -> #DIV/0! | E16: =E15*E9/E8 -> #DIV/0!
B17: =B10 -> Bio-Fuel | C17: =C16*C10/C8 -> #DIV/0! | D17: =D16*D10/D8 -> #DIV/0! | E17: =E16*E10/E8 -> #DIV/0!
B18: row of data | C18: 2 | D18: 3 | E18: 4
B20: Annual Energy Use | C20: =C22*3.41214 -> 0 | D20: kBtu/yr
C21: =C20*0.010002388 -> 0 | D21: THERM/yr
C22: =IFERROR(IF(Calculation!C14="Inside",'Indoor Pool Heating Calc'!B5,'Outdoor Pool Heating Calc'!B5),0) -> 0 | D22: kWh/yr

Sheet Outdoor Pool Heating Calc
A1: Pool Heating Calculator | Enginist | F1: Qevap | G1: =(1-VLOOKUP(Calculation!C13,'Outdoor Pool Heating Calc'!A34:B39,2,FALSE))*(G2*(G3-G4)*0.089*G5^0.4)/1000 -> #DIV/0! | H1: kW
A2: Qtotal | B2: =G1+G16+G23+G29 -> #DIV/0! | C2: kW | F2: A | G2: =CONVERT(Calculation!C10,"ft^2","m^2") -> 0
B3: =B2*24 -> #DIV/0! | C3: kWh | F3: pw | G3: =(10^(8.07131-1730.63/(233.426+G6)))*133.322 -> 148.24019 | H3: Antoine Equation
A4: Total Heating Energy Use | F4: pa | G4: =SUMPRODUCT('Vapor Pressure Calc'!AB2:AM2,'Vapor Pressure Calc'!AB4:AM4)/SUMIF('Vapor Pressure Calc'!AB2:AM2,">0",'Vapor Pressure Calc'!AB4:AM4) -> #DIV/0!
A5: Energy Use | B5: =MROUND(B3*SUMIF('Vapor Pressure Calc'!AB2:AM2,">0",'Vapor Pressure Calc'!AB4:AM4),5) -> #DIV/0! | C5: kWh/yr | F5: v (m/s) | G5: =VLOOKUP(Calculation!C20,'Outdoor Pool Heating Calc'!A41:B43,2,FALSE) -> 4
F6: Water Temp [C] | G6: =CONVERT(Calculation!C12,"F","C") -> -17.777778
F16: Qconv | G16: =(G17*G18*(G19-G20))/1000 -> #DIV/0! | H16: kW
F17: hc (W/m2K) | G17: =5.7+3.8*G5 -> 20.9
F18: A | G18: =G2 -> 0
F19: Tw | G19: =CONVERT(Calculation!C12,"F","C") -> -17.777778
F20: Ta | G20: =SUMPRODUCT('Vapor Pressure Calc'!D2:O2,'Vapor Pressure Calc'!AB4:AM4)/SUMIF('Vapor Pressure Calc'!AB2:AM2,">0",'Vapor Pressure Calc'!AB4:AM4) -> #DIV/0!
A22: =IF(Calculation!C14="Inside","","-Select-") -> -Select- | B22: 7 | C22: =A22 -> -Select- | D22: 6
A23: January | B23: 1 | C23: July | D23: 7 | F23: Qrad (nighttime) | G23: =G25*G24/1000 -> 0 | H23: kW
A24: February | B24: 2 | C24: August | D24: 8 | F24: A | G24: =G2 -> 0
A25: March | B25: 3 | C25: September | D25: 9 | F25: nighttime (clear sky) | G25: =Calculation!C67*12/24 -> 50 | H25: W/m2
A26: April | B26: 4 | C26: October | D26: 10
A27: May | B27: 5 | C27: November | D27: 11
A28: June | B28: 6 | C28: December | D28: 12
F29: Qmakeup | G29: =((G30*G31*G32*G33)/(24*3600))/1000 -> 0 | H29: kW
A30: ="-Select-" -> -Select- | F30: V | G30: =G2*CONVERT(Calculation!C11,"ft","m")*G34 -> 0
A31: Inside | F31: p | G31: 1000
A32: Outside | F32: cp | G32: 4186
F33: dT | G33: =G19-CONVERT(Calculation!C65,"F","C") -> -27.777778
A34: ="-Select-" -> -Select- | F34: % Replacement | G34: =Calculation!C64 -> 0.05 | H34: outdoors
A35: None | B35: 0
A36: Thermal Bubble | B36: 0.6
A37: Solar | B37: 0.7
A38: Solid Safety | B38: 0.8
A39: Automatic | B39: 0.85
A41: ="-Select-" -> -Select- | B41: 4
A42: Screened | B42: 2
A43: Unscreened | B43: 4

Sheet Indoor Pool Heating Calc
A1: Pool Heating Calculator | Enginist | F1: Qevap | G1: =(1-VLOOKUP(Calculation!C13,'Indoor Pool Heating Calc'!A22:B27,2,FALSE))*(G2*(G3-G4)*0.089*G5^0.4)/1000 -> 0 | H1: kW
A2: Qtotal | B2: =G1+G16+G23+G29 -> 0 | C2: kW | F2: A | G2: =CONVERT(Calculation!C10,"ft^2","m^2") -> 0
B3: =B2*24 -> 0 | C3: kWh | F3: pw | G3: =(10^(8.07131-1730.63/(233.426+G6)))*133.322 -> 148.24019 | H3: Antoine Equation
A4: Total Heating Energy Use | F4: pa | G4: =0.6*6.105*EXP(17.27*G20/(237.7+G20))*100 -> 102.90998
A5: Energy Use | B5: =MROUND(B3*365,5) -> 0 | C5: kWh/yr | F5: v (m/s) | G5: 1.5 | H5: indoors
F6: Water Temp [C] | G6: =CONVERT(Calculation!C12,"F","C") -> -17.777778
F16: Qconv | G16: =(G17*G18*(G19-G20))/1000 -> 0 | H16: kW
F17: hc (W/m2K) | G17: =5.7+3.8*G5 -> 11.4
F18: A | G18: =G2 -> 0
F19: Tw | G19: =CONVERT(Calculation!C12,"F","C") -> -17.777778
F20: Ta | G20: ='Indoor Pool Heating Calc'!G19+1.5 -> -16.277778
A22: ='Outdoor Pool Heating Calc'!A34 -> -Select-
A23: ='Outdoor Pool Heating Calc'!A35 -> None | B23: ='Outdoor Pool Heating Calc'!B35 -> 0 | F23: Qrad | G23: =G25*G24/1000 -> 0 | H23: kW
A24: ='Outdoor Pool Heating Calc'!A36 -> Thermal Bubble | B24: ='Outdoor Pool Heating Calc'!B36 -> 0.6 | F24: A | G24: =G2 -> 0
A25: ='Outdoor Pool Heating Calc'!A37 -> Solar | B25: ='Outdoor Pool Heating Calc'!B37 -> 0.7 | F25: indoors | G25: =Calculation!C62 -> 20 | H25: W/m2
A26: ='Outdoor Pool Heating Calc'!A38 -> Solid Safety | B26: ='Outdoor Pool Heating Calc'!B38 -> 0.8
A27: ='Outdoor Pool Heating Calc'!A39 -> Automatic | B27: ='Outdoor Pool Heating Calc'!B39 -> 0.85
F29: Qmakeup | G29: =((G30*G31*G32*G33)/(24*3600))/1000 -> 0 | H29: kW
F30: V | G30: =G2*CONVERT(Calculation!C11,"ft","m")*G34 -> 0
F31: p | G31: 1000
F32: cp | G32: 4186
F33: dT | G33: =G19-CONVERT(Calculation!C59,"F","C") -> -27.777778
F34: % Replacement | G34: =Calculation!C58 -> 0.02 | H34: indoors

Sheet Vapor Pressure Calc
C1: 1 | D1: 2 | E1: 3 | F1: 4 | G1: 5 | H1: 6 | I1: 7 | J1: 8 | K1: 9 | L1: 10 | M1: 11 | N1: 12 | O1: 13 | P1: 14 | Q1: 15 | R1: 16 | S1: 17 | T1: 18 | U1: 19 | V1: 20 | W1: 21 | X1: 22 | Y1: 23 | Z1: 24 | AA1: 25 | AB1: 26 | AC1: 27 | AD1: 28 | AE1: 29 | AF1: 30 | AG1: 31 | AH1: 32 | AI1: 33 | AJ1: 34 | AK1: 35 | AL1: 36 | AM1: 37
C2: Data for Calculations | D2: =IF(AB2>0,VLOOKUP($C3,$C5:$O1500,D1,FALSE),0) -> 0 | E2: =IF(AC2>0,VLOOKUP($C3,$C5:$O1500,E1,FALSE),0) -> 0 | F2: =IF(AD2>0,VLOOKUP($C3,$C5:$O1500,F1,FALSE),0) -> 0 | G2: =IF(AE2>0,VLOOKUP($C3,$C5:$O1500,G1,FALSE),0) -> 0 | H2: =IF(AF2>0,VLOOKUP($C3,$C5:$O1500,H1,FALSE),0) -> 0 | I2: =IF(AG2>0,VLOOKUP($C3,$C5:$O1500,I1,FALSE),0) -> 0 | J2: =IF(AH2>0,VLOOKUP($C3,$C5:$O1500,J1,FALSE),0) -> 0 | K2: =IF(AI2>0,VLOOKUP($C3,$C5:$O1500,K1,FALSE),0) -> 0 | ... O2: =IF(AM2>0,VLOOKUP($C3,$C5:$O1500,O1,FALSE),0) -> 0 | AB2: =IF('Vapor Pressure Calc'!AB3>=VLOOKUP(Calculation!$C18,'Outdoor Pool Heating Calc'!$A22:$B28,2,FALSE),VLOOKUP($C3,$C6:$AM1501,AB1,FALSE),0) -> 0 | AC2: =IF('Vapor Pressure Calc'!AC3>=VLOOKUP(Calculation!$C18,'Outdoor Pool Heating Calc'!$A22:$B28,2,FALSE),VLOOKUP($C3,$C6:$AM1501,AC1,FALSE),0) -> 0 | AD2: =IF('Vapor Pressure Calc'!AD3>=VLOOKUP(Calculation!$C18,'Outdoor Pool Heating Calc'!$A22:$B28,2,FALSE),VLOOKUP($C3,$C6:$AM1501,AD1,FALSE),0) -> 0 | AE2: =IF('Vapor Pressure Calc'!AE3>=VLOOKUP(Calculation!$C18,'Outdoor Pool Heating Calc'!$A22:$B28,2,FALSE),VLOOKUP($C3,$C6:$AM1501,AE1,FALSE),0) -> 0 | AF2: =IF('Vapor Pressure Calc'!AF3>=VLOOKUP(Calculation!$C18,'Outdoor Pool Heating Calc'!$A22:$B28,2,FALSE),VLOOKUP($C3,$C6:$AM1501,AF1,FALSE),0) -> 0 | AG2: =IF('Vapor Pressure Calc'!AG3>=VLOOKUP(Calculation!$C18,'Outdoor Pool Heating Calc'!$A22:$B28,2,FALSE),VLOOKUP($C3,$C6:$AM1501,AG1,FALSE),0) -> 0 | AH2: =IF('Vapor Pressure Calc'!AH3<=VLOOKUP(Calculation!$C19,'Outdoor Pool Heating Calc'!$C22:$D28,2,FALSE),VLOOKUP($C3,$C6:$AM1501,AH1,FALSE),0) -> 0 | AI2: =IF('Vapor Pressure Calc'!AI3<=VLOOKUP(Calculation!$C19,'Outdoor Pool Heating Calc'!$C22:$D28,2,FALSE),VLOOKUP($C3,$C6:$AM1501,AI1,FALSE),0) -> 0 | AJ2: =IF('Vapor Pressure Calc'!AJ3<=VLOOKUP(Calculation!$C19,'Outdoor Pool Heating Calc'!$C22:$D28,2,FALSE),VLOOKUP($C3,$C6:$AM1501,AJ1,FALSE),0) -> 0 | AK2: =IF('Vapor Pressure Calc'!AK3<=VLOOKUP(Calculation!$C19,'Outdoor Pool Heating Calc'!$C22:$D28,2,FALSE),VLOOKUP($C3,$C6:$AM1501,AK1,FALSE),0) -> 0 | AL2: =IF('Vapor Pressure Calc'!AL3<=VLOOKUP(Calculation!$C19,'Outdoor Pool Heating Calc'!$C22:$D28,2,FALSE),VLOOKUP($C3,$C6:$AM1501,AL1,FALSE),0) -> 0 | AM2: =IF('Vapor Pressure Calc'!AM3<=VLOOKUP(Calculation!$C19,'Outdoor Pool Heating Calc'!$C22:$D28,2,FALSE),VLOOKUP($C3,$C6:$AM1501,AM1,FALSE),0) -> 0
C3: =Calculation!C17 -> -Select- | AB3: 1 | AC3: 2 | AD3: 3 | AE3: 4 | AF3: 5 | AG3: 6 | AH3: 7 | AI3: 8 | AJ3: 9 | AK3: 10 | AL3: 11 | AM3: 12
A4: x | C4: Days per month | D4: 31 | E4: 28 | F4: 31 | G4: 30 | H4: 31 | I4: 30 | J4: 31 | K4: 31 | L4: 30 | M4: 31 | N4: 30 | O4: 31 | P4: 31 | Q4: 28 | R4: 31 | S4: 30 | T4: 31 | U4: 30 | V4: 31 | W4: 31 | X4: 30 | Y4: 31 | Z4: 30 | AA4: 31 | AB4: 31 | AC4: 28 | AD4: 31 | AE4: 30 | AF4: 31 | AG4: 30 | AH4: 31 | AI4: 31 | AJ4: 30 | AK4: 31 | AL4: 30 | AM4: 31
A5: x | D5: Phius Ambient Temperature (C) | P5: Phius Dewpoint Temperature (C) | AB5: Vapor Pressure (Pa) | AN5: RH (%)
A6: Country | B6: State | C6: City_WUFIp Data Set | D6: Jan | E6: Feb | F6: Mar | G6: Apr | H6: May | I6: Jun | J6: Jul | K6: Aug | L6: Sep | M6: Oct | N6: Nov | O6: Dec | P6: Jan | Q6: Feb | R6: Mar | S6: Apr | T6: May | U6: Jun | V6: Jul | W6: Aug | X6: Sep | Y6: Oct | Z6: Nov | AA6: Dec | AB6: Jan | AC6: Feb | AD6: Mar | AE6: Apr | AF6: May | AG6: Jun | AH6: Jul | AI6: Aug | AJ6: Sep | AK6: Oct | AL6: Nov | AM6: Dec | AN6: Jan | AO6: Feb | AP6: Mar | AQ6: Apr | AR6: May | AS6: Jun | AT6: Jul | AU6: Aug | AV6: Sep | AW6: Oct | AX6: Nov | AY6: Dec
A7: Canada | B7: AB | C7: CALGARY INT AP | D7: -6.22 | E7: -5.8 | F7: -2.28 | G7: 4 | H7: 9.72 | I7: 13.6 | J7: 17.6 | K7: 15.8 | L7: 11.28 | M7: 4.6 | N7: -0.61 | O7: -6.61 | P7: -12.722222 | Q7: -11.8 | R7: -9.2222222 | S7: -4.8 | T7: 0.22222222 | U7: 6.2 | V7: 9.2 | W7: 7.3 | X7: 2.7222222 | Y7: -3.1 | Z7: -8 | AA7: -12.388889 | AB7: =6.112*EXP(17.625*P7/(243.04+P7))*100*AN7 -> 138.54712 | AC7: =6.112*EXP(17.625*Q7/(243.04+Q7))*100*AO7 -> 155.63858 | AD7: =6.112*EXP(17.625*R7/(243.04+R7))*100*AP7 -> 179.82884 | AE7: =6.112*EXP(17.625*S7/(243.04+S7))*100*AQ7 -> 225.84234 | AF7: =6.112*EXP(17.625*T7/(243.04+T7))*100*AR7 -> 320.48904 | AG7: =6.112*EXP(17.625*U7/(243.04+U7))*100*AS7 -> 577.26231 | AH7: =6.112*EXP(17.625*V7/(243.04+V7))*100*AT7 -> 672.46981 | AI7: =6.112*EXP(17.625*W7/(243.04+W7))*100*AU7 -> 582.58123 | ... AM7: =6.112*EXP(17.625*AA7/(243.04+AA7))*100*AY7 -> 150.62659 | AN7: =(EXP((17.625*P7)/(243.04+P7))/EXP((17.625*D7)/(243.04+D7))) -> 0.60010573 | AO7: =(EXP((17.625*Q7)/(243.04+Q7))/EXP((17.625*E7)/(243.04+E7))) -> 0.62594205 | AP7: =(EXP((17.625*R7)/(243.04+R7))/EXP((17.625*F7)/(243.04+F7))) -> 0.58963304 | AQ7: =(EXP((17.625*S7)/(243.04+S7))/EXP((17.625*G7)/(243.04+G7))) -> 0.52703781 | AR7: =(EXP((17.625*T7)/(243.04+T7))/EXP((17.625*H7)/(243.04+H7))) -> 0.51598543 | AS7: =(EXP((17.625*U7)/(243.04+U7))/EXP((17.625*I7)/(243.04+I7))) -> 0.60922946 | AT7: =(EXP((17.625*V7)/(243.04+V7))/EXP((17.625*J7)/(243.04+J7))) -> 0.57850553 | AU7: =(EXP((17.625*W7)/(243.04+W7))/EXP((17.625*K7)/(243.04+K7))) -> 0.57012101 | ... AY7: =(EXP((17.625*AA7)/(243.04+AA7))/EXP((17.625*O7)/(243.04+O7))) -> 0.6351244
A8: Canada | B8: AB | C8: COP UPPER | D8: -5.39 | E8: -5 | F8: -1.89 | G8: 3.6 | H8: 9.22 | I8: 12.7 | J8: 17 | K8: 15.2 | L8: 11 | M8: 4.7 | N8: -0.22 | O8: -5.5 | P8: -12.777778 | Q8: -12 | R8: -9.3888889 | S8: -5.4 | T8: -1.1111111 | U8: 4.8 | V8: 7.5 | W8: 6 | X8: 1.8888889 | Y8: -3.7 | Z8: -8.6111111 | AA8: -12.222222 | AB8: =6.112*EXP(17.625*P8/(243.04+P8))*100*AN8 -> 128.9034 | AC8: =6.112*EXP(17.625*Q8/(243.04+Q8))*100*AO8 -> 141.85187 | AD8: =6.112*EXP(17.625*R8/(243.04+R8))*100*AP8 -> 170.22063 | AE8: =6.112*EXP(17.625*S8/(243.04+S8))*100*AQ8 -> 212.12276 | AF8: =6.112*EXP(17.625*T8/(243.04+T8))*100*AR8 -> 272.96522 | AG8: =6.112*EXP(17.625*U8/(243.04+U8))*100*AS8 -> 504.14735 | AH8: =6.112*EXP(17.625*V8/(243.04+V8))*100*AT8 -> 554.69498 | AI8: =6.112*EXP(17.625*W8/(243.04+W8))*100*AU8 -> 506.37542 | ... AM8: =6.112*EXP(17.625*AA8/(243.04+AA8))*100*AY8 -> 142.1612 | AN8: =(EXP((17.625*P8)/(243.04+P8))/EXP((17.625*D8)/(243.04+D8))) -> 0.56084577 | AO8: =(EXP((17.625*Q8)/(243.04+Q8))/EXP((17.625*E8)/(243.04+E8))) -> 0.57971712 | AP8: =(EXP((17.625*R8)/(243.04+R8))/EXP((17.625*F8)/(243.04+F8))) -> 0.56547064 | AQ8: =(EXP((17.625*S8)/(243.04+S8))/EXP((17.625*G8)/(243.04+G8))) -> 0.51801126 | AR8: =(EXP((17.625*T8)/(243.04+T8))/EXP((17.625*H8)/(243.04+H8))) -> 0.48426006 | AS8: =(EXP((17.625*U8)/(243.04+U8))/EXP((17.625*I8)/(243.04+I8))) -> 0.586311 | AT8: =(EXP((17.625*V8)/(243.04+V8))/EXP((17.625*J8)/(243.04+J8))) -> 0.53546689 | AU8: =(EXP((17.625*W8)/(243.04+W8))/EXP((17.625*K8)/(243.04+K8))) -> 0.54184436 | ... AY8: =(EXP((17.625*AA8)/(243.04+AA8))/EXP((17.625*O8)/(243.04+O8))) -> 0.59144492
A9: Canada | B9: AB | C9: EDMONTON AP | D9: -11.22 | E9: -9.9 | F9: -5.78 | G9: 3.4 | H9: 10.11 | I9: 14.3 | J9: 16.9 | K9: 14.9 | L9: 10.22 | M9: 3.1 | N9: -3.5 | O9: -11.22 | P9: -15.277778 | Q9: -14.1 | R9: -10.277778 | S9: -4.1 | T9: 0.27777778 | U9: 6.9 | V9: 10.8 | W9: 9.3 | X9: 4.1111111 | Y9: -2.4 | Z9: -7.8888889 | AA9: -15 | AB9: =6.112*EXP(17.625*P9/(243.04+P9))*100*AN9 -> 134.82489 | AC9: =6.112*EXP(17.625*Q9/(243.04+Q9))*100*AO9 -> 147.35789 | AD9: =6.112*EXP(17.625*R9/(243.04+R9))*100*AP9 -> 198.00786 | AE9: =6.112*EXP(17.625*S9/(243.04+S9))*100*AQ9 -> 261.75335 | AF9: =6.112*EXP(17.625*T9/(243.04+T9))*100*AR9 -> 314.75058 | AG9: =6.112*EXP(17.625*U9/(243.04+U9))*100*AS9 -> 607.38498 | AH9: =6.112*EXP(17.625*V9/(243.04+V9))*100*AT9 -> 870.70082 | AI9: =6.112*EXP(17.625*W9/(243.04+W9))*100*AU9 -> 809.52658 | ... AM9: =6.112*EXP(17.625*AA9/(243.04+AA9))*100*AY9 -> 141.14608 | AN9: =(EXP((17.625*P9)/(243.04+P9))/EXP((17.625*D9)/(243.04+D9))) -> 0.71949762 | AO9: =(EXP((17.625*Q9)/(243.04+Q9))/EXP((17.625*E9)/(243.04+E9))) -> 0.7138602 | AP9: =(EXP((17.625*R9)/(243.04+R9))/EXP((17.625*F9)/(243.04+F9))) -> 0.70548244 | AQ9: =(EXP((17.625*S9)/(243.04+S9))/EXP((17.625*G9)/(243.04+G9))) -> 0.57949855 | AR9: =(EXP((17.625*T9)/(243.04+T9))/EXP((17.625*H9)/(243.04+H9))) -> 0.50471322 | AS9: =(EXP((17.625*U9)/(243.04+U9))/EXP((17.625*I9)/(243.04+I9))) -> 0.61089622 | AT9: =(EXP((17.625*V9)/(243.04+V9))/EXP((17.625*J9)/(243.04+J9))) -> 0.67300157 | AU9: =(EXP((17.625*W9)/(243.04+W9))/EXP((17.625*K9)/(243.04+K9))) -> 0.69174032 | ... AY9: =(EXP((17.625*AA9)/(243.04+AA9))/EXP((17.625*O9)/(243.04+O9))) -> 0.73617106
A10: Canada | B10: AB | C10: EDMONTON MUN AP | D10: -10.22 | E10: -7.6 | F10: -3.72 | G10: 4.8 | H10: 11.22 | I10: 15.8 | J10: 18.8 | K10: 16.8 | L10: 11.89 | M10: 4.7 | N10: -1.89 | O10: -10.72 | P10: -14.722222 | Q10: -13 | R10: -10.222222 | S10: -4.7 | T10: 0.38888889 | U10: 7.2 | V10: 11 | W10: 9.5 | X10: 4.6111111 | Y10: -2.2 | Z10: -7.7222222 | AA10: -14.777778 | AB10: =6.112*EXP(17.625*P10/(243.04+P10))*100*AN10 -> 136.47429 | AC10: =6.112*EXP(17.625*Q10/(243.04+Q10))*100*AO10 -> 147.27685 | AD10: =6.112*EXP(17.625*R10/(243.04+R10))*100*AP10 -> 171.00325 | AE10: =6.112*EXP(17.625*S10/(243.04+S10))*100*AQ10 -> 216.79551 | AF10: =6.112*EXP(17.625*T10/(243.04+T10))*100*AR10 -> 297.07384 | AG10: =6.112*EXP(17.625*U10/(243.04+U10))*100*AS10 -> 574.66824 | AH10: =6.112*EXP(17.625*V10/(243.04+V10))*100*AT10 -> 793.3712 | AI10: =6.112*EXP(17.625*W10/(243.04+W10))*100*AU10 -> 736.49643 | ... AM10: =6.112*EXP(17.625*AA10/(243.04+AA10))*100*AY10 -> 140.69599 | AN10: =(EXP((17.625*P10)/(243.04+P10))/EXP((17.625*D10)/(243.04+D10))) -> 0.69572178 | AO10: =(EXP((17.625*Q10)/(243.04+Q10))/EXP((17.625*E10)/(243.04+E10))) -> 0.65240635 | AP10: =(EXP((17.625*R10)/(243.04+R10))/EXP((17.625*F10)/(243.04+F10))) -> 0.60659801 | AQ10: =(EXP((17.625*S10)/(243.04+S10))/EXP((17.625*G10)/(243.04+G10))) -> 0.50212335 | AR10: =(EXP((17.625*T10)/(243.04+T10))/EXP((17.625*H10)/(243.04+H10))) -> 0.47255541 | AS10: =(EXP((17.625*U10)/(243.04+U10))/EXP((17.625*I10)/(243.04+I10))) -> 0.5662359 | AT10: =(EXP((17.625*V10)/(243.04+V10))/EXP((17.625*J10)/(243.04+J10))) -> 0.6051371 | AU10: =(EXP((17.625*W10)/(243.04+W10))/EXP((17.625*K10)/(243.04+K10))) -> 0.62093204 | ... AY10: =(EXP((17.625*AA10)/(243.04+AA10))/EXP((17.625*O10)/(243.04+O10))) -> 0.72052584
A11: Canada | B11: AB | C11: EDMONTON NAMAO | D11: -10.72 | E11: -9.1 | F11: -5.22 | G11: 3.7 | H11: 10.28 | I11: 14.6 | J11: 17.4 | K11: 15.3 | L11: 10.72 | M11: 3.6 | N11: -3.11 | O11: -11 | P11: -15 | Q11: -13.5 | R11: -10.388889 | S11: -4.7 | T11: 0 | U11: 7.1 | V11: 11.2 | W11: 9.7 | X11: 4.7222222 | Y11: -2 | Z11: -7.6111111 | AA11: -14.722222 | AB11: =6.112*EXP(17.625*P11/(243.04+P11))*100*AN11 -> 135.64306 | AC11: =6.112*EXP(17.625*Q11/(243.04+Q11))*100*AO11 -> 152.60435 | AD11: =6.112*EXP(17.625*R11/(243.04+R11))*100*AP11 -> 186.45975 | AE11: =6.112*EXP(17.625*S11/(243.04+S11))*100*AQ11 -> 234.16064 | AF11: =6.112*EXP(17.625*T11/(243.04+T11))*100*AR11 -> 298.92199 | AG11: =6.112*EXP(17.625*U11/(243.04+U11))*100*AS11 -> 612.27809 | AH11: =6.112*EXP(17.625*V11/(243.04+V11))*100*AT11 -> 889.59044 | AI11: =6.112*EXP(17.625*W11/(243.04+W11))*100*AU11 -> 832.52966 | ... AM11: =6.112*EXP(17.625*AA11/(243.04+AA11))*100*AY11 -> 145.18129 | AN11: =(EXP((17.625*P11)/(243.04+P11))/EXP((17.625*D11)/(243.04+D11))) -> 0.70746913 | AO11: =(EXP((17.625*Q11)/(243.04+Q11))/EXP((17.625*E11)/(243.04+E11))) -> 0.70398968 | AP11: =(EXP((17.625*R11)/(243.04+R11))/EXP((17.625*F11)/(243.04+F11))) -> 0.67020237 | AQ11: =(EXP((17.625*S11)/(243.04+S11))/EXP((17.625*G11)/(243.04+G11))) -> 0.542343 | AR11: =(EXP((17.625*T11)/(243.04+T11))/EXP((17.625*H11)/(243.04+H11))) -> 0.48907394 | AS11: =(EXP((17.625*U11)/(243.04+U11))/EXP((17.625*I11)/(243.04+I11))) -> 0.60743657 | AT11: =(EXP((17.625*V11)/(243.04+V11))/EXP((17.625*J11)/(243.04+J11))) -> 0.6695866 | AU11: =(EXP((17.625*W11)/(243.04+W11))/EXP((17.625*K11)/(243.04+K11))) -> 0.69253836 | ... AY11: =(EXP((17.625*AA11)/(243.04+AA11))/EXP((17.625*O11)/(243.04+O11))) -> 0.7401085
A12: Canada | B12: AB | C12: FORT MCMURRAY AP | D12: -16.5 | E12: -14 | F12: -7.5 | G12: 2.8 | H12: 9.28 | I12: 14.9 | J12: 17.7 | K12: 15 | L12: 9.89 | M12: 2.5 | N12: -6.22 | O12: -16 | P12: -20.222222 | Q12: -18.4 | R12: -13.888889 | S12: -6.6 | T12: -0.72222222 | U12: 6.6 | V12: 10.8 | W12: 9.6 | X12: 5.1111111 | Y12: -2.7 | Z12: -9.6111111 | AA12: -19.277778 | AB12: =6.112*EXP(17.625*P12/(243.04+P12))*100*AN12 -> 90.013686 | AC12: =6.112*EXP(17.625*Q12/(243.04+Q12))*100*AO12 -> 100.02905 | AD12: =6.112*EXP(17.625*R12/(243.04+R12))*100*AP12 -> 126.48529 | AE12: =6.112*EXP(17.625*S12/(243.04+S12))*100*AQ12 -> 186.9261 | AF12: =6.112*EXP(17.625*T12/(243.04+T12))*100*AR12 -> 287.76322 | AG12: =6.112*EXP(17.625*U12/(243.04+U12))*100*AS12 -> 560.73676 | AH12: =6.112*EXP(17.625*V12/(243.04+V12))*100*AT12 -> 827.77169 | AI12: =6.112*EXP(17.625*W12/(243.04+W12))*100*AU12 -> 837.42284 | ... AM12: =6.112*EXP(17.625*AA12/(243.04+AA12))*100*AY12 -> 101.55538 | AN12: =(EXP((17.625*P12)/(243.04+P12))/EXP((17.625*D12)/(243.04+D12))) -> 0.72915102 | AO12: =(EXP((17.625*Q12)/(243.04+Q12))/EXP((17.625*E12)/(243.04+E12))) -> 0.69328062 | AP12: =(EXP((17.625*R12)/(243.04+R12))/EXP((17.625*F12)/(243.04+F12))) -> 0.60227332 | AQ12: =(EXP((17.625*S12)/(243.04+S12))/EXP((17.625*G12)/(243.04+G12))) -> 0.50021083 | AR12: =(EXP((17.625*T12)/(243.04+T12))/EXP((17.625*H12)/(243.04+H12))) -> 0.49621035 | AS12: =(EXP((17.625*U12)/(243.04+U12))/EXP((17.625*I12)/(243.04+I12))) -> 0.57571434 | AT12: =(EXP((17.625*V12)/(243.04+V12))/EXP((17.625*J12)/(243.04+J12))) -> 0.63981982 | AU12: =(EXP((17.625*W12)/(243.04+W12))/EXP((17.625*K12)/(243.04+K12))) -> 0.70129772 | ... AY12: =(EXP((17.625*AA12)/(243.04+AA12))/EXP((17.625*O12)/(243.04+O12))) -> 0.75852916
A13: Canada | B13: AB | C13: GRAND PRAIRIE | D13: -12.5 | E13: -10.1 | F13: -6.22 | G13: 3.2 | H13: 9.78 | I13: 14.8 | J13: 16.9 | K13: 15 | L13: 10.39 | M13: 3.4 | N13: -4.28 | O13: -11.72 | P13: -16.388889 | Q13: -14.5 | R13: -11.5 | S13: -4.9 | T13: 0 | U13: 5.7 | V13: 9 | W13: 8.1 | X13: 4.1111111 | Y13: -1.9 | Z13: -8.1111111 | AA13: -15.111111 | AB13: =6.112*EXP(17.625*P13/(243.04+P13))*100*AN13 -> 124.23474 | AC13: =6.112*EXP(17.625*Q13/(243.04+Q13))*100*AO13 -> 140.21035 | AD13: =6.112*EXP(17.625*R13/(243.04+R13))*100*AP13 -> 168.60551 | AE13: =6.112*EXP(17.625*S13/(243.04+S13))*100*AQ13 -> 235.34929 | AF13: =6.112*EXP(17.625*T13/(243.04+T13))*100*AR13 -> 309.08766 | AG13: =6.112*EXP(17.625*U13/(243.04+U13))*100*AS13 -> 498.45908 | AH13: =6.112*EXP(17.625*V13/(243.04+V13))*100*AT13 -> 684.2091 | AI13: =6.112*EXP(17.625*W13/(243.04+W13))*100*AU13 -> 683.88477 | ... AM13: =6.112*EXP(17.625*AA13/(243.04+AA13))*100*AY13 -> 144.23181 | AN13: =(EXP((17.625*P13)/(243.04+P13))/EXP((17.625*D13)/(243.04+D13))) -> 0.72701562 | AO13: =(EXP((17.625*Q13)/(243.04+Q13))/EXP((17.625*E13)/(243.04+E13))) -> 0.70184636 | AP13: =(EXP((17.625*R13)/(243.04+R13))/EXP((17.625*F13)/(243.04+F13))) -> 0.66201052 | AQ13: =(EXP((17.625*S13)/(243.04+S13))/EXP((17.625*G13)/(243.04+G13))) -> 0.5533862 | AR13: =(EXP((17.625*T13)/(243.04+T13))/EXP((17.625*H13)/(243.04+H13))) -> 0.50570625 | AS13: =(EXP((17.625*U13)/(243.04+U13))/EXP((17.625*I13)/(243.04+I13))) -> 0.54455392 | AT13: =(EXP((17.625*V13)/(243.04+V13))/EXP((17.625*J13)/(243.04+J13))) -> 0.59659007 | AU13: =(EXP((17.625*W13)/(243.04+W13))/EXP((17.625*K13)/(243.04+K13))) -> 0.63375513 | ... AY13: =(EXP((17.625*AA13)/(243.04+AA13))/EXP((17.625*O13)/(243.04+O13))) -> 0.75918533
A14: Canada | B14: AB | C14: LACOMBE | D14: -10.72 | E14: -9 | F14: -4.39 | G14: 3.4 | H14: 9.61 | I14: 13.7 | J14: 16.8 | K14: 14.6 | L14: 10.11 | M14: 3.6 | N14: -3.28 | O14: -10.72 | P14: -13.888889 | Q14: -12.6 | R14: -8.7777778 | S14: -3.2 | T14: 1.2777778 | U14: 7.5 | V14: 11.2 | W14: 9.5 | X14: 4.7777778 | Y14: -1.5 | Z14: -7.2222222 | AA14: -13.722222 | AB14: =6.112*EXP(17.625*P14/(243.04+P14))*100*AN14 -> 162.74595 | AC14: =6.112*EXP(17.625*Q14/(243.04+Q14))*100*AO14 -> 175.17636 | AD14: =6.112*EXP(17.625*R14/(243.04+R14))*100*AP14 -> 225.61392 | AE14: =6.112*EXP(17.625*S14/(243.04+S14))*100*AQ14 -> 299.45018 | AF14: =6.112*EXP(17.625*T14/(243.04+T14))*100*AR14 -> 375.92226 | AG14: =6.112*EXP(17.625*U14/(243.04+U14))*100*AS14 -> 685.5015 | AH14: =6.112*EXP(17.625*V14/(243.04+V14))*100*AT14 -> 924.02605 | AI14: =6.112*EXP(17.625*W14/(243.04+W14))*100*AU14 -> 847.82516 | ... AM14: =6.112*EXP(17.625*AA14/(243.04+AA14))*100*AY14 -> 167.22875 | AN14: =(EXP((17.625*P14)/(243.04+P14))/EXP((17.625*D14)/(243.04+D14))) -> 0.77493236 | AO14: =(EXP((17.625*Q14)/(243.04+Q14))/EXP((17.625*E14)/(243.04+E14))) -> 0.75131436 | AP14: =(EXP((17.625*R14)/(243.04+R14))/EXP((17.625*F14)/(243.04+F14))) -> 0.71448567 | AQ14: =(EXP((17.625*S14)/(243.04+S14))/EXP((17.625*G14)/(243.04+G14))) -> 0.61982419 | AR14: =(EXP((17.625*T14)/(243.04+T14))/EXP((17.625*H14)/(243.04+H14))) -> 0.56089569 | AS14: =(EXP((17.625*U14)/(243.04+U14))/EXP((17.625*I14)/(243.04+I14))) -> 0.6617391 | AT14: =(EXP((17.625*V14)/(243.04+V14))/EXP((17.625*J14)/(243.04+J14))) -> 0.69550596 | AU14: =(EXP((17.625*W14)/(243.04+W14))/EXP((17.625*K14)/(243.04+K14))) -> 0.71479207 | ... AY14: =(EXP((17.625*AA14)/(243.04+AA14))/EXP((17.625*O14)/(243.04+O14))) -> 0.78553254
A15: Canada | B15: AB | C15: LETHBRIDGE | D15: -4.61 | E15: -4 | F15: 0.11 | G15: 5.8 | H15: 10.28 | I15: 12.7 | J15: 19.2 | K15: 18.1 | L15: 13.61 | M15: 6.9 | N15: 1.61 | O15: -4.78 | P15: -11 | Q15: -10.1 | R15: -7.2777778 | S15: -3.4 | T15: 0.22222222 | U15: 4.3 | V15: 8.8 | W15: 7.3 | X15: 3.7777778 | Y15: -1.6 | Z15: -6.5 | AA15: -10.722222 | AB15: =6.112*EXP(17.625*P15/(243.04+P15))*100*AN15 -> 161.60454 | AC15: =6.112*EXP(17.625*Q15/(243.04+Q15))*100*AO15 -> 178.03071 | AD15: =6.112*EXP(17.625*R15/(243.04+R15))*100*AP15 -> 204.24361 | AE15: =6.112*EXP(17.625*S15/(243.04+S15))*100*AQ15 -> 245.79378 | AF15: =6.112*EXP(17.625*T15/(243.04+T15))*100*AR15 -> 308.70429 | AG15: =6.112*EXP(17.625*U15/(243.04+U15))*100*AS15 -> 470.12118 | AH15: =6.112*EXP(17.625*V15/(243.04+V15))*100*AT15 -> 576.36301 | AI15: =6.112*EXP(17.625*W15/(243.04+W15))*100*AU15 -> 503.56432 | ... AM15: =6.112*EXP(17.625*AA15/(243.04+AA15))*100*AY15 -> 171.07751 | AN15: =(EXP((17.625*P15)/(243.04+P15))/EXP((17.625*D15)/(243.04+D15))) -> 0.60972458 | AO15: =(EXP((17.625*Q15)/(243.04+Q15))/EXP((17.625*E15)/(243.04+E15))) -> 0.62545918 | AP15: =(EXP((17.625*R15)/(243.04+R15))/EXP((17.625*F15)/(243.04+F15))) -> 0.57577281 | AQ15: =(EXP((17.625*S15)/(243.04+S15))/EXP((17.625*G15)/(243.04+G15))) -> 0.51640252 | AR15: =(EXP((17.625*T15)/(243.04+T15))/EXP((17.625*H15)/(243.04+H15))) -> 0.49701206 | AS15: =(EXP((17.625*U15)/(243.04+U15))/EXP((17.625*I15)/(243.04+I15))) -> 0.56617959 | AT15: =(EXP((17.625*V15)/(243.04+V15))/EXP((17.625*J15)/(243.04+J15))) -> 0.50938367 | AU15: =(EXP((17.625*W15)/(243.04+W15))/EXP((17.625*K15)/(243.04+K15))) -> 0.49279411 | ... AY15: =(EXP((17.625*AA15)/(243.04+AA15))/EXP((17.625*O15)/(243.04+O15))) -> 0.63137434
A16: Canada | B16: AB | C16: MEDICINE AP | D16: -7.39 | E16: -6.6 | F16: -0.78 | G16: 6.4 | H16: 12.22 | I16: 16.3 | J16: 21.4 | K16: 19.3 | L16: 13.78 | M16: 6.3 | N16: -0.11 | O16: -7.39 | P16: -12 | Q16: -11.3 | R16: -7.7222222 | S16: -3.2 | T16: 1.7777778 | U16: 7.8 | V16: 10 | W16: 8.3 | X16: 4.6111111 | Y16: -1.1 | Z16: -6.3888889 | AA16: -12.111111 | AB16: =6.112*EXP(17.625*P16/(243.04+P16))*100*AN16 -> 170.25437 | AC16: =6.112*EXP(17.625*Q16/(243.04+Q16))*100*AO16 -> 179.21122 | AD16: =6.112*EXP(17.625*R16/(243.04+R16))*100*AP16 -> 203.44629 | AE16: =6.112*EXP(17.625*S16/(243.04+S16))*100*AQ16 -> 242.96022 | AF16: =6.112*EXP(17.625*T16/(243.04+T16))*100*AR16 -> 339.55624 | AG16: =6.112*EXP(17.625*U16/(243.04+U16))*100*AS16 -> 604.12271 | AH16: =6.112*EXP(17.625*V16/(243.04+V16))*100*AT16 -> 591.20843 | AI16: =6.112*EXP(17.625*W16/(243.04+W16))*100*AU16 -> 535.30538 | ... AM16: =6.112*EXP(17.625*AA16/(243.04+AA16))*100*AY16 -> 167.24373 | AN16: =(EXP((17.625*P16)/(243.04+P16))/EXP((17.625*D16)/(243.04+D16))) -> 0.69579187 | AO16: =(EXP((17.625*Q16)/(243.04+Q16))/EXP((17.625*E16)/(243.04+E16))) -> 0.69250701 | AP16: =(EXP((17.625*R16)/(243.04+R16))/EXP((17.625*F16)/(243.04+F16))) -> 0.59354772 | AQ16: =(EXP((17.625*S16)/(243.04+S16))/EXP((17.625*G16)/(243.04+G16))) -> 0.50289709 | AR16: =(EXP((17.625*T16)/(243.04+T16))/EXP((17.625*H16)/(243.04+H16))) -> 0.48881509 | AS16: =(EXP((17.625*U16)/(243.04+U16))/EXP((17.625*I16)/(243.04+I16))) -> 0.57137736 | AT16: =(EXP((17.625*V16)/(243.04+V16))/EXP((17.625*J16)/(243.04+J16))) -> 0.48201223 | AU16: =(EXP((17.625*W16)/(243.04+W16))/EXP((17.625*K16)/(243.04+K16))) -> 0.48937943 | ... AY16: =(EXP((17.625*AA16)/(243.04+AA16))/EXP((17.625*O16)/(243.04+O16))) -> 0.68961252
A17: Canada | B17: AB | C17: RED DEER AP | D17: -10.39 | E17: -9.3 | F17: -4.61 | G17: 3.5 | H17: 9.72 | I17: 13.9 | J17: 17.1 | K17: 15 | L17: 10.28 | M17: 3.4 | N17: -3.11 | O17: -10.39 | P17: -15 | Q17: -14.1 | R17: -9.8888889 | S17: -4.1 | T17: 0.27777778 | U17: 6.7 | V17: 10.2 | W17: 8.6 | X17: 3.8888889 | Y17: -2.6 | Z17: -8.3888889 | AA17: -14.722222 | AB17: =6.112*EXP(17.625*P17/(243.04+P17))*100*AN17 -> 132.1415 | AC17: =6.112*EXP(17.625*Q17/(243.04+Q17))*100*AO17 -> 140.56929 | AD17: =6.112*EXP(17.625*R17/(243.04+R17))*100*AP17 -> 192.69414 | AE17: =6.112*EXP(17.625*S17/(243.04+S17))*100*AQ17 -> 259.9144 | AF17: =6.112*EXP(17.625*T17/(243.04+T17))*100*AR17 -> 323.07652 | AG17: =6.112*EXP(17.625*U17/(243.04+U17))*100*AS17 -> 606.45249 | AH17: =6.112*EXP(17.625*V17/(243.04+V17))*100*AT17 -> 793.66764 | AI17: =6.112*EXP(17.625*W17/(243.04+W17))*100*AU17 -> 731.84663 | ... AM17: =6.112*EXP(17.625*AA17/(243.04+AA17))*100*AY17 -> 138.32146 | AN17: =(EXP((17.625*P17)/(243.04+P17))/EXP((17.625*D17)/(243.04+D17))) -> 0.68920614 | AO17: =(EXP((17.625*Q17)/(243.04+Q17))/EXP((17.625*E17)/(243.04+E17))) -> 0.6809735 | AP17: =(EXP((17.625*R17)/(243.04+R17))/EXP((17.625*F17)/(243.04+F17))) -> 0.665796 | AQ17: =(EXP((17.625*S17)/(243.04+S17))/EXP((17.625*G17)/(243.04+G17))) -> 0.57542727 | AR17: =(EXP((17.625*T17)/(243.04+T17))/EXP((17.625*H17)/(243.04+H17))) -> 0.51806416 | AS17: =(EXP((17.625*U17)/(243.04+U17))/EXP((17.625*I17)/(243.04+I17))) -> 0.61838774 | AT17: =(EXP((17.625*V17)/(243.04+V17))/EXP((17.625*J17)/(243.04+J17))) -> 0.63848369 | AU17: =(EXP((17.625*W17)/(243.04+W17))/EXP((17.625*K17)/(243.04+K17))) -> 0.65560168 | ... AY17: =(EXP((17.625*AA17)/(243.04+AA17))/EXP((17.625*O17)/(243.04+O17))) -> 0.7051383
A18: Canada | B18: AB | C18: SPRINGBANK | D18: -5.78 | E18: -5.3 | F18: -2 | G18: 3.7 | H18: 9.28 | I18: 13 | J18: 17.2 | K18: 15.3 | L18: 11 | M18: 4.7 | N18: -0.28 | O18: -6 | P18: -12.777778 | Q18: -12 | R18: -9.2222222 | S18: -5.1 | T18: -0.72222222 | U18: 5.3 | V18: 8 | W18: 6.6 | X18: 2.2777778 | Y18: -3.4 | Z18: -8.2777778 | AA18: -12.277778 | AB18: =6.112*EXP(17.625*P18/(243.04+P18))*100*AN18 -> 132.77976 | AC18: =6.112*EXP(17.625*Q18/(243.04+Q18))*100*AO18 -> 145.10987 | AD18: =6.112*EXP(17.625*R18/(243.04+R18))*100*AP18 -> 176.15034 | AE18: =6.112*EXP(17.625*S18/(243.04+S18))*100*AQ18 -> 220.43 | AF18: =6.112*EXP(17.625*T18/(243.04+T18))*100*AR18 -> 287.76322 | AG18: =6.112*EXP(17.625*U18/(243.04+U18))*100*AS18 -> 529.98027 | AH18: =6.112*EXP(17.625*V18/(243.04+V18))*100*AT18 -> 586.31954 | AI18: =6.112*EXP(17.625*W18/(243.04+W18))*100*AU18 -> 546.5022 | ... AM18: =6.112*EXP(17.625*AA18/(243.04+AA18))*100*AY18 -> 146.35921 | AN18: =(EXP((17.625*P18)/(243.04+P18))/EXP((17.625*D18)/(243.04+D18))) -> 0.57771139 | AO18: =(EXP((17.625*Q18)/(243.04+Q18))/EXP((17.625*E18)/(243.04+E18))) -> 0.59303185 | AP18: =(EXP((17.625*R18)/(243.04+R18))/EXP((17.625*F18)/(243.04+F18))) -> 0.57757177 | AQ18: =(EXP((17.625*S18)/(243.04+S18))/EXP((17.625*G18)/(243.04+G18))) -> 0.52620193 | AR18: =(EXP((17.625*T18)/(243.04+T18))/EXP((17.625*H18)/(243.04+H18))) -> 0.49621035 | AS18: =(EXP((17.625*U18)/(243.04+U18))/EXP((17.625*I18)/(243.04+I18))) -> 0.59527483 | AT18: =(EXP((17.625*V18)/(243.04+V18))/EXP((17.625*J18)/(243.04+J18))) -> 0.54704578 | AU18: =(EXP((17.625*W18)/(243.04+W18))/EXP((17.625*K18)/(243.04+K18))) -> 0.56109957 | ... AY18: =(EXP((17.625*AA18)/(243.04+AA18))/EXP((17.625*O18)/(243.04+O18))) -> 0.61163687
... A91: Canada | B91: BC | C91: ABBOTSFORD AP | D91: 3.61 | E91: 4.8 | F91: 6.5 | G91: 9.5 | H91: 13 | I91: 16 | J91: 18.6 | K91: 18.1 | L91: 15 | M91: 10.5 | N91: 6.22 | O91: 3.28 | P91: 0.22222222 | Q91: 0.1 | R91: 1.8888889 | S91: 3.6 | T91: 6.7777778 | U91: 9.5 | V91: 11.7 | W91: 11.7 | X91: 9.8888889 | Y91: 6.4 | Z91: 3 | AA91: -0.27777778 | AB91: =6.112*EXP(17.625*P91/(243.04+P91))*100*AN91 -> 487.68209 | AC91: =6.112*EXP(17.625*Q91/(243.04+Q91))*100*AO91 -> 440.79186 | AD91: =6.112*EXP(17.625*R91/(243.04+R91))*100*AP91 -> 506.83075 | AE91: =6.112*EXP(17.625*S91/(243.04+S91))*100*AQ91 -> 526.85509 | AF91: =6.112*EXP(17.625*T91/(243.04+T91))*100*AR91 -> 649.95835 | AG91: =6.112*EXP(17.625*U91/(243.04+U91))*100*AS91 -> 774.9642 | AH91: =6.112*EXP(17.625*V91/(243.04+V91))*100*AT91 -> 881.35971 | AI91: =6.112*EXP(17.625*W91/(243.04+W91))*100*AU91 -> 909.4255 | ... AM91: =6.112*EXP(17.625*AA91/(243.04+AA91))*100*AY91 -> 464.23697 | AN91: =(EXP((17.625*P91)/(243.04+P91))/EXP((17.625*D91)/(243.04+D91))) -> 0.78516524 | AO91: =(EXP((17.625*Q91)/(243.04+Q91))/EXP((17.625*E91)/(243.04+E91))) -> 0.71598193 | AP91: =(EXP((17.625*R91)/(243.04+R91))/EXP((17.625*F91)/(243.04+F91))) -> 0.72385012 | AQ91: =(EXP((17.625*S91)/(243.04+S91))/EXP((17.625*G91)/(243.04+G91))) -> 0.66647261 | AR91: =(EXP((17.625*T91)/(243.04+T91))/EXP((17.625*H91)/(243.04+H91))) -> 0.65922009 | AS91: =(EXP((17.625*U91)/(243.04+U91))/EXP((17.625*I91)/(243.04+I91))) -> 0.6533638 | AT91: =(EXP((17.625*V91)/(243.04+V91))/EXP((17.625*J91)/(243.04+J91))) -> 0.64181175 | AU91: =(EXP((17.625*W91)/(243.04+W91))/EXP((17.625*K91)/(243.04+K91))) -> 0.66224944 | ... AY91: =(EXP((17.625*AA91)/(243.04+AA91))/EXP((17.625*O91)/(243.04+O91))) -> 0.77502352
A92: Colombia | B92: COL | C92: BARRANQUILLA | D92: #VALUE! | E92: #VALUE! | F92: #VALUE! | G92: #VALUE! | H92: #VALUE! | I92: #VALUE! | J92: #VALUE! | K92: #VALUE! | L92: #VALUE! | M92: #VALUE! | N92: #VALUE! | O92: #VALUE! | P92: #VALUE! | Q92: #VALUE! | R92: #VALUE! | S92: #VALUE! | T92: #VALUE! | U92: #VALUE! | V92: #VALUE! | W92: #VALUE! | X92: #VALUE! | Y92: #VALUE! | Z92: #VALUE! | AA92: #VALUE! | AB92: =6.112*EXP(17.625*P92/(243.04+P92))*100*AN92 -> #VALUE! | AC92: =6.112*EXP(17.625*Q92/(243.04+Q92))*100*AO92 -> #VALUE! | AD92: =6.112*EXP(17.625*R92/(243.04+R92))*100*AP92 -> #VALUE! | AE92: =6.112*EXP(17.625*S92/(243.04+S92))*100*AQ92 -> #VALUE! | AF92: =6.112*EXP(17.625*T92/(243.04+T92))*100*AR92 -> #VALUE! | AG92: =6.112*EXP(17.625*U92/(243.04+U92))*100*AS92 -> #VALUE! | AH92: =6.112*EXP(17.625*V92/(243.04+V92))*100*AT92 -> #VALUE! | AI92: =6.112*EXP(17.625*W92/(243.04+W92))*100*AU92 -> #VALUE! | ... AM92: =6.112*EXP(17.625*AA92/(243.04+AA92))*100*AY92 -> #VALUE! | AN92: =(EXP((17.625*P92)/(243.04+P92))/EXP((17.625*D92)/(243.04+D92))) -> #VALUE! | AO92: =(EXP((17.625*Q92)/(243.04+Q92))/EXP((17.625*E92)/(243.04+E92))) -> #VALUE! | AP92: =(EXP((17.625*R92)/(243.04+R92))/EXP((17.625*F92)/(243.04+F92))) -> #VALUE! | AQ92: =(EXP((17.625*S92)/(243.04+S92))/EXP((17.625*G92)/(243.04+G92))) -> #VALUE! | AR92: =(EXP((17.625*T92)/(243.04+T92))/EXP((17.625*H92)/(243.04+H92))) -> #VALUE! | AS92: =(EXP((17.625*U92)/(243.04+U92))/EXP((17.625*I92)/(243.04+I92))) -> #VALUE! | AT92: =(EXP((17.625*V92)/(243.04+V92))/EXP((17.625*J92)/(243.04+J92))) -> #VALUE! | AU92: =(EXP((17.625*W92)/(243.04+W92))/EXP((17.625*K92)/(243.04+K92))) -> #VALUE! | ... AY92: =(EXP((17.625*AA92)/(243.04+AA92))/EXP((17.625*O92)/(243.04+O92))) -> #VALUE!
A93: Colombia | B93: COL | C93: CALI | D93: #VALUE! | E93: #VALUE! | F93: #VALUE! | G93: #VALUE! | H93: #VALUE! | I93: #VALUE! | J93: #VALUE! | K93: #VALUE! | L93: #VALUE! | M93: #VALUE! | N93: #VALUE! | O93: #VALUE! | P93: #VALUE! | Q93: #VALUE! | R93: #VALUE! | S93: #VALUE! | T93: #VALUE! | U93: #VALUE! | V93: #VALUE! | W93: #VALUE! | X93: #VALUE! | Y93: #VALUE! | Z93: #VALUE! | AA93: #VALUE! | AB93: =6.112*EXP(17.625*P93/(243.04+P93))*100*AN93 -> #VALUE! | AC93: =6.112*EXP(17.625*Q93/(243.04+Q93))*100*AO93 -> #VALUE! | AD93: =6.112*EXP(17.625*R93/(243.04+R93))*100*AP93 -> #VALUE! | AE93: =6.112*EXP(17.625*S93/(243.04+S93))*100*AQ93 -> #VALUE! | AF93: =6.112*EXP(17.625*T93/(243.04+T93))*100*AR93 -> #VALUE! | AG93: =6.112*EXP(17.625*U93/(243.04+U93))*100*AS93 -> #VALUE! | AH93: =6.112*EXP(17.625*V93/(243.04+V93))*100*AT93 -> #VALUE! | AI93: =6.112*EXP(17.625*W93/(243.04+W93))*100*AU93 -> #VALUE! | ... AM93: =6.112*EXP(17.625*AA93/(243.04+AA93))*100*AY93 -> #VALUE! | AN93: =(EXP((17.625*P93)/(243.04+P93))/EXP((17.625*D93)/(243.04+D93))) -> #VALUE! | AO93: =(EXP((17.625*Q93)/(243.04+Q93))/EXP((17.625*E93)/(243.04+E93))) -> #VALUE! | AP93: =(EXP((17.625*R93)/(243.04+R93))/EXP((17.625*F93)/(243.04+F93))) -> #VALUE! | AQ93: =(EXP((17.625*S93)/(243.04+S93))/EXP((17.625*G93)/(243.04+G93))) -> #VALUE! | AR93: =(EXP((17.625*T93)/(243.04+T93))/EXP((17.625*H93)/(243.04+H93))) -> #VALUE! | AS93: =(EXP((17.625*U93)/(243.04+U93))/EXP((17.625*I93)/(243.04+I93))) -> #VALUE! | AT93: =(EXP((17.625*V93)/(243.04+V93))/EXP((17.625*J93)/(243.04+J93))) -> #VALUE! | AU93: =(EXP((17.625*W93)/(243.04+W93))/EXP((17.625*K93)/(243.04+K93))) -> #VALUE! | ... AY93: =(EXP((17.625*AA93)/(243.04+AA93))/EXP((17.625*O93)/(243.04+O93))) -> #VALUE!
A94: Colombia | B94: COL | C94: CARTAGENA | D94: #VALUE! | E94: #VALUE! | F94: #VALUE! | G94: #VALUE! | H94: #VALUE! | I94: #VALUE! | J94: #VALUE! | K94: #VALUE! | L94: #VALUE! | M94: #VALUE! | N94: #VALUE! | O94: #VALUE! | P94: #VALUE! | Q94: #VALUE! | R94: #VALUE! | S94: #VALUE! | T94: #VALUE! | U94: #VALUE! | V94: #VALUE! | W94: #VALUE! | X94: #VALUE! | Y94: #VALUE! | Z94: #VALUE! | AA94: #VALUE! | AB94: =6.112*EXP(17.625*P94/(243.04+P94))*100*AN94 -> #VALUE! | AC94: =6.112*EXP(17.625*Q94/(243.04+Q94))*100*AO94 -> #VALUE! | AD94: =6.112*EXP(17.625*R94/(243.04+R94))*100*AP94 -> #VALUE! | AE94: =6.112*EXP(17.625*S94/(243.04+S94))*100*AQ94 -> #VALUE! | AF94: =6.112*EXP(17.625*T94/(243.04+T94))*100*AR94 -> #VALUE! | AG94: =6.112*EXP(17.625*U94/(243.04+U94))*100*AS94 -> #VALUE! | AH94: =6.112*EXP(17.625*V94/(243.04+V94))*100*AT94 -> #VALUE! | AI94: =6.112*EXP(17.625*W94/(243.04+W94))*100*AU94 -> #VALUE! | ... AM94: =6.112*EXP(17.625*AA94/(243.04+AA94))*100*AY94 -> #VALUE! | AN94: =(EXP((17.625*P94)/(243.04+P94))/EXP((17.625*D94)/(243.04+D94))) -> #VALUE! | AO94: =(EXP((17.625*Q94)/(243.04+Q94))/EXP((17.625*E94)/(243.04+E94))) -> #VALUE! | AP94: =(EXP((17.625*R94)/(243.04+R94))/EXP((17.625*F94)/(243.04+F94))) -> #VALUE! | AQ94: =(EXP((17.625*S94)/(243.04+S94))/EXP((17.625*G94)/(243.04+G94))) -> #VALUE! | AR94: =(EXP((17.625*T94)/(243.04+T94))/EXP((17.625*H94)/(243.04+H94))) -> #VALUE! | AS94: =(EXP((17.625*U94)/(243.04+U94))/EXP((17.625*I94)/(243.04+I94))) -> #VALUE! | AT94: =(EXP((17.625*V94)/(243.04+V94))/EXP((17.625*J94)/(243.04+J94))) -> #VALUE! | AU94: =(EXP((17.625*W94)/(243.04+W94))/EXP((17.625*K94)/(243.04+K94))) -> #VALUE! | ... AY94: =(EXP((17.625*AA94)/(243.04+AA94))/EXP((17.625*O94)/(243.04+O94))) -> #VALUE!
A95: India | B95: BD | C95: DHAKA | D95: #VALUE! | E95: #VALUE! | F95: #VALUE! | G95: #VALUE! | H95: #VALUE! | I95: #VALUE! | J95: #VALUE! | K95: #VALUE! | L95: #VALUE! | M95: #VALUE! | N95: #VALUE! | O95: #VALUE! | P95: #VALUE! | Q95: #VALUE! | R95: #VALUE! | S95: #VALUE! | T95: #VALUE! | U95: #VALUE! | V95: #VALUE! | W95: #VALUE! | X95: #VALUE! | Y95: #VALUE! | Z95: #VALUE! | AA95: #VALUE! | AB95: =6.112*EXP(17.625*P95/(243.04+P95))*100*AN95 -> #VALUE! | AC95: =6.112*EXP(17.625*Q95/(243.04+Q95))*100*AO95 -> #VALUE! | AD95: =6.112*EXP(17.625*R95/(243.04+R95))*100*AP95 -> #VALUE! | AE95: =6.112*EXP(17.625*S95/(243.04+S95))*100*AQ95 -> #VALUE! | AF95: =6.112*EXP(17.625*T95/(243.04+T95))*100*AR95 -> #VALUE! | AG95: =6.112*EXP(17.625*U95/(243.04+U95))*100*AS95 -> #VALUE! | AH95: =6.112*EXP(17.625*V95/(243.04+V95))*100*AT95 -> #VALUE! | AI95: =6.112*EXP(17.625*W95/(243.04+W95))*100*AU95 -> #VALUE! | ... AM95: =6.112*EXP(17.625*AA95/(243.04+AA95))*100*AY95 -> #VALUE! | AN95: =(EXP((17.625*P95)/(243.04+P95))/EXP((17.625*D95)/(243.04+D95))) -> #VALUE! | AO95: =(EXP((17.625*Q95)/(243.04+Q95))/EXP((17.625*E95)/(243.04+E95))) -> #VALUE! | AP95: =(EXP((17.625*R95)/(243.04+R95))/EXP((17.625*F95)/(243.04+F95))) -> #VALUE! | AQ95: =(EXP((17.625*S95)/(243.04+S95))/EXP((17.625*G95)/(243.04+G95))) -> #VALUE! | AR95: =(EXP((17.625*T95)/(243.04+T95))/EXP((17.625*H95)/(243.04+H95))) -> #VALUE! | AS95: =(EXP((17.625*U95)/(243.04+U95))/EXP((17.625*I95)/(243.04+I95))) -> #VALUE! | AT95: =(EXP((17.625*V95)/(243.04+V95))/EXP((17.625*J95)/(243.04+J95))) -> #VALUE! | AU95: =(EXP((17.625*W95)/(243.04+W95))/EXP((17.625*K95)/(243.04+K95))) -> #VALUE! | ... AY95: =(EXP((17.625*AA95)/(243.04+AA95))/EXP((17.625*O95)/(243.04+O95))) -> #VALUE!
A96: India | B96: IND | C96: NEW DELHI SAFDARJUNG AP | D96: #VALUE! | E96: #VALUE! | F96: #VALUE! | G96: #VALUE! | H96: #VALUE! | I96: #VALUE! | J96: #VALUE! | K96: #VALUE! | L96: #VALUE! | M96: #VALUE! | N96: #VALUE! | O96: #VALUE! | P96: #VALUE! | Q96: #VALUE! | R96: #VALUE! | S96: #VALUE! | T96: #VALUE! | U96: #VALUE! | V96: #VALUE! | W96: #VALUE! | X96: #VALUE! | Y96: #VALUE! | Z96: #VALUE! | AA96: #VALUE! | AB96: =6.112*EXP(17.625*P96/(243.04+P96))*100*AN96 -> #VALUE! | AC96: =6.112*EXP(17.625*Q96/(243.04+Q96))*100*AO96 -> #VALUE! | AD96: =6.112*EXP(17.625*R96/(243.04+R96))*100*AP96 -> #VALUE! | AE96: =6.112*EXP(17.625*S96/(243.04+S96))*100*AQ96 -> #VALUE! | AF96: =6.112*EXP(17.625*T96/(243.04+T96))*100*AR96 -> #VALUE! | AG96: =6.112*EXP(17.625*U96/(243.04+U96))*100*AS96 -> #VALUE! | AH96: =6.112*EXP(17.625*V96/(243.04+V96))*100*AT96 -> #VALUE! | AI96: =6.112*EXP(17.625*W96/(243.04+W96))*100*AU96 -> #VALUE! | ... AM96: =6.112*EXP(17.625*AA96/(243.04+AA96))*100*AY96 -> #VALUE! | AN96: =(EXP((17.625*P96)/(243.04+P96))/EXP((17.625*D96)/(243.04+D96))) -> #VALUE! | AO96: =(EXP((17.625*Q96)/(243.04+Q96))/EXP((17.625*E96)/(243.04+E96))) -> #VALUE! | AP96: =(EXP((17.625*R96)/(243.04+R96))/EXP((17.625*F96)/(243.04+F96))) -> #VALUE! | AQ96: =(EXP((17.625*S96)/(243.04+S96))/EXP((17.625*G96)/(243.04+G96))) -> #VALUE! | AR96: =(EXP((17.625*T96)/(243.04+T96))/EXP((17.625*H96)/(243.04+H96))) -> #VALUE! | AS96: =(EXP((17.625*U96)/(243.04+U96))/EXP((17.625*I96)/(243.04+I96))) -> #VALUE! | AT96: =(EXP((17.625*V96)/(243.04+V96))/EXP((17.625*J96)/(243.04+J96))) -> #VALUE! | AU96: =(EXP((17.625*W96)/(243.04+W96))/EXP((17.625*K96)/(243.04+K96))) -> #VALUE! | ... AY96: =(EXP((17.625*AA96)/(243.04+AA96))/EXP((17.625*O96)/(243.04+O96))) -> #VALUE!
A97: India | B97: IND | C97: PATNA | D97: #VALUE! | E97: #VALUE! | F97: #VALUE! | G97: #VALUE! | H97: #VALUE! | I97: #VALUE! | J97: #VALUE! | K97: #VALUE! | L97: #VALUE! | M97: #VALUE! | N97: #VALUE! | O97: #VALUE! | P97: #VALUE! | Q97: #VALUE! | R97: #VALUE! | S97: #VALUE! | T97: #VALUE! | U97: #VALUE! | V97: #VALUE! | W97: #VALUE! | X97: #VALUE! | Y97: #VALUE! | Z97: #VALUE! | AA97: #VALUE! | AB97: =6.112*EXP(17.625*P97/(243.04+P97))*100*AN97 -> #VALUE! | AC97: =6.112*EXP(17.625*Q97/(243.04+Q97))*100*AO97 -> #VALUE! | AD97: =6.112*EXP(17.625*R97/(243.04+R97))*100*AP97 -> #VALUE! | AE97: =6.112*EXP(17.625*S97/(243.04+S97))*100*AQ97 -> #VALUE! | AF97: =6.112*EXP(17.625*T97/(243.04+T97))*100*AR97 -> #VALUE! | AG97: =6.112*EXP(17.625*U97/(243.04+U97))*100*AS97 -> #VALUE! | AH97: =6.112*EXP(17.625*V97/(243.04+V97))*100*AT97 -> #VALUE! | AI97: =6.112*EXP(17.625*W97/(243.04+W97))*100*AU97 -> #VALUE! | ... AM97: =6.112*EXP(17.625*AA97/(243.04+AA97))*100*AY97 -> #VALUE! | AN97: =(EXP((17.625*P97)/(243.04+P97))/EXP((17.625*D97)/(243.04+D97))) -> #VALUE! | AO97: =(EXP((17.625*Q97)/(243.04+Q97))/EXP((17.625*E97)/(243.04+E97))) -> #VALUE! | AP97: =(EXP((17.625*R97)/(243.04+R97))/EXP((17.625*F97)/(243.04+F97))) -> #VALUE! | AQ97: =(EXP((17.625*S97)/(243.04+S97))/EXP((17.625*G97)/(243.04+G97))) -> #VALUE! | AR97: =(EXP((17.625*T97)/(243.04+T97))/EXP((17.625*H97)/(243.04+H97))) -> #VALUE! | AS97: =(EXP((17.625*U97)/(243.04+U97))/EXP((17.625*I97)/(243.04+I97))) -> #VALUE! | AT97: =(EXP((17.625*V97)/(243.04+V97))/EXP((17.625*J97)/(243.04+J97))) -> #VALUE! | AU97: =(EXP((17.625*W97)/(243.04+W97))/EXP((17.625*K97)/(243.04+K97))) -> #VALUE! | ... AY97: =(EXP((17.625*AA97)/(243.04+AA97))/EXP((17.625*O97)/(243.04+O97))) -> #VALUE!
A98: JAPAN | B98: AICHI (JP-23) | C98: NAGOYA | D98: 4.61 | E98: 5.72 | F98: 9.11 | G98: 14.72 | H98: 19.61 | I98: 23.22 | J98: 27.22 | K98: 28.28 | L98: 24.61 | M98: 18.78 | N98: 12.61 | O98: 7.11 | P98: -2.5 | Q98: -2.2777778 | R98: 0.11111111 | S98: 5.6111111 | T98: 11.388889 | U98: 16.777778 | V98: 21.111111 | W98: 21.5 | X98: 18.111111 | Y98: 12 | Z98: 5.8888889 | AA98: 0.5 | AB98: =6.112*EXP(17.625*P98/(243.04+P98))*100*AN98 -> 305.20144 | AC98: =6.112*EXP(17.625*Q98/(243.04+Q98))*100*AO98 -> 291.97396 | AD98: =6.112*EXP(17.625*R98/(243.04+R98))*100*AP98 -> 328.57118 | AE98: =6.112*EXP(17.625*S98/(243.04+S98))*100*AQ98 -> 494.90467 | AF98: =6.112*EXP(17.625*T98/(243.04+T98))*100*AR98 -> 794.23951 | AG98: =6.112*EXP(17.625*U98/(243.04+U98))*100*AS98 -> 1280.0548 | AH98: =6.112*EXP(17.625*V98/(243.04+V98))*100*AT98 -> 1732.764 | AI98: =6.112*EXP(17.625*W98/(243.04+W98))*100*AU98 -> 1708.2566 | ... AM98: =6.112*EXP(17.625*AA98/(243.04+AA98))*100*AY98 -> 398.15439 | AN98: =(EXP((17.625*P98)/(243.04+P98))/EXP((17.625*D98)/(243.04+D98))) -> 0.59973306 | AO98: =(EXP((17.625*Q98)/(243.04+Q98))/EXP((17.625*E98)/(243.04+E98))) -> 0.56438712 | AP98: =(EXP((17.625*R98)/(243.04+R98))/EXP((17.625*F98)/(243.04+F98))) -> 0.53327143 | AQ98: =(EXP((17.625*S98)/(243.04+S98))/EXP((17.625*G98)/(243.04+G98))) -> 0.5440096 | AR98: =(EXP((17.625*T98)/(243.04+T98))/EXP((17.625*H98)/(243.04+H98))) -> 0.59038564 | AS98: =(EXP((17.625*U98)/(243.04+U98))/EXP((17.625*I98)/(243.04+I98))) -> 0.67105549 | AT98: =(EXP((17.625*V98)/(243.04+V98))/EXP((17.625*J98)/(243.04+J98))) -> 0.6931205 | AU98: =(EXP((17.625*W98)/(243.04+W98))/EXP((17.625*K98)/(243.04+K98))) -> 0.66722032 | ... AY98: =(EXP((17.625*AA98)/(243.04+AA98))/EXP((17.625*O98)/(243.04+O98))) -> 0.62827997
A99: JAPAN | B99: AKITA (JP-05) | C99: AKITA | D99: 0.28 | E99: 0.72 | F99: 4.11 | G99: 9.72 | H99: 15.5 | I99: 19.78 | J99: 23.72 | K99: 25.22 | L99: 21 | M99: 14.5 | N99: 8.22 | O99: 2.72 | P99: -4 | Q99: -4.1111111 | R99: -1.5 | S99: 3.2222222 | T99: 9.7222222 | U99: 14.611111 | V99: 19.388889 | W99: 20.277778 | X99: 15.777778 | Y99: 9.2777778 | Z99: 3.2222222 | AA99: -1.7222222 | AB99: =6.112*EXP(17.625*P99/(243.04+P99))*100*AN99 -> 332.04911 | AC99: =6.112*EXP(17.625*Q99/(243.04+Q99))*100*AO99 -> 316.34661 | AD99: =6.112*EXP(17.625*R99/(243.04+R99))*100*AP99 -> 366.28807 | AE99: =6.112*EXP(17.625*S99/(243.04+S99))*100*AQ99 -> 492.19556 | AF99: =6.112*EXP(17.625*T99/(243.04+T99))*100*AR99 -> 824.37228 | AG99: =6.112*EXP(17.625*U99/(243.04+U99))*100*AS99 -> 1197.4437 | AH99: =6.112*EXP(17.625*V99/(243.04+V99))*100*AT99 -> 1724.3153 | AI99: =6.112*EXP(17.625*W99/(243.04+W99))*100*AU99 -> 1759.8774 | ... AM99: =6.112*EXP(17.625*AA99/(243.04+AA99))*100*AY99 -> 391.03059 | AN99: =(EXP((17.625*P99)/(243.04+P99))/EXP((17.625*D99)/(243.04+D99))) -> 0.72963443 | AO99: =(EXP((17.625*Q99)/(243.04+Q99))/EXP((17.625*E99)/(243.04+E99))) -> 0.7009473 | AP99: =(EXP((17.625*R99)/(243.04+R99))/EXP((17.625*F99)/(243.04+F99))) -> 0.66861276 | AQ99: =(EXP((17.625*S99)/(243.04+S99))/EXP((17.625*G99)/(243.04+G99))) -> 0.63943985 | AR99: =(EXP((17.625*T99)/(243.04+T99))/EXP((17.625*H99)/(243.04+H99))) -> 0.6847316 | AS99: =(EXP((17.625*U99)/(243.04+U99))/EXP((17.625*I99)/(243.04+I99))) -> 0.72110226 | AT99: =(EXP((17.625*V99)/(243.04+V99))/EXP((17.625*J99)/(243.04+J99))) -> 0.76719285 | AU99: =(EXP((17.625*W99)/(243.04+W99))/EXP((17.625*K99)/(243.04+K99))) -> 0.74103727 | ... AY99: =(EXP((17.625*AA99)/(243.04+AA99))/EXP((17.625*O99)/(243.04+O99))) -> 0.72552961
A100: JAPAN | B100: AOMORI (JP-02) | C100: AOMORI | D100: -1 | E100: -0.61 | F100: 2.78 | G100: 8.72 | H100: 13.78 | I100: 17.78 | J100: 21.89 | K100: 23.5 | L100: 19.89 | M100: 13.5 | N100: 7.11 | O100: 1.22 | P100: -4.5 | Q100: -4.7222222 | R100: -2.5 | S100: 1.7222222 | T100: 8.1111111 | U100: 13.388889 | V100: 18.111111 | W100: 19.277778 | X100: 15 | Y100: 8.2777778 | Z100: 2.2777778 | AA100: -2.3888889 | AB100: =6.112*EXP(17.625*P100/(243.04+P100))*100*AN100 -> 338.07236 | AC100: =6.112*EXP(17.625*Q100/(243.04+Q100))*100*AO100 -> 317.76113 | AD100: =6.112*EXP(17.625*R100/(243.04+R100))*100*AP100 -> 347.14355 | AE100: =6.112*EXP(17.625*S100/(243.04+S100))*100*AQ100 -> 425.38376 | AF100: =6.112*EXP(17.625*T100/(243.04+T100))*100*AR100 -> 741.11629 | AG100: =6.112*EXP(17.625*U100/(243.04+U100))*100*AS100 -> 1157.987 | AH100: =6.112*EXP(17.625*V100/(243.04+V100))*100*AT100 -> 1642.1696 | AI100: =6.112*EXP(17.625*W100/(243.04+W100))*100*AU100 -> 1723.326 | ... AM100: =6.112*EXP(17.625*AA100/(243.04+AA100))*100*AY100 -> 394.44287 | AN100: =(EXP((17.625*P100)/(243.04+P100))/EXP((17.625*D100)/(243.04+D100))) -> 0.77130387 | AO100: =(EXP((17.625*Q100)/(243.04+Q100))/EXP((17.625*E100)/(243.04+E100))) -> 0.73720577 | AP100: =(EXP((17.625*R100)/(243.04+R100))/EXP((17.625*F100)/(243.04+F100))) -> 0.68215098 | AQ100: =(EXP((17.625*S100)/(243.04+S100))/EXP((17.625*G100)/(243.04+G100))) -> 0.61480666 | AR100: =(EXP((17.625*T100)/(243.04+T100))/EXP((17.625*H100)/(243.04+H100))) -> 0.68627345 | AS100: =(EXP((17.625*U100)/(243.04+U100))/EXP((17.625*I100)/(243.04+I100))) -> 0.75484892 | AT100: =(EXP((17.625*V100)/(243.04+V100))/EXP((17.625*J100)/(243.04+J100))) -> 0.79139075 | AU100: =(EXP((17.625*W100)/(243.04+W100))/EXP((17.625*K100)/(243.04+K100))) -> 0.77207235 | ... AY100: =(EXP((17.625*AA100)/(243.04+AA100))/EXP((17.625*O100)/(243.04+O100))) -> 0.76874915
A101: JAPAN | B101: AOMORI (JP-02) | C101: HACHINOHE | D101: -0.89 | E101: -0.28 | F101: 3.28 | G101: 8.89 | H101: 13.78 | I101: 17 | J101: 21.11 | K101: 22.78 | L101: 19.61 | M101: 13.39 | N101: 7.11 | O101: 1.39 | P101: -5.7222222 | Q101: -5.6111111 | R101: -2.8888889 | S101: 1.7777778 | T101: 8.2777778 | U101: 13.388889 | V101: 17.888889 | W101: 19.388889 | X101: 15.722222 | Y101: 8.6111111 | Z101: 2.1111111 | AA101: -3.2777778 | AB101: =6.112*EXP(17.625*P101/(243.04+P101))*100*AN101 -> 278.73261 | AC101: =6.112*EXP(17.625*Q101/(243.04+Q101))*100*AO101 -> 271.1566 | AD101: =6.112*EXP(17.625*R101/(243.04+R101))*100*AP101 -> 316.29995 | AE101: =6.112*EXP(17.625*S101/(243.04+S101))*100*AQ101 -> 423.88125 | AF101: =6.112*EXP(17.625*T101/(243.04+T101))*100*AR101 -> 758.07275 | AG101: =6.112*EXP(17.625*U101/(243.04+U101))*100*AS101 -> 1216.4614 | AH101: =6.112*EXP(17.625*V101/(243.04+V101))*100*AT101 -> 1675.0172 | AI101: =6.112*EXP(17.625*W101/(243.04+W101))*100*AU101 -> 1825.0622 | ... AM101: =6.112*EXP(17.625*AA101/(243.04+AA101))*100*AY101 -> 341.48205 | AN101: =(EXP((17.625*P101)/(243.04+P101))/EXP((17.625*D101)/(243.04+D101))) -> 0.69753951 | AO101: =(EXP((17.625*Q101)/(243.04+Q101))/EXP((17.625*E101)/(243.04+E101))) -> 0.67287244 | AP101: =(EXP((17.625*R101)/(243.04+R101))/EXP((17.625*F101)/(243.04+F101))) -> 0.63972685 | AQ101: =(EXP((17.625*S101)/(243.04+S101))/EXP((17.625*G101)/(243.04+G101))) -> 0.61020687 | AR101: =(EXP((17.625*T101)/(243.04+T101))/EXP((17.625*H101)/(243.04+H101))) -> 0.69407989 | AS101: =(EXP((17.625*U101)/(243.04+U101))/EXP((17.625*I101)/(243.04+I101))) -> 0.79296618 | AT101: =(EXP((17.625*V101)/(243.04+V101))/EXP((17.625*J101)/(243.04+J101))) -> 0.81857618 | AU101: =(EXP((17.625*W101)/(243.04+W101))/EXP((17.625*K101)/(243.04+K101))) -> 0.81201779 | ... AY101: =(EXP((17.625*AA101)/(243.04+AA101))/EXP((17.625*O101)/(243.04+O101))) -> 0.71093192
A102: JAPAN | B102: CHIBA (JP-12) | C102: CHIBA | D102: 6 | E102: 6.61 | F102: 9.89 | G102: 14.61 | H102: 19 | I102: 22.11 | J102: 26.11 | K102: 27.28 | L102: 24 | M102: 18.72 | N102: 13.39 | O102: 8.5 | P102: -3.8888889 | Q102: -2.3888889 | R102: 1.5 | S102: 7.3888889 | T102: 13 | U102: 17.611111 | V102: 21.5 | W102: 22.388889 | X102: 19.111111 | Y102: 13.222222 | Z102: 6.7222222 | AA102: -0.27777778 | AB102: =6.112*EXP(17.625*P102/(243.04+P102))*100*AN102 -> 225.33443 | AC102: =6.112*EXP(17.625*Q102/(243.04+Q102))*100*AO102 -> 270.11483 | AD102: =6.112*EXP(17.625*R102/(243.04+R102))*100*AP102 -> 380.8778 | AE102: =6.112*EXP(17.625*S102/(243.04+S102))*100*AQ102 -> 636.54215 | AF102: =6.112*EXP(17.625*T102/(243.04+T102))*100*AR102 -> 1019.6655 | AG102: =6.112*EXP(17.625*U102/(243.04+U102))*100*AS102 -> 1521.4641 | AH102: =6.112*EXP(17.625*V102/(243.04+V102))*100*AT102 -> 1940.144 | AI102: =6.112*EXP(17.625*W102/(243.04+W102))*100*AU102 -> 2018.4537 | ... AM102: =6.112*EXP(17.625*AA102/(243.04+AA102))*100*AY102 -> 323.60014 | AN102: =(EXP((17.625*P102)/(243.04+P102))/EXP((17.625*D102)/(243.04+D102))) -> 0.49103759 | AO102: =(EXP((17.625*Q102)/(243.04+Q102))/EXP((17.625*E102)/(243.04+E102))) -> 0.52644012 | AP102: =(EXP((17.625*R102)/(243.04+R102))/EXP((17.625*F102)/(243.04+F102))) -> 0.55930698 | AQ102: =(EXP((17.625*S102)/(243.04+S102))/EXP((17.625*G102)/(243.04+G102))) -> 0.61915593 | AR102: =(EXP((17.625*T102)/(243.04+T102))/EXP((17.625*H102)/(243.04+H102))) -> 0.68176242 | AS102: =(EXP((17.625*U102)/(243.04+U102))/EXP((17.625*I102)/(243.04+I102))) -> 0.75665811 | AT102: =(EXP((17.625*V102)/(243.04+V102))/EXP((17.625*J102)/(243.04+J102))) -> 0.75779217 | AU102: =(EXP((17.625*W102)/(243.04+W102))/EXP((17.625*K102)/(243.04+K102))) -> 0.74676593 | ... AY102: =(EXP((17.625*AA102)/(243.04+AA102))/EXP((17.625*O102)/(243.04+O102))) -> 0.54023642
A103: JAPAN | B103: CHIBA (JP-12) | C103: CHOSHI | D103: 6.5 | E103: 7 | F103: 9.78 | G103: 13.89 | H103: 17.5 | I103: 20.28 | J103: 23.78 | K103: 25.61 | L103: 23.39 | M103: 19.22 | N103: 14.28 | O103: 9.22 | P103: -0.77777778 | Q103: 0.38888889 | R103: 3.6111111 | S103: 9 | T103: 14.111111 | U103: 18 | V103: 21.777778 | W103: 23.222222 | X103: 20.277778 | Y103: 14.888889 | Z103: 9.2222222 | AA103: 2.7222222 | AB103: =6.112*EXP(17.625*P103/(243.04+P103))*100*AN103 -> 344.86744 | AC103: =6.112*EXP(17.625*Q103/(243.04+Q103))*100*AO103 -> 394.77528 | AD103: =6.112*EXP(17.625*R103/(243.04+R103))*100*AP103 -> 517.85992 | AE103: =6.112*EXP(17.625*S103/(243.04+S103))*100*AQ103 -> 829.91271 | AF103: =6.112*EXP(17.625*T103/(243.04+T103))*100*AR103 -> 1294.5533 | AG103: =6.112*EXP(17.625*U103/(243.04+U103))*100*AS103 -> 1787.6718 | AH103: =6.112*EXP(17.625*V103/(243.04+V103))*100*AT103 -> 2306.4545 | AI103: =6.112*EXP(17.625*W103/(243.04+W103))*100*AU103 -> 2464.1687 | ... AM103: =6.112*EXP(17.625*AA103/(243.04+AA103))*100*AY103 -> 474.22866 | AN103: =(EXP((17.625*P103)/(243.04+P103))/EXP((17.625*D103)/(243.04+D103))) -> 0.59709477 | AO103: =(EXP((17.625*Q103)/(243.04+Q103))/EXP((17.625*E103)/(243.04+E103))) -> 0.62796911 | AP103: =(EXP((17.625*R103)/(243.04+R103))/EXP((17.625*F103)/(243.04+F103))) -> 0.65458137 | AQ103: =(EXP((17.625*S103)/(243.04+S103))/EXP((17.625*G103)/(243.04+G103))) -> 0.72363504 | AR103: =(EXP((17.625*T103)/(243.04+T103))/EXP((17.625*H103)/(243.04+H103))) -> 0.80519459 | AS103: =(EXP((17.625*U103)/(243.04+U103))/EXP((17.625*I103)/(243.04+I103))) -> 0.86754678 | AT103: =(EXP((17.625*V103)/(243.04+V103))/EXP((17.625*J103)/(243.04+J103))) -> 0.88569572 | AU103: =(EXP((17.625*W103)/(243.04+W103))/EXP((17.625*K103)/(243.04+K103))) -> 0.8667631 | ... AY103: =(EXP((17.625*AA103)/(243.04+AA103))/EXP((17.625*O103)/(243.04+O103))) -> 0.63829125
A104: JAPAN | B104: CHIBA (JP-12) | C104: TATEYAMA | D104: 6.28 | E104: 7.11 | F104: 10.28 | G104: 14.61 | H104: 18.72 | I104: 21.61 | J104: 25.39 | K104: 26.78 | L104: 23.78 | M104: 18.72 | N104: 13.61 | O104: 8.89 | P104: -1.2777778 | Q104: 0.11111111 | R104: 3.7222222 | S104: 9.1111111 | T104: 14.111111 | U104: 18.277778 | V104: 22.222222 | W104: 23.222222 | X104: 20 | Y104: 14.277778 | Z104: 8.6111111 | AA104: 2.3888889 | AB104: =6.112*EXP(17.625*P104/(243.04+P104))*100*AN104 -> 325.4377 | AC104: =6.112*EXP(17.625*Q104/(243.04+Q104))*100*AO104 -> 376.3719 | AD104: =6.112*EXP(17.625*R104/(243.04+R104))*100*AP104 -> 508.72233 | AE104: =6.112*EXP(17.625*S104/(243.04+S104))*100*AQ104 -> 804.08798 | AF104: =6.112*EXP(17.625*T104/(243.04+T104))*100*AR104 -> 1199.0594 | AG104: =6.112*EXP(17.625*U104/(243.04+U104))*100*AS104 -> 1705.8233 | AH104: =6.112*EXP(17.625*V104/(243.04+V104))*100*AT104 -> 2211.3984 | AI104: =6.112*EXP(17.625*W104/(243.04+W104))*100*AU104 -> 2299.5516 | ... AM104: =6.112*EXP(17.625*AA104/(243.04+AA104))*100*AY104 -> 462.47268 | AN104: =(EXP((17.625*P104)/(243.04+P104))/EXP((17.625*D104)/(243.04+D104))) -> 0.58444046 | AO104: =(EXP((17.625*Q104)/(243.04+Q104))/EXP((17.625*E104)/(243.04+E104))) -> 0.61085208 | AP104: =(EXP((17.625*R104)/(243.04+R104))/EXP((17.625*F104)/(243.04+F104))) -> 0.63802249 | AQ104: =(EXP((17.625*S104)/(243.04+S104))/EXP((17.625*G104)/(243.04+G104))) -> 0.69588622 | AR104: =(EXP((17.625*T104)/(243.04+T104))/EXP((17.625*H104)/(243.04+H104))) -> 0.74579868 | AS104: =(EXP((17.625*U104)/(243.04+U104))/EXP((17.625*I104)/(243.04+I104))) -> 0.81351136 | AT104: =(EXP((17.625*V104)/(243.04+V104))/EXP((17.625*J104)/(243.04+J104))) -> 0.82648768 | AU104: =(EXP((17.625*W104)/(243.04+W104))/EXP((17.625*K104)/(243.04+K104))) -> 0.80885957 | ... AY104: =(EXP((17.625*AA104)/(243.04+AA104))/EXP((17.625*O104)/(243.04+O104))) -> 0.63737942
A105: JAPAN | B105: EHIME (JP-38) | C105: MATSUYAMA | D105: 6 | E105: 6.89 | F105: 10 | G105: 15 | H105: 19.61 | I105: 23 | J105: 27.28 | K105: 28.22 | L105: 24.72 | M105: 19.28 | N105: 13.5 | O105: 8.28 | P105: -0.88888889 | Q105: 0 | R105: 2.2777778 | S105: 7 | T105: 11.722222 | U105: 17.277778 | V105: 21.5 | W105: 21.722222 | X105: 18.5 | Y105: 12.722222 | Z105: 7.1111111 | AA105: 1.7222222 | AB105: =6.112*EXP(17.625*P105/(243.04+P105))*100*AN105 -> 351.21475 | AC105: =6.112*EXP(17.625*Q105/(243.04+Q105))*100*AO105 -> 375.98272 | AD105: =6.112*EXP(17.625*R105/(243.04+R105))*100*AP105 -> 422.50049 | AE105: =6.112*EXP(17.625*S105/(243.04+S105))*100*AQ105 -> 588.58178 | AF105: =6.112*EXP(17.625*T105/(243.04+T105))*100*AR105 -> 830.01352 | AG105: =6.112*EXP(17.625*U105/(243.04+U105))*100*AS105 -> 1382.0119 | AH105: =6.112*EXP(17.625*V105/(243.04+V105))*100*AT105 -> 1810.9977 | AI105: =6.112*EXP(17.625*W105/(243.04+W105))*100*AU105 -> 1761.4673 | ... AM105: =6.112*EXP(17.625*AA105/(243.04+AA105))*100*AY105 -> 438.24584 | AN105: =(EXP((17.625*P105)/(243.04+P105))/EXP((17.625*D105)/(243.04+D105))) -> 0.61303793 | AO105: =(EXP((17.625*Q105)/(243.04+Q105))/EXP((17.625*E105)/(243.04+E105))) -> 0.61515498 | AP105: =(EXP((17.625*R105)/(243.04+R105))/EXP((17.625*F105)/(243.04+F105))) -> 0.58691111 | AQ105: =(EXP((17.625*S105)/(243.04+S105))/EXP((17.625*G105)/(243.04+G105))) -> 0.58794057 | AR105: =(EXP((17.625*T105)/(243.04+T105))/EXP((17.625*H105)/(243.04+H105))) -> 0.60353523 | AS105: =(EXP((17.625*U105)/(243.04+U105))/EXP((17.625*I105)/(243.04+I105))) -> 0.70192212 | AT105: =(EXP((17.625*V105)/(243.04+V105))/EXP((17.625*J105)/(243.04+J105))) -> 0.7073495 | AU105: =(EXP((17.625*W105)/(243.04+W105))/EXP((17.625*K105)/(243.04+K105))) -> 0.67871635 | ... AY105: =(EXP((17.625*AA105)/(243.04+AA105))/EXP((17.625*O105)/(243.04+O105))) -> 0.63339621
A106: JAPAN | B106: EHIME (JP-38) | C106: UWAJIMA | D106: 6.72 | E106: 7.72 | F106: 10.72 | G106: 15.5 | H106: 19.61 | I106: 22.89 | J106: 27 | K106: 27.72 | L106: 24.61 | M106: 19.39 | N106: 14 | O106: 9 | P106: 0.61111111 | Q106: 1.6111111 | R106: 4 | S106: 8.7777778 | T106: 13.722222 | U106: 18.722222 | V106: 22.611111 | W106: 22.777778 | X106: 19.888889 | Y106: 14.222222 | Z106: 8.7222222 | AA106: 3.2222222 | AB106: =6.112*EXP(17.625*P106/(243.04+P106))*100*AN106 -> 415.55747 | AC106: =6.112*EXP(17.625*Q106/(243.04+Q106))*100*AO106 -> 448.06892 | AD106: =6.112*EXP(17.625*R106/(243.04+R106))*100*AP106 -> 513.69013 | AE106: =6.112*EXP(17.625*S106/(243.04+S106))*100*AQ106 -> 725.96513 | AF106: =6.112*EXP(17.625*T106/(243.04+T106))*100*AR106 -> 1078.5592 | AG106: =6.112*EXP(17.625*U106/(243.04+U106))*100*AS106 -> 1668.3 | AH106: =6.112*EXP(17.625*V106/(243.04+V106))*100*AT106 -> 2108.0483 | AI106: =6.112*EXP(17.625*W106/(243.04+W106))*100*AU106 -> 2062.257 | ... AM106: =6.112*EXP(17.625*AA106/(243.04+AA106))*100*AY106 -> 516.61043 | AN106: =(EXP((17.625*P106)/(243.04+P106))/EXP((17.625*D106)/(243.04+D106))) -> 0.65050306 | AO106: =(EXP((17.625*Q106)/(243.04+Q106))/EXP((17.625*E106)/(243.04+E106))) -> 0.65276126 | AP106: =(EXP((17.625*R106)/(243.04+R106))/EXP((17.625*F106)/(243.04+F106))) -> 0.63179968 | AQ106: =(EXP((17.625*S106)/(243.04+S106))/EXP((17.625*G106)/(243.04+G106))) -> 0.64256425 | AR106: =(EXP((17.625*T106)/(243.04+T106))/EXP((17.625*H106)/(243.04+H106))) -> 0.68798985 | AS106: =(EXP((17.625*U106)/(243.04+U106))/EXP((17.625*I106)/(243.04+I106))) -> 0.77377795 | AT106: =(EXP((17.625*V106)/(243.04+V106))/EXP((17.625*J106)/(243.04+J106))) -> 0.76945511 | AU106: =(EXP((17.625*W106)/(243.04+W106))/EXP((17.625*K106)/(243.04+K106))) -> 0.74516886 | ... AY106: =(EXP((17.625*AA106)/(243.04+AA106))/EXP((17.625*O106)/(243.04+O106))) -> 0.67115862
A107: JAPAN | B107: FUKUI (JP-18) | C107: FUKUI | D107: 3 | E107: 3.72 | F107: 7.22 | G107: 13 | H107: 18.28 | I107: 22.28 | J107: 26.39 | K107: 27.61 | L107: 23.28 | M107: 17.22 | N107: 11.22 | O107: 5.78 | P107: -0.22222222 | Q107: -0.27777778 | R107: 1.5 | S107: 6.2222222 | T107: 11.277778 | U107: 16.722222 | V107: 21.111111 | W107: 21.777778 | X107: 18.222222 | Y107: 12.388889 | Z107: 7.2222222 | AA107: 2.5 | AB107: =6.112*EXP(17.625*P107/(243.04+P107))*100*AN107 -> 477.3548 | AC107: =6.112*EXP(17.625*Q107/(243.04+Q107))*100*AO107 -> 450.06244 | AD107: =6.112*EXP(17.625*R107/(243.04+R107))*100*AP107 -> 456.30678 | AE107: =6.112*EXP(17.625*S107/(243.04+S107))*100*AQ107 -> 602.13076 | AF107: =6.112*EXP(17.625*T107/(243.04+T107))*100*AR107 -> 850.37682 | AG107: =6.112*EXP(17.625*U107/(243.04+U107))*100*AS107 -> 1345.6117 | AH107: =6.112*EXP(17.625*V107/(243.04+V107))*100*AT107 -> 1819.4687 | AI107: =6.112*EXP(17.625*W107/(243.04+W107))*100*AU107 -> 1837.7219 | ... AM107: =6.112*EXP(17.625*AA107/(243.04+AA107))*100*AY107 -> 581.08938 | AN107: =(EXP((17.625*P107)/(243.04+P107))/EXP((17.625*D107)/(243.04+D107))) -> 0.79371236 | AO107: =(EXP((17.625*Q107)/(243.04+Q107))/EXP((17.625*E107)/(243.04+E107))) -> 0.75135975 | AP107: =(EXP((17.625*R107)/(243.04+R107))/EXP((17.625*F107)/(243.04+F107))) -> 0.67007205 | AQ107: =(EXP((17.625*S107)/(243.04+S107))/EXP((17.625*G107)/(243.04+G107))) -> 0.63450212 | AR107: =(EXP((17.625*T107)/(243.04+T107))/EXP((17.625*H107)/(243.04+H107))) -> 0.6367812 | AS107: =(EXP((17.625*U107)/(243.04+U107))/EXP((17.625*I107)/(243.04+I107))) -> 0.70791474 | AT107: =(EXP((17.625*V107)/(243.04+V107))/EXP((17.625*J107)/(243.04+J107))) -> 0.72780311 | AU107: =(EXP((17.625*W107)/(243.04+W107))/EXP((17.625*K107)/(243.04+K107))) -> 0.70569891 | ... AY107: =(EXP((17.625*AA107)/(243.04+AA107))/EXP((17.625*O107)/(243.04+O107))) -> 0.7945566
A108: JAPAN | B108: FUKUI (JP-18) | C108: TSURUGA | D108: 4.5 | E108: 5.22 | F108: 8.28 | G108: 13.61 | H108: 18.39 | I108: 22.39 | J108: 26.61 | K108: 27.89 | L108: 23.89 | M108: 18.22 | N108: 12.72 | O108: 7.28 | P108: -0.11111111 | Q108: -0.11111111 | R108: 1.8888889 | S108: 6.6111111 | T108: 11.777778 | U108: 16.888889 | V108: 21.388889 | W108: 22 | X108: 18.277778 | Y108: 12.722222 | Z108: 7.1111111 | AA108: 2.3888889 | AB108: =6.112*EXP(17.625*P108/(243.04+P108))*100*AN108 -> 436.5482 | AC108: =6.112*EXP(17.625*Q108/(243.04+Q108))*100*AO108 -> 415.18004 | AD108: =6.112*EXP(17.625*R108/(243.04+R108))*100*AP108 -> 448.80918 | AE108: =6.112*EXP(17.625*S108/(243.04+S108))*100*AQ108 -> 610.48281 | AF108: =6.112*EXP(17.625*T108/(243.04+T108))*100*AR108 -> 902.24151 | AG108: =6.112*EXP(17.625*U108/(243.04+U108))*100*AS108 -> 1365.2058 | AH108: =6.112*EXP(17.625*V108/(243.04+V108))*100*AT108 -> 1858.2651 | AI108: =6.112*EXP(17.625*W108/(243.04+W108))*100*AU108 -> 1857.6172 | ... AM108: =6.112*EXP(17.625*AA108/(243.04+AA108))*100*AY108 -> 515.91767 | AN108: =(EXP((17.625*P108)/(243.04+P108))/EXP((17.625*D108)/(243.04+D108))) -> 0.72002877 | AO108: =(EXP((17.625*Q108)/(243.04+Q108))/EXP((17.625*E108)/(243.04+E108))) -> 0.6847848 | AP108: =(EXP((17.625*R108)/(243.04+R108))/EXP((17.625*F108)/(243.04+F108))) -> 0.64098435 | AQ108: =(EXP((17.625*S108)/(243.04+S108))/EXP((17.625*G108)/(243.04+G108))) -> 0.62631064 | AR108: =(EXP((17.625*T108)/(243.04+T108))/EXP((17.625*H108)/(243.04+H108))) -> 0.65365445 | AS108: =(EXP((17.625*U108)/(243.04+U108))/EXP((17.625*I108)/(243.04+I108))) -> 0.7106688 | AT108: =(EXP((17.625*V108)/(243.04+V108))/EXP((17.625*J108)/(243.04+J108))) -> 0.73076673 | AU108: =(EXP((17.625*W108)/(243.04+W108))/EXP((17.625*K108)/(243.04+K108))) -> 0.7037296 | ... AY108: =(EXP((17.625*AA108)/(243.04+AA108))/EXP((17.625*O108)/(243.04+O108))) -> 0.71103724
A109: JAPAN | B109: FUKUOKA (JP-40) | C109: FUKUOKA | D109: 6.78 | E109: 7.89 | F109: 11 | G109: 15.72 | H109: 20.11 | I109: 23.5 | J109: 27.78 | K109: 28.5 | L109: 24.78 | M109: 19.78 | N109: 14.22 | O109: 8.89 | P109: -0.22222222 | Q109: 0.72222222 | R109: 3.3888889 | S109: 8.1111111 | T109: 12.888889 | U109: 18.111111 | V109: 22.277778 | W109: 22.611111 | X109: 19.222222 | Y109: 13.111111 | Z109: 7.3888889 | AA109: 1.8888889 | AB109: =6.112*EXP(17.625*P109/(243.04+P109))*100*AN109 -> 366.80476 | AC109: =6.112*EXP(17.625*Q109/(243.04+Q109))*100*AO109 -> 389.81802 | AD109: =6.112*EXP(17.625*R109/(243.04+R109))*100*AP109 -> 462.67037 | AE109: =6.112*EXP(17.625*S109/(243.04+S109))*100*AQ109 -> 654.00033 | AF109: =6.112*EXP(17.625*T109/(243.04+T109))*100*AR109 -> 937.99938 | AG109: =6.112*EXP(17.625*U109/(243.04+U109))*100*AS109 -> 1489.37 | AH109: =6.112*EXP(17.625*V109/(243.04+V109))*100*AT109 -> 1933.9383 | AI109: =6.112*EXP(17.625*W109/(243.04+W109))*100*AU109 -> 1931.189 | ... AM109: =6.112*EXP(17.625*AA109/(243.04+AA109))*100*AY109 -> 430.66402 | AN109: =(EXP((17.625*P109)/(243.04+P109))/EXP((17.625*D109)/(243.04+D109))) -> 0.60989744 | AO109: =(EXP((17.625*Q109)/(243.04+Q109))/EXP((17.625*E109)/(243.04+E109))) -> 0.6053407 | AP109: =(EXP((17.625*R109)/(243.04+R109))/EXP((17.625*F109)/(243.04+F109))) -> 0.59405207 | AQ109: =(EXP((17.625*S109)/(243.04+S109))/EXP((17.625*G109)/(243.04+G109))) -> 0.6056041 | AR109: =(EXP((17.625*T109)/(243.04+T109))/EXP((17.625*H109)/(243.04+H109))) -> 0.63173119 | AS109: =(EXP((17.625*U109)/(243.04+U109))/EXP((17.625*I109)/(243.04+I109))) -> 0.71775392 | AT109: =(EXP((17.625*V109)/(243.04+V109))/EXP((17.625*J109)/(243.04+J109))) -> 0.72034992 | AU109: =(EXP((17.625*W109)/(243.04+W109))/EXP((17.625*K109)/(243.04+K109))) -> 0.7049 | ... AY109: =(EXP((17.625*AA109)/(243.04+AA109))/EXP((17.625*O109)/(243.04+O109))) -> 0.61506964
... A203: JAPAN | B203: YAMANASHI (JP-19) | C203: KOFU | D203: 2.89 | E203: 4.78 | F203: 8.61 | G203: 14.22 | H203: 19 | I203: 22.5 | J203: 26.28 | K203: 27.11 | L203: 23.39 | M203: 17.22 | N203: 10.78 | O203: 5.28 | P203: -6.8888889 | Q203: -5.5 | R203: -2.1111111 | S203: 4.1111111 | T203: 10.222222 | U203: 15.611111 | V203: 20.111111 | W203: 20.5 | X203: 17 | Y203: 11.111111 | Z203: 4.1111111 | AA203: -3.2222222 | AB203: =6.112*EXP(17.625*P203/(243.04+P203))*100*AN203 -> 177.68476 | AC203: =6.112*EXP(17.625*Q203/(243.04+Q203))*100*AO203 -> 192.34517 | AD203: =6.112*EXP(17.625*R203/(243.04+R203))*100*AP203 -> 245.55605 | AE203: =6.112*EXP(17.625*S203/(243.04+S203))*100*AQ203 -> 414.69943 | AF203: =6.112*EXP(17.625*T203/(243.04+T203))*100*AR203 -> 706.44001 | AG203: =6.112*EXP(17.625*U203/(243.04+U203))*100*AS203 -> 1152.3393 | AH203: =6.112*EXP(17.625*V203/(243.04+V203))*100*AT203 -> 1618.9703 | AI203: =6.112*EXP(17.625*W203/(243.04+W203))*100*AU203 -> 1617.6341 | ... AM203: =6.112*EXP(17.625*AA203/(243.04+AA203))*100*AY203 -> 261.65906 | AN203: =(EXP((17.625*P203)/(243.04+P203))/EXP((17.625*D203)/(243.04+D203))) -> 0.48613688 | AO203: =(EXP((17.625*Q203)/(243.04+Q203))/EXP((17.625*E203)/(243.04+E203))) -> 0.47329161 | AP203: =(EXP((17.625*R203)/(243.04+R203))/EXP((17.625*F203)/(243.04+F203))) -> 0.46885486 | AQ203: =(EXP((17.625*S203)/(243.04+S203))/EXP((17.625*G203)/(243.04+G203))) -> 0.50608812 | AR203: =(EXP((17.625*T203)/(243.04+T203))/EXP((17.625*H203)/(243.04+H203))) -> 0.56746861 | AS203: =(EXP((17.625*U203)/(243.04+U203))/EXP((17.625*I203)/(243.04+I203))) -> 0.65073878 | AT203: =(EXP((17.625*V203)/(243.04+V203))/EXP((17.625*J203)/(243.04+J203))) -> 0.68876507 | AU203: =(EXP((17.625*W203)/(243.04+W203))/EXP((17.625*K203)/(243.04+K203))) -> 0.6718628 | ... AY203: =(EXP((17.625*AA203)/(243.04+AA203))/EXP((17.625*O203)/(243.04+O203))) -> 0.54249841
A204: Saudi Arabia | B204: SA | C204: RIYADH | D204: #VALUE! | E204: #VALUE! | F204: #VALUE! | G204: #VALUE! | H204: #VALUE! | I204: #VALUE! | J204: #VALUE! | K204: #VALUE! | L204: #VALUE! | M204: #VALUE! | N204: #VALUE! | O204: #VALUE! | P204: #VALUE! | Q204: #VALUE! | R204: #VALUE! | S204: #VALUE! | T204: #VALUE! | U204: #VALUE! | V204: #VALUE! | W204: #VALUE! | X204: #VALUE! | Y204: #VALUE! | Z204: #VALUE! | AA204: #VALUE! | AB204: =6.112*EXP(17.625*P204/(243.04+P204))*100*AN204 -> #VALUE! | AC204: =6.112*EXP(17.625*Q204/(243.04+Q204))*100*AO204 -> #VALUE! | AD204: =6.112*EXP(17.625*R204/(243.04+R204))*100*AP204 -> #VALUE! | AE204: =6.112*EXP(17.625*S204/(243.04+S204))*100*AQ204 -> #VALUE! | AF204: =6.112*EXP(17.625*T204/(243.04+T204))*100*AR204 -> #VALUE! | AG204: =6.112*EXP(17.625*U204/(243.04+U204))*100*AS204 -> #VALUE! | AH204: =6.112*EXP(17.625*V204/(243.04+V204))*100*AT204 -> #VALUE! | AI204: =6.112*EXP(17.625*W204/(243.04+W204))*100*AU204 -> #VALUE! | ... AM204: =6.112*EXP(17.625*AA204/(243.04+AA204))*100*AY204 -> #VALUE! | AN204: =(EXP((17.625*P204)/(243.04+P204))/EXP((17.625*D204)/(243.04+D204))) -> #VALUE! | AO204: =(EXP((17.625*Q204)/(243.04+Q204))/EXP((17.625*E204)/(243.04+E204))) -> #VALUE! | AP204: =(EXP((17.625*R204)/(243.04+R204))/EXP((17.625*F204)/(243.04+F204))) -> #VALUE! | AQ204: =(EXP((17.625*S204)/(243.04+S204))/EXP((17.625*G204)/(243.04+G204))) -> #VALUE! | AR204: =(EXP((17.625*T204)/(243.04+T204))/EXP((17.625*H204)/(243.04+H204))) -> #VALUE! | AS204: =(EXP((17.625*U204)/(243.04+U204))/EXP((17.625*I204)/(243.04+I204))) -> #VALUE! | AT204: =(EXP((17.625*V204)/(243.04+V204))/EXP((17.625*J204)/(243.04+J204))) -> #VALUE! | AU204: =(EXP((17.625*W204)/(243.04+W204))/EXP((17.625*K204)/(243.04+K204))) -> #VALUE! | ... AY204: =(EXP((17.625*AA204)/(243.04+AA204))/EXP((17.625*O204)/(243.04+O204))) -> #VALUE!
A205: United Arab Emirates | B205: AE | C205: DUBAI INT AP | D205: #VALUE! | E205: #VALUE! | F205: #VALUE! | G205: #VALUE! | H205: #VALUE! | I205: #VALUE! | J205: #VALUE! | K205: #VALUE! | L205: #VALUE! | M205: #VALUE! | N205: #VALUE! | O205: #VALUE! | P205: #VALUE! | Q205: #VALUE! | R205: #VALUE! | S205: #VALUE! | T205: #VALUE! | U205: #VALUE! | V205: #VALUE! | W205: #VALUE! | X205: #VALUE! | Y205: #VALUE! | Z205: #VALUE! | AA205: #VALUE! | AB205: =6.112*EXP(17.625*P205/(243.04+P205))*100*AN205 -> #VALUE! | AC205: =6.112*EXP(17.625*Q205/(243.04+Q205))*100*AO205 -> #VALUE! | AD205: =6.112*EXP(17.625*R205/(243.04+R205))*100*AP205 -> #VALUE! | AE205: =6.112*EXP(17.625*S205/(243.04+S205))*100*AQ205 -> #VALUE! | AF205: =6.112*EXP(17.625*T205/(243.04+T205))*100*AR205 -> #VALUE! | AG205: =6.112*EXP(17.625*U205/(243.04+U205))*100*AS205 -> #VALUE! | AH205: =6.112*EXP(17.625*V205/(243.04+V205))*100*AT205 -> #VALUE! | AI205: =6.112*EXP(17.625*W205/(243.04+W205))*100*AU205 -> #VALUE! | ... AM205: =6.112*EXP(17.625*AA205/(243.04+AA205))*100*AY205 -> #VALUE! | AN205: =(EXP((17.625*P205)/(243.04+P205))/EXP((17.625*D205)/(243.04+D205))) -> #VALUE! | AO205: =(EXP((17.625*Q205)/(243.04+Q205))/EXP((17.625*E205)/(243.04+E205))) -> #VALUE! | AP205: =(EXP((17.625*R205)/(243.04+R205))/EXP((17.625*F205)/(243.04+F205))) -> #VALUE! | AQ205: =(EXP((17.625*S205)/(243.04+S205))/EXP((17.625*G205)/(243.04+G205))) -> #VALUE! | AR205: =(EXP((17.625*T205)/(243.04+T205))/EXP((17.625*H205)/(243.04+H205))) -> #VALUE! | AS205: =(EXP((17.625*U205)/(243.04+U205))/EXP((17.625*I205)/(243.04+I205))) -> #VALUE! | AT205: =(EXP((17.625*V205)/(243.04+V205))/EXP((17.625*J205)/(243.04+J205))) -> #VALUE! | AU205: =(EXP((17.625*W205)/(243.04+W205))/EXP((17.625*K205)/(243.04+K205))) -> #VALUE! | ... AY205: =(EXP((17.625*AA205)/(243.04+AA205))/EXP((17.625*O205)/(243.04+O205))) -> #VALUE!
A206: USA | B206: AK | C206: ADAK NAS | D206: 0.22 | E206: 0.9 | F206: 1.89 | G206: 2.4 | H206: 3.61 | I206: 6.3 | J206: 8.8 | K206: 9.7 | L206: 9.22 | M206: 5.8 | N206: 2.72 | O206: 0.72 | P206: -3.3888889 | Q206: -1.4 | R206: -0.88888889 | S206: -3.4 | T206: 0.22222222 | U206: 2.5 | V206: 6.1 | W206: 5.2 | X206: 1.3888889 | Y206: 0.8 | Z206: -0.77777778 | AA206: -2.7222222 | AB206: =6.112*EXP(17.625*P206/(243.04+P206))*100*AN206 -> 365.40884 | AC206: =6.112*EXP(17.625*Q206/(243.04+Q206))*100*AO206 -> 466.92496 | AD206: =6.112*EXP(17.625*R206/(243.04+R206))*100*AP206 -> 468.72925 | AE206: =6.112*EXP(17.625*S206/(243.04+S206))*100*AQ206 -> 311.98512 | AF206: =6.112*EXP(17.625*T206/(243.04+T206))*100*AR206 -> 487.68209 | AG206: =6.112*EXP(17.625*U206/(243.04+U206))*100*AS206 -> 560.59651 | AH206: =6.112*EXP(17.625*V206/(243.04+V206))*100*AT206 -> 782.60334 | AI206: =6.112*EXP(17.625*W206/(243.04+W206))*100*AU206 -> 650.26912 | ... AM206: =6.112*EXP(17.625*AA206/(243.04+AA206))*100*AY206 -> 389.1898 | AN206: =(EXP((17.625*P206)/(243.04+P206))/EXP((17.625*D206)/(243.04+D206))) -> 0.76707279 | AO206: =(EXP((17.625*Q206)/(243.04+Q206))/EXP((17.625*E206)/(243.04+E206))) -> 0.84608035 | AP206: =(EXP((17.625*R206)/(243.04+R206))/EXP((17.625*F206)/(243.04+F206))) -> 0.81815699 | AQ206: =(EXP((17.625*S206)/(243.04+S206))/EXP((17.625*G206)/(243.04+G206))) -> 0.65546777 | AR206: =(EXP((17.625*T206)/(243.04+T206))/EXP((17.625*H206)/(243.04+H206))) -> 0.78516524 | AS206: =(EXP((17.625*U206)/(243.04+U206))/EXP((17.625*I206)/(243.04+I206))) -> 0.76653552 | AT206: =(EXP((17.625*V206)/(243.04+V206))/EXP((17.625*J206)/(243.04+J206))) -> 0.83165903 | AU206: =(EXP((17.625*W206)/(243.04+W206))/EXP((17.625*K206)/(243.04+K206))) -> 0.7354762 | ... AY206: =(EXP((17.625*AA206)/(243.04+AA206))/EXP((17.625*O206)/(243.04+O206))) -> 0.77747153
A207: USA | B207: AK | C207: AMBLER | D207: -23 | E207: -15.2 | F207: -8 | G207: -5 | H207: 5 | I207: 12.6 | J207: 11.8 | K207: 9.2 | L207: 2.72 | M207: -0.6 | N207: -13.28 | O207: -14.39 | P207: -26.222222 | Q207: -19.7 | R207: -14 | S207: -9.4 | T207: -2.2222222 | U207: 1.8 | V207: 6.5 | W207: 2.4 | X207: -1.6111111 | Y207: -3.8 | Z207: -16.388889 | AA207: -18.222222 | AB207: =6.112*EXP(17.625*P207/(243.04+P207))*100*AN207 -> 54.299899 | AC207: =6.112*EXP(17.625*Q207/(243.04+Q207))*100*AO207 -> 88.409243 | AD207: =6.112*EXP(17.625*R207/(243.04+R207))*100*AP207 -> 129.11154 | AE207: =6.112*EXP(17.625*S207/(243.04+S207))*100*AQ207 -> 214.31087 | AF207: =6.112*EXP(17.625*T207/(243.04+T207))*100*AR207 -> 309.46911 | AG207: =6.112*EXP(17.625*U207/(243.04+U207))*100*AS207 -> 332.24445 | AH207: =6.112*EXP(17.625*V207/(243.04+V207))*100*AT207 -> 676.89313 | AI207: =6.112*EXP(17.625*W207/(243.04+W207))*100*AU207 -> 453.62514 | ... AM207: =6.112*EXP(17.625*AA207/(243.04+AA207))*100*AY207 -> 106.43326 | AN207: =(EXP((17.625*P207)/(243.04+P207))/EXP((17.625*D207)/(243.04+D207))) -> 0.74877885 | AO207: =(EXP((17.625*Q207)/(243.04+Q207))/EXP((17.625*E207)/(243.04+E207))) -> 0.68467481 | AP207: =(EXP((17.625*R207)/(243.04+R207))/EXP((17.625*F207)/(243.04+F207))) -> 0.62037891 | AQ207: =(EXP((17.625*S207)/(243.04+S207))/EXP((17.625*G207)/(243.04+G207))) -> 0.71255879 | AR207: =(EXP((17.625*T207)/(243.04+T207))/EXP((17.625*H207)/(243.04+H207))) -> 0.59575504 | AS207: =(EXP((17.625*U207)/(243.04+U207))/EXP((17.625*I207)/(243.04+I207))) -> 0.4775303 | AT207: =(EXP((17.625*V207)/(243.04+V207))/EXP((17.625*J207)/(243.04+J207))) -> 0.6997686 | AU207: =(EXP((17.625*W207)/(243.04+W207))/EXP((17.625*K207)/(243.04+K207))) -> 0.62469197 | ... AY207: =(EXP((17.625*AA207)/(243.04+AA207))/EXP((17.625*O207)/(243.04+O207))) -> 0.72662718
A208: USA | B208: AK | C208: ANAKTUVUK PASS | D208: -22 | E208: -20.5 | F208: -14.22 | G208: -9 | H208: 2.22 | I208: 7.5 | J208: 9.9 | K208: 5.3 | L208: 1.78 | M208: -6.3 | N208: -13.89 | O208: -19.28 | P208: -26 | Q208: -24.2 | R208: -20.5 | S208: -13.4 | T208: -2.2777778 | U208: 1.1 | V208: 3.3 | W208: -1.6 | X208: -1.1111111 | Y208: -9 | Z208: -18 | AA208: -21.722222 | AB208: =6.112*EXP(17.625*P208/(243.04+P208))*100*AN208 -> 51.775015 | AC208: =6.112*EXP(17.625*Q208/(243.04+Q208))*100*AO208 -> 62.862851 | AD208: =6.112*EXP(17.625*R208/(243.04+R208))*100*AP208 -> 71.062471 | AE208: =6.112*EXP(17.625*S208/(243.04+S208))*100*AQ208 -> 153.89612 | AF208: =6.112*EXP(17.625*T208/(243.04+T208))*100*AR208 -> 373.30657 | AG208: =6.112*EXP(17.625*U208/(243.04+U208))*100*AS208 -> 422.689 | AH208: =6.112*EXP(17.625*V208/(243.04+V208))*100*AT208 -> 491.66615 | AI208: =6.112*EXP(17.625*W208/(243.04+W208))*100*AU208 -> 332.1804 | ... AM208: =6.112*EXP(17.625*AA208/(243.04+AA208))*100*AY208 -> 87.732422 | AN208: =(EXP((17.625*P208)/(243.04+P208))/EXP((17.625*D208)/(243.04+D208))) -> 0.69966434 | AO208: =(EXP((17.625*Q208)/(243.04+Q208))/EXP((17.625*E208)/(243.04+E208))) -> 0.72220795 | AP208: =(EXP((17.625*R208)/(243.04+R208))/EXP((17.625*F208)/(243.04+F208))) -> 0.58961803 | AQ208: =(EXP((17.625*S208)/(243.04+S208))/EXP((17.625*G208)/(243.04+G208))) -> 0.70420285 | AR208: =(EXP((17.625*T208)/(243.04+T208))/EXP((17.625*H208)/(243.04+H208))) -> 0.72160346 | AS208: =(EXP((17.625*U208)/(243.04+U208))/EXP((17.625*I208)/(243.04+I208))) -> 0.63877758 | AT208: =(EXP((17.625*V208)/(243.04+V208))/EXP((17.625*J208)/(243.04+J208))) -> 0.63525365 | AU208: =(EXP((17.625*W208)/(243.04+W208))/EXP((17.625*K208)/(243.04+K208))) -> 0.61082375 | ... AY208: =(EXP((17.625*AA208)/(243.04+AA208))/EXP((17.625*O208)/(243.04+O208))) -> 0.80957299
A209: USA | B209: AK | C209: ANCHORAGE INTL AP | D209: -8 | E209: -7.8 | F209: -3.39 | G209: 3.3 | H209: 9.61 | I209: 13.7 | J209: 14.9 | K209: 13.7 | L209: 10.72 | M209: 1.1 | N209: -5.5 | O209: -7.28 | P209: -11.722222 | Q209: -11.4 | R209: -10.277778 | S209: -3.4 | T209: 2.2222222 | U209: 6.6 | V209: 9.3 | W209: 8.5 | X209: 5.8888889 | Y209: -3 | Z209: -8.6111111 | AA209: -9.3888889 | AB209: =6.112*EXP(17.625*P209/(243.04+P209))*100*AN209 -> 186.60589 | AC209: =6.112*EXP(17.625*Q209/(243.04+Q209))*100*AO209 -> 193.45083 | AD209: =6.112*EXP(17.625*R209/(243.04+R209))*100*AP209 -> 165.38113 | AE209: =6.112*EXP(17.625*S209/(243.04+S209))*100*AQ209 -> 292.71295 | AF209: =6.112*EXP(17.625*T209/(243.04+T209))*100*AR209 -> 430.2694 | AG209: =6.112*EXP(17.625*U209/(243.04+U209))*100*AS209 -> 605.99514 | AH209: =6.112*EXP(17.625*V209/(243.04+V209))*100*AT209 -> 809.52658 | AI209: =6.112*EXP(17.625*W209/(243.04+W209))*100*AU209 -> 785.32088 | ... AM209: =6.112*EXP(17.625*AA209/(243.04+AA209))*100*AY209 -> 255.49437 | AN209: =(EXP((17.625*P209)/(243.04+P209))/EXP((17.625*D209)/(243.04+D209))) -> 0.7458254 | AO209: =(EXP((17.625*Q209)/(243.04+Q209))/EXP((17.625*E209)/(243.04+E209))) -> 0.75352066 | AP209: =(EXP((17.625*R209)/(243.04+R209))/EXP((17.625*F209)/(243.04+F209))) -> 0.58923663 | AQ209: =(EXP((17.625*S209)/(243.04+S209))/EXP((17.625*G209)/(243.04+G209))) -> 0.61497775 | AR209: =(EXP((17.625*T209)/(243.04+T209))/EXP((17.625*H209)/(243.04+H209))) -> 0.60007193 | AS209: =(EXP((17.625*U209)/(243.04+U209))/EXP((17.625*I209)/(243.04+I209))) -> 0.62218159 | AT209: =(EXP((17.625*V209)/(243.04+V209))/EXP((17.625*J209)/(243.04+J209))) -> 0.69174032 | AU209: =(EXP((17.625*W209)/(243.04+W209))/EXP((17.625*K209)/(243.04+K209))) -> 0.70828193 | ... AY209: =(EXP((17.625*AA209)/(243.04+AA209))/EXP((17.625*O209)/(243.04+O209))) -> 0.84874883
A210: USA | B210: AK | C210: ANCHORAGE MERRILL FIELD | D210: -2 | E210: -5.8 | F210: -1.89 | G210: 2.6 | H210: 9.11 | I210: 15.3 | J210: 14.3 | K210: 16.1 | L210: 7.22 | M210: 1.7 | N210: 1.28 | O210: -4.72 | P210: -5 | Q210: -9.3 | R210: -6.2777778 | S210: -3.2 | T210: 0.11111111 | U210: 5.5 | V210: 9.3 | W210: 10.2 | X210: 1.7777778 | Y210: -1.1 | Z210: -1 | AA210: -6.6111111 | AB210: =6.112*EXP(17.625*P210/(243.04+P210))*100*AN210 -> 337.39142 | AC210: =6.112*EXP(17.625*Q210/(243.04+Q210))*100*AO210 -> 231.31886 | AD210: =6.112*EXP(17.625*R210/(243.04+R210))*100*AP210 -> 275.58645 | AE210: =6.112*EXP(17.625*S210/(243.04+S210))*100*AQ210 -> 316.89079 | AF210: =6.112*EXP(17.625*T210/(243.04+T210))*100*AR210 -> 328.57118 | AG210: =6.112*EXP(17.625*U210/(243.04+U210))*100*AS210 -> 469.49228 | AH210: =6.112*EXP(17.625*V210/(243.04+V210))*100*AT210 -> 841.48596 | AI210: =6.112*EXP(17.625*W210/(243.04+W210))*100*AU210 -> 845.73615 | ... AM210: =6.112*EXP(17.625*AA210/(243.04+AA210))*100*AY210 -> 323.37716 | AN210: =(EXP((17.625*P210)/(243.04+P210))/EXP((17.625*D210)/(243.04+D210))) -> 0.79933943 | AO210: =(EXP((17.625*Q210)/(243.04+Q210))/EXP((17.625*E210)/(243.04+E210))) -> 0.76309925 | AP210: =(EXP((17.625*R210)/(243.04+R210))/EXP((17.625*F210)/(243.04+F210))) -> 0.71950346 | AQ210: =(EXP((17.625*S210)/(243.04+S210))/EXP((17.625*G210)/(243.04+G210))) -> 0.65592406 | AR210: =(EXP((17.625*T210)/(243.04+T210))/EXP((17.625*H210)/(243.04+H210))) -> 0.53327143 | AS210: =(EXP((17.625*U210)/(243.04+U210))/EXP((17.625*I210)/(243.04+I210))) -> 0.52006569 | AT210: =(EXP((17.625*V210)/(243.04+V210))/EXP((17.625*J210)/(243.04+J210))) -> 0.7190496 | AU210: =(EXP((17.625*W210)/(243.04+W210))/EXP((17.625*K210)/(243.04+K210))) -> 0.68037136 | ... AY210: =(EXP((17.625*AA210)/(243.04+AA210))/EXP((17.625*O210)/(243.04+O210))) -> 0.86608847
A211: USA | B211: AK | C211: ANCHORAGE/ELMENDORF | D211: -2.28 | E211: -0.6 | F211: -1.11 | G211: 5.8 | H211: 8 | I211: 13.9 | J211: 16.3 | K211: 15.1 | L211: 7.22 | M211: -1.2 | N211: 0.78 | O211: -5.39 | P211: -4.3888889 | Q211: -2.3 | R211: -6.5 | S211: -2.4 | T211: 0.22222222 | U211: 4.2 | V211: 10.7 | W211: 9.5 | X211: 0.77777778 | Y211: -3.3 | Z211: -0.38888889 | AA211: -6.3888889 | AB211: =6.112*EXP(17.625*P211/(243.04+P211))*100*AN211 -> 377.68921 | AC211: =6.112*EXP(17.625*Q211/(243.04+Q211))*100*AO211 -> 455.89803 | AD211: =6.112*EXP(17.625*R211/(243.04+R211))*100*AP211 -> 251.54888 | AE211: =6.112*EXP(17.625*S211/(243.04+S211))*100*AQ211 -> 285.16147 | AF211: =6.112*EXP(17.625*T211/(243.04+T211))*100*AR211 -> 359.94885 | AG211: =6.112*EXP(17.625*U211/(243.04+U211))*100*AS211 -> 428.69845 | AH211: =6.112*EXP(17.625*V211/(243.04+V211))*100*AT211 -> 892.58596 | AI211: =6.112*EXP(17.625*W211/(243.04+W211))*100*AU211 -> 820.95685 | ... AM211: =6.112*EXP(17.625*AA211/(243.04+AA211))*100*AY211 -> 351.96067 | AN211: =(EXP((17.625*P211)/(243.04+P211))/EXP((17.625*D211)/(243.04+D211))) -> 0.8545145 | AO211: =(EXP((17.625*Q211)/(243.04+Q211))/EXP((17.625*E211)/(243.04+E211))) -> 0.88270165 | AP211: =(EXP((17.625*R211)/(243.04+R211))/EXP((17.625*F211)/(243.04+F211))) -> 0.66800422 | AQ211: =(EXP((17.625*S211)/(243.04+S211))/EXP((17.625*G211)/(243.04+G211))) -> 0.55622222 | AR211: =(EXP((17.625*T211)/(243.04+T211))/EXP((17.625*H211)/(243.04+H211))) -> 0.57951549 | AS211: =(EXP((17.625*U211)/(243.04+U211))/EXP((17.625*I211)/(243.04+I211))) -> 0.51992229 | AT211: =(EXP((17.625*V211)/(243.04+V211))/EXP((17.625*J211)/(243.04+J211))) -> 0.69452114 | AU211: =(EXP((17.625*W211)/(243.04+W211))/EXP((17.625*K211)/(243.04+K211))) -> 0.6921397 | ... AY211: =(EXP((17.625*AA211)/(243.04+AA211))/EXP((17.625*O211)/(243.04+O211))) -> 0.9267409
A212: USA | B212: AK | C212: ANIAK AIRPORT | D212: -11.11 | E212: -2.3 | F212: -5.11 | G212: -1.4 | H212: 5.11 | I212: 11.5 | J212: 12.8 | K212: 11.5 | L212: 3.22 | M212: -1.1 | N212: -2.61 | O212: -9.39 | P212: -17.277778 | Q212: -6.5 | R212: -10.222222 | S212: -7.5 | T212: -2.2222222 | U212: 2.2 | V212: 6.2 | W212: 5 | X212: -2.1111111 | Y212: -3.8 | Z212: -6.3888889 | AA212: -12.722222 | AB212: =6.112*EXP(17.625*P212/(243.04+P212))*100*AN212 -> 95.77396 | AC212: =6.112*EXP(17.625*Q212/(243.04+Q212))*100*AO212 -> 274.55705 | AD212: =6.112*EXP(17.625*R212/(243.04+R212))*100*AP212 -> 189.85285 | AE212: =6.112*EXP(17.625*S212/(243.04+S212))*100*AQ212 -> 220.32817 | AF212: =6.112*EXP(17.625*T212/(243.04+T212))*100*AR212 -> 307.10907 | AG212: =6.112*EXP(17.625*U212/(243.04+U212))*100*AS212 -> 378.17449 | AH212: =6.112*EXP(17.625*V212/(243.04+V212))*100*AT212 -> 608.19088 | AI212: =6.112*EXP(17.625*W212/(243.04+W212))*100*AU212 -> 560.99149 | ... AM212: =6.112*EXP(17.625*AA212/(243.04+AA212))*100*AY212 -> 177.08232 | AN212: =(EXP((17.625*P212)/(243.04+P212))/EXP((17.625*D212)/(243.04+D212))) -> 0.60376095 | AO212: =(EXP((17.625*Q212)/(243.04+Q212))/EXP((17.625*E212)/(243.04+E212))) -> 0.72910388 | AP212: =(EXP((17.625*R212)/(243.04+R212))/EXP((17.625*F212)/(243.04+F212))) -> 0.67346298 | AQ212: =(EXP((17.625*S212)/(243.04+S212))/EXP((17.625*G212)/(243.04+G212))) -> 0.63185478 | AR212: =(EXP((17.625*T212)/(243.04+T212))/EXP((17.625*H212)/(243.04+H212))) -> 0.59121176 | AS212: =(EXP((17.625*U212)/(243.04+U212))/EXP((17.625*I212)/(243.04+I212))) -> 0.52825352 | AT212: =(EXP((17.625*V212)/(243.04+V212))/EXP((17.625*J212)/(243.04+J212))) -> 0.64187077 | AU212: =(EXP((17.625*W212)/(243.04+W212))/EXP((17.625*K212)/(243.04+K212))) -> 0.64339017 | ... AY212: =(EXP((17.625*AA212)/(243.04+AA212))/EXP((17.625*O212)/(243.04+O212))) -> 0.76701783
A213: USA | B213: AK | C213: ANNETTE ISLAND AP | D213: 2.11 | E213: 4.9 | F213: 3.5 | G213: 6.5 | H213: 9.72 | I213: 11.3 | J213: 14.3 | K213: 14.2 | L213: 12.11 | M213: 8.2 | N213: 5 | O213: 3.39 | P213: -0.72222222 | Q213: 0.5 | R213: -1.6111111 | S213: 2.4 | T213: 5.2777778 | U213: 8 | V213: 10.3 | W213: 10.9 | X213: 9.8888889 | Y213: 5.9 | Z213: 2.6111111 | AA213: 0.38888889 | AB213: =6.112*EXP(17.625*P213/(243.04+P213))*100*AN213 -> 472.79625 | AC213: =6.112*EXP(17.625*Q213/(243.04+Q213))*100*AO213 -> 463.8096 | AD213: =6.112*EXP(17.625*R213/(243.04+R213))*100*AP213 -> 376.14693 | AE213: =6.112*EXP(17.625*S213/(243.04+S213))*100*AQ213 -> 545.1258 | AF213: =6.112*EXP(17.625*T213/(243.04+T213))*100*AR213 -> 656.4555 | AG213: =6.112*EXP(17.625*U213/(243.04+U213))*100*AS213 -> 858.93655 | AH213: =6.112*EXP(17.625*V213/(243.04+V213))*100*AT213 -> 962.16153 | AI213: =6.112*EXP(17.625*W213/(243.04+W213))*100*AU213 -> 1048.9599 | ... AM213: =6.112*EXP(17.625*AA213/(243.04+AA213))*100*AY213 -> 507.39026 | AN213: =(EXP((17.625*P213)/(243.04+P213))/EXP((17.625*D213)/(243.04+D213))) -> 0.8152758 | AO213: =(EXP((17.625*Q213)/(243.04+Q213))/EXP((17.625*E213)/(243.04+E213))) -> 0.73188262 | AP213: =(EXP((17.625*R213)/(243.04+R213))/EXP((17.625*F213)/(243.04+F213))) -> 0.69223577 | AQ213: =(EXP((17.625*S213)/(243.04+S213))/EXP((17.625*G213)/(243.04+G213))) -> 0.75069849 | AR213: =(EXP((17.625*T213)/(243.04+T213))/EXP((17.625*H213)/(243.04+H213))) -> 0.73847108 | AS213: =(EXP((17.625*U213)/(243.04+U213))/EXP((17.625*I213)/(243.04+I213))) -> 0.80140194 | AT213: =(EXP((17.625*V213)/(243.04+V213))/EXP((17.625*J213)/(243.04+J213))) -> 0.76888149 | AU213: =(EXP((17.625*W213)/(243.04+W213))/EXP((17.625*K213)/(243.04+K213))) -> 0.8054155 | ... AY213: =(EXP((17.625*AA213)/(243.04+AA213))/EXP((17.625*O213)/(243.04+O213))) -> 0.80710578
A214: USA | B214: AK | C214: ANVIK | D214: -10.78 | E214: -7.8 | F214: -3.78 | G214: -0.1 | H214: 5.78 | I214: 10.6 | J214: 12.5 | K214: 12.1 | L214: 5.61 | M214: 1 | N214: -6.39 | O214: -10.5 | P214: -18.111111 | Q214: -11 | R214: -12.722222 | S214: -5.8 | T214: -2.5 | U214: -0.7 | V214: 2.8 | W214: 0.8 | X214: -3 | Y214: -2.4 | Z214: -8.5 | AA214: -12 | AB214: =6.112*EXP(17.625*P214/(243.04+P214))*100*AN214 -> 81.057417 | AC214: =6.112*EXP(17.625*Q214/(243.04+Q214))*100*AO214 -> 206.18613 | AD214: =6.112*EXP(17.625*R214/(243.04+R214))*100*AP214 -> 115.20901 | AE214: =6.112*EXP(17.625*S214/(243.04+S214))*100*AQ214 -> 260.05511 | AF214: =6.112*EXP(17.625*T214/(243.04+T214))*100*AR214 -> 281.36101 | AG214: =6.112*EXP(17.625*U214/(243.04+U214))*100*AS214 -> 264.28525 | AH214: =6.112*EXP(17.625*V214/(243.04+V214))*100*AT214 -> 385.58436 | AI214: =6.112*EXP(17.625*W214/(243.04+W214))*100*AU214 -> 297.43902 | ... AM214: =6.112*EXP(17.625*AA214/(243.04+AA214))*100*AY214 -> 217.10981 | AN214: =(EXP((17.625*P214)/(243.04+P214))/EXP((17.625*D214)/(243.04+D214))) -> 0.54820046 | AO214: =(EXP((17.625*Q214)/(243.04+Q214))/EXP((17.625*E214)/(243.04+E214))) -> 0.77792833 | AP214: =(EXP((17.625*R214)/(243.04+R214))/EXP((17.625*F214)/(243.04+F214))) -> 0.49901856 | AQ214: =(EXP((17.625*S214)/(243.04+S214))/EXP((17.625*G214)/(243.04+G214))) -> 0.6546609 | AR214: =(EXP((17.625*T214)/(243.04+T214))/EXP((17.625*H214)/(243.04+H214))) -> 0.55288566 | AS214: =(EXP((17.625*U214)/(243.04+U214))/EXP((17.625*I214)/(243.04+I214))) -> 0.4549875 | AT214: =(EXP((17.625*V214)/(243.04+V214))/EXP((17.625*J214)/(243.04+J214))) -> 0.5161259 | AU214: =(EXP((17.625*W214)/(243.04+W214))/EXP((17.625*K214)/(243.04+K214))) -> 0.45930545 | ... AY214: =(EXP((17.625*AA214)/(243.04+AA214))/EXP((17.625*O214)/(243.04+O214))) -> 0.88727965
A215: USA | B215: AK | C215: BARROW W POST-W ROGERS ARPT [NSA - ARM] | D215: -23.78 | E215: -26 | F215: -23.78 | G215: -18.3 | H215: -6.39 | I215: 0.7 | J215: 3.6 | K215: 4.2 | L215: -0.11 | M215: -9.8 | N215: -20.39 | O215: -22.72 | P215: -26.5 | Q215: -28.9 | R215: -26.277778 | S215: -21.4 | T215: -8.1111111 | U215: -0.9 | V215: 1.9 | W215: 1.9 | X215: -2.2777778 | Y215: -10.2 | Z215: -23.277778 | AA215: -25.388889 | AB215: =6.112*EXP(17.625*P215/(243.04+P215))*100*AN215 -> 55.317433 | AC215: =6.112*EXP(17.625*Q215/(243.04+Q215))*100*AO215 -> 43.358434 | AD215: =6.112*EXP(17.625*R215/(243.04+R215))*100*AP215 -> 57.607256 | AE215: =6.112*EXP(17.625*S215/(243.04+S215))*100*AQ215 -> 85.378174 | AF215: =6.112*EXP(17.625*T215/(243.04+T215))*100*AR215 -> 291.28373 | AG215: =6.112*EXP(17.625*U215/(243.04+U215))*100*AS215 -> 509.68227 | AH215: =6.112*EXP(17.625*V215/(243.04+V215))*100*AT215 -> 621.16765 | AI215: =6.112*EXP(17.625*W215/(243.04+W215))*100*AU215 -> 595.5308 | ... AM215: =6.112*EXP(17.625*AA215/(243.04+AA215))*100*AY215 -> 61.625035 | AN215: =(EXP((17.625*P215)/(243.04+P215))/EXP((17.625*D215)/(243.04+D215))) -> 0.78238989 | AO215: =(EXP((17.625*Q215)/(243.04+Q215))/EXP((17.625*E215)/(243.04+E215))) -> 0.76545832 | AP215: =(EXP((17.625*R215)/(243.04+R215))/EXP((17.625*F215)/(243.04+F215))) -> 0.79841891 | AQ215: =(EXP((17.625*S215)/(243.04+S215))/EXP((17.625*G215)/(243.04+G215))) -> 0.76598885 | AR215: =(EXP((17.625*T215)/(243.04+T215))/EXP((17.625*H215)/(243.04+H215))) -> 0.8758075 | AS215: =(EXP((17.625*U215)/(243.04+U215))/EXP((17.625*I215)/(243.04+I215))) -> 0.89036207 | AT215: =(EXP((17.625*V215)/(243.04+V215))/EXP((17.625*J215)/(243.04+J215))) -> 0.88644129 | AU215: =(EXP((17.625*W215)/(243.04+W215))/EXP((17.625*K215)/(243.04+K215))) -> 0.84985606 | ... AY215: =(EXP((17.625*AA215)/(243.04+AA215))/EXP((17.625*O215)/(243.04+O215))) -> 0.78788042
A216: USA | B216: AK | C216: BETHEL AIRPORT | D216: -9.61 | E216: -10.8 | F216: -10.22 | G216: -0.8 | H216: 6.22 | I216: 11.2 | J216: 13.3 | K216: 11.6 | L216: 7.22 | M216: -0.2 | N216: -7.61 | O216: -11 | P216: -11.888889 | Q216: -13.7 | R216: -12.277778 | S216: -4.4 | T216: 1 | U216: 6.8 | V216: 9.3 | W216: 9.5 | X216: 4 | Y216: -2.5 | Z216: -10.5 | AA216: -13.111111 | AB216: =6.112*EXP(17.625*P216/(243.04+P216))*100*AN216 -> 206.02434 | AC216: =6.112*EXP(17.625*Q216/(243.04+Q216))*100*AO216 -> 168.9046 | AD216: =6.112*EXP(17.625*R216/(243.04+R216))*100*AP216 -> 203.08281 | AE216: =6.112*EXP(17.625*S216/(243.04+S216))*100*AQ216 -> 338.22049 | AF216: =6.112*EXP(17.625*T216/(243.04+T216))*100*AR216 -> 454.89014 | AG216: =6.112*EXP(17.625*U216/(243.04+U216))*100*AS216 -> 733.92478 | AH216: =6.112*EXP(17.625*V216/(243.04+V216))*100*AT216 -> 897.94155 | AI216: =6.112*EXP(17.625*W216/(243.04+W216))*100*AU216 -> 1031.2775 | ... AM216: =6.112*EXP(17.625*AA216/(243.04+AA216))*100*AY216 -> 188.84122 | AN216: =(EXP((17.625*P216)/(243.04+P216))/EXP((17.625*D216)/(243.04+D216))) -> 0.83450531 | AO216: =(EXP((17.625*Q216)/(243.04+Q216))/EXP((17.625*E216)/(243.04+E216))) -> 0.79196985 | AP216: =(EXP((17.625*R216)/(243.04+R216))/EXP((17.625*F216)/(243.04+F216))) -> 0.84868544 | AQ216: =(EXP((17.625*S216)/(243.04+S216))/EXP((17.625*G216)/(243.04+G216))) -> 0.76585705 | AR216: =(EXP((17.625*T216)/(243.04+T216))/EXP((17.625*H216)/(243.04+H216))) -> 0.69240096 | AS216: =(EXP((17.625*U216)/(243.04+U216))/EXP((17.625*I216)/(243.04+I216))) -> 0.7432486 | AT216: =(EXP((17.625*V216)/(243.04+V216))/EXP((17.625*J216)/(243.04+J216))) -> 0.76729089 | AU216: =(EXP((17.625*W216)/(243.04+W216))/EXP((17.625*K216)/(243.04+K216))) -> 0.86945871 | ... AY216: =(EXP((17.625*AA216)/(243.04+AA216))/EXP((17.625*O216)/(243.04+O216))) -> 0.84408943
A217: USA | B217: AK | C217: BETTLES FIELD | D217: -20.78 | E217: -20.9 | F217: -15.28 | G217: -2.8 | H217: 8 | I217: 13.7 | J217: 16.1 | K217: 11.9 | L217: 3.61 | M217: -6.8 | N217: -15.89 | O217: -22.28 | P217: -25.722222 | Q217: -26 | R217: -20.111111 | S217: -10.6 | T217: -0.88888889 | U217: 4.6 | V217: 8.6 | W217: 7.8 | X217: -0.61111111 | Y217: -8.9 | Z217: -18.5 | AA217: -26.611111 | AB217: =6.112*EXP(17.625*P217/(243.04+P217))*100*AN217 -> 48.959252 | AC217: =6.112*EXP(17.625*Q217/(243.04+Q217))*100*AO217 -> 47.037498 | AD217: =6.112*EXP(17.625*R217/(243.04+R217))*100*AP217 -> 82.917037 | AE217: =6.112*EXP(17.625*S217/(243.04+S217))*100*AQ217 -> 150.40508 | AF217: =6.112*EXP(17.625*T217/(243.04+T217))*100*AR217 -> 306.23873 | AG217: =6.112*EXP(17.625*U217/(243.04+U217))*100*AS217 -> 459.30345 | AH217: =6.112*EXP(17.625*V217/(243.04+V217))*100*AT217 -> 682.05153 | AI217: =6.112*EXP(17.625*W217/(243.04+W217))*100*AU217 -> 803.39597 | ... AM217: =6.112*EXP(17.625*AA217/(243.04+AA217))*100*AY217 -> 47.466851 | AN217: =(EXP((17.625*P217)/(243.04+P217))/EXP((17.625*D217)/(243.04+D217))) -> 0.64513149 | AO217: =(EXP((17.625*Q217)/(243.04+Q217))/EXP((17.625*E217)/(243.04+E217))) -> 0.63564366 | AP217: =(EXP((17.625*R217)/(243.04+R217))/EXP((17.625*F217)/(243.04+F217))) -> 0.66525995 | AQ217: =(EXP((17.625*S217)/(243.04+S217))/EXP((17.625*G217)/(243.04+G217))) -> 0.54972549 | AR217: =(EXP((17.625*T217)/(243.04+T217))/EXP((17.625*H217)/(243.04+H217))) -> 0.53453323 | AS217: =(EXP((17.625*U217)/(243.04+U217))/EXP((17.625*I217)/(243.04+I217))) -> 0.54166708 | AT217: =(EXP((17.625*V217)/(243.04+V217))/EXP((17.625*J217)/(243.04+J217))) -> 0.61099432 | AU217: =(EXP((17.625*W217)/(243.04+W217))/EXP((17.625*K217)/(243.04+K217))) -> 0.75984938 | ... AY217: =(EXP((17.625*AA217)/(243.04+AA217))/EXP((17.625*O217)/(243.04+O217))) -> 0.67820691
... A953: USA | B953: OK | C953: VANCE AFB | D953: 2.22 | E953: 1.9 | F953: 6.28 | G953: 14.6 | H953: 18.78 | I953: 25.8 | J953: 28 | K953: 27.1 | L953: 24.61 | M953: 16 | N953: 6.22 | O953: 1.5 | P953: -0.5 | Q953: -2 | R953: -2.8888889 | S953: 1.8 | T953: 13.777778 | U953: 18.4 | V953: 17.6 | W953: 16.2 | X953: 9.2222222 | Y953: 4.9 | Z953: 1.2222222 | AA953: -3.2222222 | AB953: =6.112*EXP(17.625*P953/(243.04+P953))*100*AN953 -> 484.5502 | AC953: =6.112*EXP(17.625*Q953/(243.04+Q953))*100*AO953 -> 397.90947 | AD953: =6.112*EXP(17.625*R953/(243.04+R953))*100*AP953 -> 256.57939 | AE953: =6.112*EXP(17.625*S953/(243.04+S953))*100*AQ953 -> 291.72037 | AF953: =6.112*EXP(17.625*T953/(243.04+T953))*100*AR953 -> 1144.0168 | AG953: =6.112*EXP(17.625*U953/(243.04+U953))*100*AS953 -> 1345.9641 | AH953: =6.112*EXP(17.625*V953/(243.04+V953))*100*AT953 -> 1069.5085 | AI953: =6.112*EXP(17.625*W953/(243.04+W953))*100*AU953 -> 943.97372 | ... AM953: =6.112*EXP(17.625*AA953/(243.04+AA953))*100*AY953 -> 341.61679 | AN953: =(EXP((17.625*P953)/(243.04+P953))/EXP((17.625*D953)/(243.04+D953))) -> 0.82211993 | AO953: =(EXP((17.625*Q953)/(243.04+Q953))/EXP((17.625*E953)/(243.04+E953))) -> 0.7535511 | AP953: =(EXP((17.625*R953)/(243.04+R953))/EXP((17.625*F953)/(243.04+F953))) -> 0.5189401 | AQ953: =(EXP((17.625*S953)/(243.04+S953))/EXP((17.625*G953)/(243.04+G953))) -> 0.41928561 | AR953: =(EXP((17.625*T953)/(243.04+T953))/EXP((17.625*H953)/(243.04+H953))) -> 0.72711504 | AS953: =(EXP((17.625*U953)/(243.04+U953))/EXP((17.625*I953)/(243.04+I953))) -> 0.6369934 | AT953: =(EXP((17.625*V953)/(243.04+V953))/EXP((17.625*J953)/(243.04+J953))) -> 0.53226322 | AU953: =(EXP((17.625*W953)/(243.04+W953))/EXP((17.625*K953)/(243.04+K953))) -> 0.51339053 | ... AY953: =(EXP((17.625*AA953)/(243.04+AA953))/EXP((17.625*O953)/(243.04+O953))) -> 0.70827496
A954: USA | B954: OR | C954: BEND MUNICIPAL AIRPORT | P954: -17.777778 | Q954: -17.777778 | R954: -17.777778 | S954: -17.777778 | T954: -17.777778 | U954: -17.777778 | V954: -17.777778 | W954: -17.777778 | X954: -17.777778 | Y954: -17.777778 | Z954: -17.777778 | AA954: -17.777778 | AB954: =6.112*EXP(17.625*P954/(243.04+P954))*100*AN954 -> 37.844332 | AC954: =6.112*EXP(17.625*Q954/(243.04+Q954))*100*AO954 -> 37.844332 | AD954: =6.112*EXP(17.625*R954/(243.04+R954))*100*AP954 -> 37.844332 | AE954: =6.112*EXP(17.625*S954/(243.04+S954))*100*AQ954 -> 37.844332 | AF954: =6.112*EXP(17.625*T954/(243.04+T954))*100*AR954 -> 37.844332 | AG954: =6.112*EXP(17.625*U954/(243.04+U954))*100*AS954 -> 37.844332 | AH954: =6.112*EXP(17.625*V954/(243.04+V954))*100*AT954 -> 37.844332 | AI954: =6.112*EXP(17.625*W954/(243.04+W954))*100*AU954 -> 37.844332 | ... AM954: =6.112*EXP(17.625*AA954/(243.04+AA954))*100*AY954 -> 37.844332 | AN954: =(EXP((17.625*P954)/(243.04+P954))/EXP((17.625*D954)/(243.04+D954))) -> 0.24883344 | AO954: =(EXP((17.625*Q954)/(243.04+Q954))/EXP((17.625*E954)/(243.04+E954))) -> 0.24883344 | AP954: =(EXP((17.625*R954)/(243.04+R954))/EXP((17.625*F954)/(243.04+F954))) -> 0.24883344 | AQ954: =(EXP((17.625*S954)/(243.04+S954))/EXP((17.625*G954)/(243.04+G954))) -> 0.24883344 | AR954: =(EXP((17.625*T954)/(243.04+T954))/EXP((17.625*H954)/(243.04+H954))) -> 0.24883344 | AS954: =(EXP((17.625*U954)/(243.04+U954))/EXP((17.625*I954)/(243.04+I954))) -> 0.24883344 | AT954: =(EXP((17.625*V954)/(243.04+V954))/EXP((17.625*J954)/(243.04+J954))) -> 0.24883344 | AU954: =(EXP((17.625*W954)/(243.04+W954))/EXP((17.625*K954)/(243.04+K954))) -> 0.24883344 | ... AY954: =(EXP((17.625*AA954)/(243.04+AA954))/EXP((17.625*O954)/(243.04+O954))) -> 0.24883344
A955: USA | B955: OR | C955: ASTORIA REGIONAL AIRPORT | D955: 6.28 | E955: 7.2 | F955: 8.78 | G955: 9.9 | H955: 11.5 | I955: 13.5 | J955: 15.7 | K955: 16.8 | L955: 14.28 | M955: 11.5 | N955: 7.78 | O955: 6.39 | P955: 3.1111111 | Q955: 4.4 | R955: 5.2222222 | S955: 5.8 | T955: 7.8888889 | U955: 9.9 | V955: 12.3 | W955: 13 | X955: 11.222222 | Y955: 8.8 | Z955: 5.7777778 | AA955: 3.8888889 | AB955: =6.112*EXP(17.625*P955/(243.04+P955))*100*AN955 -> 612.16539 | AC955: =6.112*EXP(17.625*Q955/(243.04+Q955))*100*AO955 -> 688.92312 | AD955: =6.112*EXP(17.625*R955/(243.04+R955))*100*AP955 -> 693.94688 | AE955: =6.112*EXP(17.625*S955/(243.04+S955))*100*AQ955 -> 697.28834 | AF955: =6.112*EXP(17.625*T955/(243.04+T955))*100*AR955 -> 834.93222 | AG955: =6.112*EXP(17.625*U955/(243.04+U955))*100*AS955 -> 960.65209 | AH955: =6.112*EXP(17.625*V955/(243.04+V955))*100*AT955 -> 1145.9539 | AI955: =6.112*EXP(17.625*W955/(243.04+W955))*100*AU955 -> 1171.0268 | ... AM955: =6.112*EXP(17.625*AA955/(243.04+AA955))*100*AY955 -> 677.93597 | AN955: =(EXP((17.625*P955)/(243.04+P955))/EXP((17.625*D955)/(243.04+D955))) -> 0.80156866 | AO955: =(EXP((17.625*Q955)/(243.04+Q955))/EXP((17.625*E955)/(243.04+E955))) -> 0.82390186 | AP955: =(EXP((17.625*R955)/(243.04+R955))/EXP((17.625*F955)/(243.04+F955))) -> 0.78366584 | AQ955: =(EXP((17.625*S955)/(243.04+S955))/EXP((17.625*G955)/(243.04+G955))) -> 0.75651617 | AR955: =(EXP((17.625*T955)/(243.04+T955))/EXP((17.625*H955)/(243.04+H955))) -> 0.78491367 | AS955: =(EXP((17.625*U955)/(243.04+U955))/EXP((17.625*I955)/(243.04+I955))) -> 0.78847906 | AT955: =(EXP((17.625*V955)/(243.04+V955))/EXP((17.625*J955)/(243.04+J955))) -> 0.80216049 | AU955: =(EXP((17.625*W955)/(243.04+W955))/EXP((17.625*K955)/(243.04+K955))) -> 0.78296467 | ... AY955: =(EXP((17.625*AA955)/(243.04+AA955))/EXP((17.625*O955)/(243.04+O955))) -> 0.84034065
A956: USA | B956: OR | C956: AURORA STATE | D956: 5.28 | E956: 6.7 | F956: 9.22 | G956: 11 | H956: 13 | I956: 17.5 | J956: 20.5 | K956: 19.9 | L956: 16 | M956: 11.3 | N956: 8.89 | O956: 6 | P956: 2.7777778 | Q956: 2.2 | R956: 6.2222222 | S956: 5.1 | T956: 6.6111111 | U956: 10.2 | V956: 11.9 | W956: 13.5 | X956: 8.3888889 | Y956: 8.7 | Z956: 6.8888889 | AA956: 3.1111111 | AB956: =6.112*EXP(17.625*P956/(243.04+P956))*100*AN956 -> 625.7783 | AC956: =6.112*EXP(17.625*Q956/(243.04+Q956))*100*AO956 -> 522.59319 | AD956: =6.112*EXP(17.625*R956/(243.04+R956))*100*AP956 -> 773.6873 | AE956: =6.112*EXP(17.625*S956/(243.04+S956))*100*AQ956 -> 588.01192 | AF956: =6.112*EXP(17.625*T956/(243.04+T956))*100*AR956 -> 635.247 | AG956: =6.112*EXP(17.625*U956/(243.04+U956))*100*AS956 -> 773.85483 | AH956: =6.112*EXP(17.625*V956/(243.04+V956))*100*AT956 -> 804.17312 | AI956: =6.112*EXP(17.625*W956/(243.04+W956))*100*AU956 -> 1029.1527 | ... AM956: =6.112*EXP(17.625*AA956/(243.04+AA956))*100*AY956 -> 624.10551 | AN956: =(EXP((17.625*P956)/(243.04+P956))/EXP((17.625*D956)/(243.04+D956))) -> 0.83895918 | AO956: =(EXP((17.625*Q956)/(243.04+Q956))/EXP((17.625*E956)/(243.04+E956))) -> 0.72998497 | AP956: =(EXP((17.625*R956)/(243.04+R956))/EXP((17.625*F956)/(243.04+F956))) -> 0.81528177 | AQ956: =(EXP((17.625*S956)/(243.04+S956))/EXP((17.625*G956)/(243.04+G956))) -> 0.66970222 | AR956: =(EXP((17.625*T956)/(243.04+T956))/EXP((17.625*H956)/(243.04+H956))) -> 0.6517169 | AS956: =(EXP((17.625*U956)/(243.04+U956))/EXP((17.625*I956)/(243.04+I956))) -> 0.62254483 | AT956: =(EXP((17.625*V956)/(243.04+V956))/EXP((17.625*J956)/(243.04+J956))) -> 0.57792959 | AU956: =(EXP((17.625*W956)/(243.04+W956))/EXP((17.625*K956)/(243.04+K956))) -> 0.66603035 | ... AY956: =(EXP((17.625*AA956)/(243.04+AA956))/EXP((17.625*O956)/(243.04+O956))) -> 0.81720305
A957: USA | B957: OR | C957: BAKER MUNICIPAL AP | D957: -0.78 | E957: -2.5 | F957: 1.39 | G957: 7.2 | H957: 10 | I957: 15.6 | J957: 20.1 | K957: 19.5 | L957: 15 | M957: 7.5 | N957: 0.72 | O957: -0.28 | P957: -4.2777778 | Q957: -5.9 | R957: -3.6111111 | S957: -1.3 | T957: 0.27777778 | U957: 6.7 | V957: 8.6 | W957: 7.7 | X957: 5 | Y957: 0.4 | Z957: -4.7777778 | AA957: -3.2777778 | AB957: =6.112*EXP(17.625*P957/(243.04+P957))*100*AN957 -> 343.99094 | AC957: =6.112*EXP(17.625*Q957/(243.04+Q957))*100*AO957 -> 305.39079 | AD957: =6.112*EXP(17.625*R957/(243.04+R957))*100*AP957 -> 324.91028 | AE957: =6.112*EXP(17.625*S957/(243.04+S957))*100*AQ957 -> 304.52339 | AF957: =6.112*EXP(17.625*T957/(243.04+T957))*100*AR957 -> 317.07437 | AG957: =6.112*EXP(17.625*U957/(243.04+U957))*100*AS957 -> 543.50947 | AH957: =6.112*EXP(17.625*V957/(243.04+V957))*100*AT957 -> 530.50659 | AI957: =6.112*EXP(17.625*W957/(243.04+W957))*100*AU957 -> 487.27752 | ... AM957: =6.112*EXP(17.625*AA957/(243.04+AA957))*100*AY957 -> 385.23437 | AN957: =(EXP((17.625*P957)/(243.04+P957))/EXP((17.625*D957)/(243.04+D957))) -> 0.77179908 | AO957: =(EXP((17.625*Q957)/(243.04+Q957))/EXP((17.625*E957)/(243.04+E957))) -> 0.77466454 | AP957: =(EXP((17.625*R957)/(243.04+R957))/EXP((17.625*F957)/(243.04+F957))) -> 0.69346701 | AQ957: =(EXP((17.625*S957)/(243.04+S957))/EXP((17.625*G957)/(243.04+G957))) -> 0.54777276 | AR957: =(EXP((17.625*T957)/(243.04+T957))/EXP((17.625*H957)/(243.04+H957))) -> 0.5084395 | AS957: =(EXP((17.625*U957)/(243.04+U957))/EXP((17.625*I957)/(243.04+I957))) -> 0.55420597 | AT957: =(EXP((17.625*V957)/(243.04+V957))/EXP((17.625*J957)/(243.04+J957))) -> 0.47523757 | AU957: =(EXP((17.625*W957)/(243.04+W957))/EXP((17.625*K957)/(243.04+K957))) -> 0.46401503 | ... AY957: =(EXP((17.625*AA957)/(243.04+AA957))/EXP((17.625*O957)/(243.04+O957))) -> 0.80201994
A958: USA | B958: OR | C958: BURNS MUNICIPAL ARPT [UO] | D958: -2 | E958: 0 | F958: 2.5 | G958: 5.7 | H958: 10.39 | I958: 16.5 | J958: 21 | K958: 18 | L958: 13.22 | M958: 6.5 | N958: 1.89 | O958: -2.22 | P958: -6.7222222 | Q958: -5.5 | R958: -2.2777778 | S958: -3.6 | T958: -1 | U958: 4.8 | V958: 3.2 | W958: 4.8 | X958: 1.6111111 | Y958: -0.7 | Z958: -3.7222222 | AA958: -4.7222222 | AB958: =6.112*EXP(17.625*P958/(243.04+P958))*100*AN958 -> 259.55145 | AC958: =6.112*EXP(17.625*Q958/(243.04+Q958))*100*AO958 -> 270.22256 | AD958: =6.112*EXP(17.625*R958/(243.04+R958))*100*AP958 -> 365.94511 | AE958: =6.112*EXP(17.625*S958/(243.04+S958))*100*AQ958 -> 240.21924 | AF958: =6.112*EXP(17.625*T958/(243.04+T958))*100*AR958 -> 256.51983 | AG958: =6.112*EXP(17.625*U958/(243.04+U958))*100*AS958 -> 394.50457 | AH958: =6.112*EXP(17.625*V958/(243.04+V958))*100*AT958 -> 237.87318 | AI958: =6.112*EXP(17.625*W958/(243.04+W958))*100*AU958 -> 358.80956 | ... AM958: =6.112*EXP(17.625*AA958/(243.04+AA958))*100*AY958 -> 357.6047 | AN958: =(EXP((17.625*P958)/(243.04+P958))/EXP((17.625*D958)/(243.04+D958))) -> 0.70109352 | AO958: =(EXP((17.625*Q958)/(243.04+Q958))/EXP((17.625*E958)/(243.04+E958))) -> 0.66491959 | AP958: =(EXP((17.625*R958)/(243.04+R958))/EXP((17.625*F958)/(243.04+F958))) -> 0.70737372 | AQ958: =(EXP((17.625*S958)/(243.04+S958))/EXP((17.625*G958)/(243.04+G958))) -> 0.51228258 | AR958: =(EXP((17.625*T958)/(243.04+T958))/EXP((17.625*H958)/(243.04+H958))) -> 0.45140076 | AS958: =(EXP((17.625*U958)/(243.04+U958))/EXP((17.625*I958)/(243.04+I958))) -> 0.45879914 | AT958: =(EXP((17.625*V958)/(243.04+V958))/EXP((17.625*J958)/(243.04+J958))) -> 0.30952036 | AU958: =(EXP((17.625*W958)/(243.04+W958))/EXP((17.625*K958)/(243.04+K958))) -> 0.41728672 | ... AY958: =(EXP((17.625*AA958)/(243.04+AA958))/EXP((17.625*O958)/(243.04+O958))) -> 0.82964286
A959: USA | B959: OR | C959: CORVALLIS MUNI | D959: 5.5 | E959: 7.2 | F959: 10.11 | G959: 11.5 | H959: 12.39 | I959: 17.1 | J959: 20.7 | K959: 20.1 | L959: 18.11 | M959: 11.4 | N959: 7.22 | O959: 6.28 | P959: 2.3888889 | Q959: 2.9 | R959: 5.8888889 | S959: 2.2 | T959: 5.3888889 | U959: 9.7 | V959: 10.9 | W959: 11.7 | X959: 9.8888889 | Y959: 4.5 | Z959: 4.1111111 | AA959: 3.6111111 | AB959: =6.112*EXP(17.625*P959/(243.04+P959))*100*AN959 -> 583.18434 | AC959: =6.112*EXP(17.625*Q959/(243.04+Q959))*100*AO959 -> 557.77811 | AD959: =6.112*EXP(17.625*R959/(243.04+R959))*100*AP959 -> 696.06591 | AE959: =6.112*EXP(17.625*S959/(243.04+S959))*100*AQ959 -> 378.17449 | AF959: =6.112*EXP(17.625*T959/(243.04+T959))*100*AR959 -> 558.43425 | AG959: =6.112*EXP(17.625*U959/(243.04+U959))*100*AS959 -> 742.28844 | AH959: =6.112*EXP(17.625*V959/(243.04+V959))*100*AT959 -> 695.86516 | AI959: =6.112*EXP(17.625*W959/(243.04+W959))*100*AU959 -> 802.8267 | ... AM959: =6.112*EXP(17.625*AA959/(243.04+AA959))*100*AY959 -> 656.91625 | AN959: =(EXP((17.625*P959)/(243.04+P959))/EXP((17.625*D959)/(243.04+D959))) -> 0.80374411 | AO959: =(EXP((17.625*Q959)/(243.04+Q959))/EXP((17.625*E959)/(243.04+E959))) -> 0.7413458 | AP959: =(EXP((17.625*R959)/(243.04+R959))/EXP((17.625*F959)/(243.04+F959))) -> 0.75056205 | AQ959: =(EXP((17.625*S959)/(243.04+S959))/EXP((17.625*G959)/(243.04+G959))) -> 0.52825352 | AR959: =(EXP((17.625*T959)/(243.04+T959))/EXP((17.625*H959)/(243.04+H959))) -> 0.62337521 | AS959: =(EXP((17.625*U959)/(243.04+U959))/EXP((17.625*I959)/(243.04+I959))) -> 0.61747136 | AT959: =(EXP((17.625*V959)/(243.04+V959))/EXP((17.625*J959)/(243.04+J959))) -> 0.53430125 | AU959: =(EXP((17.625*W959)/(243.04+W959))/EXP((17.625*K959)/(243.04+K959))) -> 0.58462352 | ... AY959: =(EXP((17.625*AA959)/(243.04+AA959))/EXP((17.625*O959)/(243.04+O959))) -> 0.8303503
A960: USA | B960: OR | C960: EUGENE MAHLON SWEET ARPT [UO] | D960: 5.5 | E960: 4.8 | F960: 7.72 | G960: 9.9 | H960: 13.39 | I960: 15.8 | J960: 19.1 | K960: 19.7 | L960: 16.39 | M960: 11.6 | N960: 6.11 | O960: 4.28 | P960: 3.7222222 | Q960: 2.5 | R960: 5 | S960: 6.1 | T960: 8.6111111 | U960: 10.2 | V960: 11.1 | W960: 11.7 | X960: 9.3888889 | Y960: 7.2 | Z960: 3.8888889 | AA960: 3.2222222 | AB960: =6.112*EXP(17.625*P960/(243.04+P960))*100*AN960 -> 704.23786 | AC960: =6.112*EXP(17.625*Q960/(243.04+Q960))*100*AO960 -> 622.02346 | AD960: =6.112*EXP(17.625*R960/(243.04+R960))*100*AP960 -> 722.98223 | AE960: =6.112*EXP(17.625*S960/(243.04+S960))*100*AQ960 -> 726.80316 | AF960: =6.112*EXP(17.625*T960/(243.04+T960))*100*AR960 -> 813.46293 | AG960: =6.112*EXP(17.625*U960/(243.04+U960))*100*AS960 -> 862.09542 | AH960: =6.112*EXP(17.625*V960/(243.04+V960))*100*AT960 -> 789.05707 | AI960: =6.112*EXP(17.625*W960/(243.04+W960))*100*AU960 -> 822.97175 | ... AM960: =6.112*EXP(17.625*AA960/(243.04+AA960))*100*AY960 -> 714.54341 | AN960: =(EXP((17.625*P960)/(243.04+P960))/EXP((17.625*D960)/(243.04+D960))) -> 0.88323152 | AO960: =(EXP((17.625*Q960)/(243.04+Q960))/EXP((17.625*E960)/(243.04+E960))) -> 0.85052809 | AP960: =(EXP((17.625*R960)/(243.04+R960))/EXP((17.625*F960)/(243.04+F960))) -> 0.82917419 | AQ960: =(EXP((17.625*S960)/(243.04+S960))/EXP((17.625*G960)/(243.04+G960))) -> 0.77236115 | AR960: =(EXP((17.625*T960)/(243.04+T960))/EXP((17.625*H960)/(243.04+H960))) -> 0.72816758 | AS960: =(EXP((17.625*U960)/(243.04+U960))/EXP((17.625*I960)/(243.04+I960))) -> 0.69353195 | AT960: =(EXP((17.625*V960)/(243.04+V960))/EXP((17.625*J960)/(243.04+J960))) -> 0.59786658 | AU960: =(EXP((17.625*W960)/(243.04+W960))/EXP((17.625*K960)/(243.04+K960))) -> 0.59929327 | ... AY960: =(EXP((17.625*AA960)/(243.04+AA960))/EXP((17.625*O960)/(243.04+O960))) -> 0.92830485
A961: USA | B961: OR | C961: KLAMATH FALLS INTL AP [UO] | D961: -0.78 | E961: 2.9 | F961: 2.11 | G961: 7.2 | H961: 10.72 | I961: 15.8 | J961: 20.3 | K961: 19.5 | L961: 12.89 | M961: 7.1 | N961: 1.61 | O961: -0.61 | P961: -4.3888889 | Q961: -0.3 | R961: -2.3888889 | S961: -0.6 | T961: 2.5 | U961: 5 | V961: 8.5 | W961: 7.1 | X961: 4.8888889 | Y961: 1.4 | Z961: -1.2222222 | AA961: -3 | AB961: =6.112*EXP(17.625*P961/(243.04+P961))*100*AN961 -> 338.29206 | AC961: =6.112*EXP(17.625*Q961/(243.04+Q961))*100*AO961 -> 475.34175 | AD961: =6.112*EXP(17.625*R961/(243.04+R961))*100*AP961 -> 370.1127 | AE961: =6.112*EXP(17.625*S961/(243.04+S961))*100*AQ961 -> 337.33381 | AF961: =6.112*EXP(17.625*T961/(243.04+T961))*100*AR961 -> 415.61746 | AG961: =6.112*EXP(17.625*U961/(243.04+U961))*100*AS961 -> 424.17132 | AH961: =6.112*EXP(17.625*V961/(243.04+V961))*100*AT961 -> 516.9439 | AI961: =6.112*EXP(17.625*W961/(243.04+W961))*100*AU961 -> 448.93482 | ... AM961: =6.112*EXP(17.625*AA961/(243.04+AA961))*100*AY961 -> 411.2579 | AN961: =(EXP((17.625*P961)/(243.04+P961))/EXP((17.625*D961)/(243.04+D961))) -> 0.7653792 | AO961: =(EXP((17.625*Q961)/(243.04+Q961))/EXP((17.625*E961)/(243.04+E961))) -> 0.7948454 | AP961: =(EXP((17.625*R961)/(243.04+R961))/EXP((17.625*F961)/(243.04+F961))) -> 0.72133089 | AQ961: =(EXP((17.625*S961)/(243.04+S961))/EXP((17.625*G961)/(243.04+G961))) -> 0.57652752 | AR961: =(EXP((17.625*T961)/(243.04+T961))/EXP((17.625*H961)/(243.04+H961))) -> 0.56829742 | AS961: =(EXP((17.625*U961)/(243.04+U961))/EXP((17.625*I961)/(243.04+I961))) -> 0.4864738 | AT961: =(EXP((17.625*V961)/(243.04+V961))/EXP((17.625*J961)/(243.04+J961))) -> 0.46623238 | AU961: =(EXP((17.625*W961)/(243.04+W961))/EXP((17.625*K961)/(243.04+K961))) -> 0.44538492 | ... AY961: =(EXP((17.625*AA961)/(243.04+AA961))/EXP((17.625*O961)/(243.04+O961))) -> 0.83867842
A962: USA | B962: OR | C962: LA GRANDE MUNI AP | D962: 0.28 | E962: 1.6 | F962: 5.72 | G962: 8.4 | H962: 11.5 | I962: 17 | J962: 19.2 | K962: 20.4 | L962: 16.72 | M962: 9.6 | N962: 3.22 | O962: 0.78 | P962: -4 | Q962: -2.3 | R962: -2.2777778 | S962: 0.7 | T962: 3.7777778 | U962: 6 | V962: 4.5 | W962: 6.1 | X962: 6.8888889 | Y962: 1.3 | Z962: -2.5 | AA962: -4.1111111 | AB962: =6.112*EXP(17.625*P962/(243.04+P962))*100*AN962 -> 332.04911 | AC962: =6.112*EXP(17.625*Q962/(243.04+Q962))*100*AO962 -> 388.92196 | AD962: =6.112*EXP(17.625*R962/(243.04+R962))*100*AP962 -> 291.97396 | AE962: =6.112*EXP(17.625*S962/(243.04+S962))*100*AQ962 -> 375.34691 | AF962: =6.112*EXP(17.625*T962/(243.04+T962))*100*AR962 -> 472.79845 | AG962: =6.112*EXP(17.625*U962/(243.04+U962))*100*AS962 -> 451.44738 | AH962: =6.112*EXP(17.625*V962/(243.04+V962))*100*AT962 -> 319.1971 | AI962: =6.112*EXP(17.625*W962/(243.04+W962))*100*AU962 -> 370.06042 | ... AM962: =6.112*EXP(17.625*AA962/(243.04+AA962))*100*AY962 -> 314.98155 | AN962: =(EXP((17.625*P962)/(243.04+P962))/EXP((17.625*D962)/(243.04+D962))) -> 0.72963443 | AO962: =(EXP((17.625*Q962)/(243.04+Q962))/EXP((17.625*E962)/(243.04+E962))) -> 0.75302378 | AP962: =(EXP((17.625*R962)/(243.04+R962))/EXP((17.625*F962)/(243.04+F962))) -> 0.56438712 | AQ962: =(EXP((17.625*S962)/(243.04+S962))/EXP((17.625*G962)/(243.04+G962))) -> 0.5838034 | AR962: =(EXP((17.625*T962)/(243.04+T962))/EXP((17.625*H962)/(243.04+H962))) -> 0.59065557 | AS962: =(EXP((17.625*U962)/(243.04+U962))/EXP((17.625*I962)/(243.04+I962))) -> 0.48306889 | AT962: =(EXP((17.625*V962)/(243.04+V962))/EXP((17.625*J962)/(243.04+J962))) -> 0.37907613 | AU962: =(EXP((17.625*W962)/(243.04+W962))/EXP((17.625*K962)/(243.04+K962))) -> 0.39325681 | ... AY962: =(EXP((17.625*AA962)/(243.04+AA962))/EXP((17.625*O962)/(243.04+O962))) -> 0.69792266
A963: USA | B963: OR | C963: LAKEVIEW (AWOS) | D963: -1.22 | E963: -0.5 | F963: 2.89 | G963: 5.4 | H963: 9.89 | I963: 16.4 | J963: 20.8 | K963: 17.7 | L963: 14.61 | M963: 6.9 | N963: 1.72 | O963: -0.89 | P963: -5.2777778 | Q963: -5.4 | R963: -3.7222222 | S963: -0.4 | T963: 0.77777778 | U963: 2.8 | V963: 4.4 | W963: 2.8 | X963: -0.11111111 | Y963: -3 | Z963: -1.7222222 | AA963: -4.3888889 | AB963: =6.112*EXP(17.625*P963/(243.04+P963))*100*AN963 -> 305.47693 | AC963: =6.112*EXP(17.625*Q963/(243.04+Q963))*100*AO963 -> 284.50674 | AD963: =6.112*EXP(17.625*R963/(243.04+R963))*100*AP963 -> 287.16228 | AE963: =6.112*EXP(17.625*S963/(243.04+S963))*100*AQ963 -> 393.16248 | AF963: =6.112*EXP(17.625*T963/(243.04+T963))*100*AR963 -> 343.33397 | AG963: =6.112*EXP(17.625*U963/(243.04+U963))*100*AS963 -> 299.69774 | AH963: =6.112*EXP(17.625*V963/(243.04+V963))*100*AT963 -> 285.07845 | AI963: =6.112*EXP(17.625*W963/(243.04+W963))*100*AU963 -> 276.01477 | ... AM963: =6.112*EXP(17.625*AA963/(243.04+AA963))*100*AY963 -> 341.02022 | AN963: =(EXP((17.625*P963)/(243.04+P963))/EXP((17.625*D963)/(243.04+D963))) -> 0.73910502 | AO963: =(EXP((17.625*Q963)/(243.04+Q963))/EXP((17.625*E963)/(243.04+E963))) -> 0.69477547 | AP963: =(EXP((17.625*R963)/(243.04+R963))/EXP((17.625*F963)/(243.04+F963))) -> 0.61801238 | AQ963: =(EXP((17.625*S963)/(243.04+S963))/EXP((17.625*G963)/(243.04+G963))) -> 0.66222767 | AR963: =(EXP((17.625*T963)/(243.04+T963))/EXP((17.625*H963)/(243.04+H963))) -> 0.53102601 | AS963: =(EXP((17.625*U963)/(243.04+U963))/EXP((17.625*I963)/(243.04+I963))) -> 0.40116193 | AT963: =(EXP((17.625*V963)/(243.04+V963))/EXP((17.625*J963)/(243.04+J963))) -> 0.34093305 | AU963: =(EXP((17.625*W963)/(243.04+W963))/EXP((17.625*K963)/(243.04+K963))) -> 0.36946097 | ... AY963: =(EXP((17.625*AA963)/(243.04+AA963))/EXP((17.625*O963)/(243.04+O963))) -> 0.77155162
A964: USA | B964: OR | C964: MEDFORD ROGUE VALLEY INTL AP [ASHLAND - UO] | D964: 3.11 | E964: 6.1 | F964: 7.72 | G964: 10.7 | H964: 13.22 | I964: 19.1 | J964: 22.5 | K964: 20.9 | L964: 17.61 | M964: 13.1 | N964: 5.61 | O964: 3.61 | P964: 0.22222222 | Q964: 1.6 | R964: 3.1111111 | S964: 4.2 | T964: 5.7222222 | U964: 8 | V964: 9.3 | W964: 10.2 | X964: 7.8888889 | Y964: 4.8 | Z964: 2.7222222 | AA964: 0.88888889 | AB964: =6.112*EXP(17.625*P964/(243.04+P964))*100*AN964 -> 505.19328 | AC964: =6.112*EXP(17.625*Q964/(243.04+Q964))*100*AO964 -> 499.91226 | AD964: =6.112*EXP(17.625*R964/(243.04+R964))*100*AP964 -> 554.65126 | AE964: =6.112*EXP(17.625*S964/(243.04+S964))*100*AQ964 -> 529.00816 | AF964: =6.112*EXP(17.625*T964/(243.04+T964))*100*AR964 -> 553.92517 | AG964: =6.112*EXP(17.625*U964/(243.04+U964))*100*AS964 -> 520.38111 | AH964: =6.112*EXP(17.625*V964/(243.04+V964))*100*AT964 -> 503.27927 | AI964: =6.112*EXP(17.625*W964/(243.04+W964))*100*AU964 -> 626.1525 | ... AM964: =6.112*EXP(17.625*AA964/(243.04+AA964))*100*AY964 -> 536.95553 | AN964: =(EXP((17.625*P964)/(243.04+P964))/EXP((17.625*D964)/(243.04+D964))) -> 0.81335815 | AO964: =(EXP((17.625*Q964)/(243.04+Q964))/EXP((17.625*E964)/(243.04+E964))) -> 0.72886769 | AP964: =(EXP((17.625*R964)/(243.04+R964))/EXP((17.625*F964)/(243.04+F964))) -> 0.72625973 | AQ964: =(EXP((17.625*S964)/(243.04+S964))/EXP((17.625*G964)/(243.04+G964))) -> 0.64157716 | AR964: =(EXP((17.625*T964)/(243.04+T964))/EXP((17.625*H964)/(243.04+H964))) -> 0.60421898 | AS964: =(EXP((17.625*U964)/(243.04+U964))/EXP((17.625*I964)/(243.04+I964))) -> 0.48552414 | AT964: =(EXP((17.625*V964)/(243.04+V964))/EXP((17.625*J964)/(243.04+J964))) -> 0.43005204 | AU964: =(EXP((17.625*W964)/(243.04+W964))/EXP((17.625*K964)/(243.04+K964))) -> 0.50372238 | ... AY964: =(EXP((17.625*AA964)/(243.04+AA964))/EXP((17.625*O964)/(243.04+O964))) -> 0.82387594
A965: USA | B965: OR | C965: NORTH BEND MUNI AIRPORT | D965: 7.39 | E965: 8.5 | F965: 9.28 | G965: 10.2 | H965: 12.11 | I965: 13.4 | J965: 15.1 | K965: 15.3 | L965: 14.28 | M965: 11.6 | N965: 10 | O965: 7.22 | P965: 4.5 | Q965: 5.6 | R965: 5.5 | S965: 6.1 | T965: 8.7222222 | U965: 10.1 | V965: 10.7 | W965: 11.9 | X965: 10.277778 | Y965: 9.3 | Z965: 7.2222222 | AA965: 4.6111111 | AB965: =6.112*EXP(17.625*P965/(243.04+P965))*100*AN965 -> 689.61215 | AC965: =6.112*EXP(17.625*Q965/(243.04+Q965))*100*AO965 -> 745.28145 | AD965: =6.112*EXP(17.625*R965/(243.04+R965))*100*AP965 -> 697.32758 | AE965: =6.112*EXP(17.625*S965/(243.04+S965))*100*AQ965 -> 712.36719 | AF965: =6.112*EXP(17.625*T965/(243.04+T965))*100*AR965 -> 897.96102 | AG965: =6.112*EXP(17.625*U965/(243.04+U965))*100*AS965 -> 993.15202 | AH965: =6.112*EXP(17.625*V965/(243.04+V965))*100*AT965 -> 963.82092 | AI965: =6.112*EXP(17.625*W965/(243.04+W965))*100*AU965 -> 1115.4169 | ... AM965: =6.112*EXP(17.625*AA965/(243.04+AA965))*100*AY965 -> 708.58948 | AN965: =(EXP((17.625*P965)/(243.04+P965))/EXP((17.625*D965)/(243.04+D965))) -> 0.81897832 | AO965: =(EXP((17.625*Q965)/(243.04+Q965))/EXP((17.625*E965)/(243.04+E965))) -> 0.81985994 | AP965: =(EXP((17.625*R965)/(243.04+R965))/EXP((17.625*F965)/(243.04+F965))) -> 0.77244327 | AQ965: =(EXP((17.625*S965)/(243.04+S965))/EXP((17.625*G965)/(243.04+G965))) -> 0.75702029 | AR965: =(EXP((17.625*T965)/(243.04+T965))/EXP((17.625*H965)/(243.04+H965))) -> 0.79778981 | AS965: =(EXP((17.625*U965)/(243.04+U965))/EXP((17.625*I965)/(243.04+I965))) -> 0.80432 | AT965: =(EXP((17.625*V965)/(243.04+V965))/EXP((17.625*J965)/(243.04+J965))) -> 0.74994906 | AU965: =(EXP((17.625*W965)/(243.04+W965))/EXP((17.625*K965)/(243.04+K965))) -> 0.801609 | ... AY965: =(EXP((17.625*AA965)/(243.04+AA965))/EXP((17.625*O965)/(243.04+O965))) -> 0.83500753
A966: USA | B966: OR | C966: PENDLETON E OR REGIONAL AP | D966: 0.11 | E966: 3.7 | F966: 6.5 | G966: 10.3 | H966: 13.89 | I966: 17.7 | J966: 22.4 | K966: 22.5 | L966: 17.22 | M966: 11 | N966: 7.5 | O966: 1.22 | P966: -3.2777778 | Q966: -0.3 | R966: 0.88888889 | S966: 3 | T966: 4.2222222 | U966: 6.6 | V966: 6.5 | W966: 5.2 | X966: 4.5 | Y966: 2.3 | Z966: 0.77777778 | AA966: -2 | AB966: =6.112*EXP(17.625*P966/(243.04+P966))*100*AN966 -> 374.48424 | AC966: =6.112*EXP(17.625*Q966/(243.04+Q966))*100*AO966 -> 449.24243 | AD966: =6.112*EXP(17.625*R966/(243.04+R966))*100*AP966 -> 439.12418 | AE966: =6.112*EXP(17.625*S966/(243.04+S966))*100*AQ966 -> 458.81903 | AF966: =6.112*EXP(17.625*T966/(243.04+T966))*100*AR966 -> 430.31471 | AG966: =6.112*EXP(17.625*U966/(243.04+U966))*100*AS966 -> 469.14681 | AH966: =6.112*EXP(17.625*V966/(243.04+V966))*100*AT966 -> 345.94228 | AI966: =6.112*EXP(17.625*W966/(243.04+W966))*100*AU966 -> 287.26453 | ... AM966: =6.112*EXP(17.625*AA966/(243.04+AA966))*100*AY966 -> 417.7614 | AN966: =(EXP((17.625*P966)/(243.04+P966))/EXP((17.625*D966)/(243.04+D966))) -> 0.77963923 | AO966: =(EXP((17.625*Q966)/(243.04+Q966))/EXP((17.625*E966)/(243.04+E966))) -> 0.75120328 | AP966: =(EXP((17.625*R966)/(243.04+R966))/EXP((17.625*F966)/(243.04+F966))) -> 0.67376872 | AQ966: =(EXP((17.625*S966)/(243.04+S966))/EXP((17.625*G966)/(243.04+G966))) -> 0.60551711 | AR966: =(EXP((17.625*T966)/(243.04+T966))/EXP((17.625*H966)/(243.04+H966))) -> 0.52107049 | AS966: =(EXP((17.625*U966)/(243.04+U966))/EXP((17.625*I966)/(243.04+I966))) -> 0.48167798 | AT966: =(EXP((17.625*V966)/(243.04+V966))/EXP((17.625*J966)/(243.04+J966))) -> 0.35763333 | AU966: =(EXP((17.625*W966)/(243.04+W966))/EXP((17.625*K966)/(243.04+K966))) -> 0.32490582 | ... AY966: =(EXP((17.625*AA966)/(243.04+AA966))/EXP((17.625*O966)/(243.04+O966))) -> 0.79114621
... A1203: USA | B1203: WY | C1203: WORLAND MUNICIPAL | D1203: -6.78 | E1203: -4.2 | F1203: 3.11 | G1203: 8.2 | H1203: 12.61 | I1203: 18.1 | J1203: 21.7 | K1203: 23.4 | L1203: 16.61 | M1203: 7.9 | N1203: 0.5 | O1203: -6.89 | P1203: -11.611111 | Q1203: -8.3 | R1203: -7.3888889 | S1203: -2 | T1203: 3.1111111 | U1203: 6 | V1203: 8.1 | W1203: 6.6 | X1203: 3 | Y1203: 0.8 | Z1203: -5.6111111 | AA1203: -10.722222 | AB1203: =6.112*EXP(17.625*P1203/(243.04+P1203))*100*AN1203 -> 172.89259 | AC1203: =6.112*EXP(17.625*Q1203/(243.04+Q1203))*100*AO1203 -> 239.60238 | AD1203: =6.112*EXP(17.625*R1203/(243.04+R1203))*100*AP1203 -> 161.97936 | AE1203: =6.112*EXP(17.625*S1203/(243.04+S1203))*100*AQ1203 -> 256.64528 | AF1203: =6.112*EXP(17.625*T1203/(243.04+T1203))*100*AR1203 -> 400.05119 | AG1203: =6.112*EXP(17.625*U1203/(243.04+U1203))*100*AS1203 -> 421.18432 | AH1203: =6.112*EXP(17.625*V1203/(243.04+V1203))*100*AT1203 -> 449.28965 | AI1203: =6.112*EXP(17.625*W1203/(243.04+W1203))*100*AU1203 -> 330.12018 | ... AM1203: =6.112*EXP(17.625*AA1203/(243.04+AA1203))*100*AY1203 -> 200.88959 | AN1203: =(EXP((17.625*P1203)/(243.04+P1203))/EXP((17.625*D1203)/(243.04+D1203))) -> 0.68489976 | AO1203: =(EXP((17.625*Q1203)/(243.04+Q1203))/EXP((17.625*E1203)/(243.04+E1203))) -> 0.73106422 | AP1203: =(EXP((17.625*R1203)/(243.04+R1203))/EXP((17.625*F1203)/(243.04+F1203))) -> 0.46055646 | AQ1203: =(EXP((17.625*S1203)/(243.04+S1203))/EXP((17.625*G1203)/(243.04+G1203))) -> 0.48602848 | AR1203: =(EXP((17.625*T1203)/(243.04+T1203))/EXP((17.625*H1203)/(243.04+H1203))) -> 0.52382657 | AS1203: =(EXP((17.625*U1203)/(243.04+U1203))/EXP((17.625*I1203)/(243.04+I1203))) -> 0.45068607 | AT1203: =(EXP((17.625*V1203)/(243.04+V1203))/EXP((17.625*J1203)/(243.04+J1203))) -> 0.41635613 | AU1203: =(EXP((17.625*W1203)/(243.04+W1203))/EXP((17.625*K1203)/(243.04+K1203))) -> 0.33893787 | ... AY1203: =(EXP((17.625*AA1203)/(243.04+AA1203))/EXP((17.625*O1203)/(243.04+O1203))) -> 0.74139804
A1204: Vietnam | B1204: VIT | C1204: HO CHI MIHN | D1204: #VALUE! | E1204: #VALUE! | F1204: #VALUE! | G1204: #VALUE! | H1204: #VALUE! | I1204: #VALUE! | J1204: #VALUE! | K1204: #VALUE! | L1204: #VALUE! | M1204: #VALUE! | N1204: #VALUE! | O1204: #VALUE! | P1204: #VALUE! | Q1204: #VALUE! | R1204: #VALUE! | S1204: #VALUE! | T1204: #VALUE! | U1204: #VALUE! | V1204: #VALUE! | W1204: #VALUE! | X1204: #VALUE! | Y1204: #VALUE! | Z1204: #VALUE! | AA1204: #VALUE! | AB1204: =6.112*EXP(17.625*P1204/(243.04+P1204))*100*AN1204 -> #VALUE! | AC1204: =6.112*EXP(17.625*Q1204/(243.04+Q1204))*100*AO1204 -> #VALUE! | AD1204: =6.112*EXP(17.625*R1204/(243.04+R1204))*100*AP1204 -> #VALUE! | AE1204: =6.112*EXP(17.625*S1204/(243.04+S1204))*100*AQ1204 -> #VALUE! | AF1204: =6.112*EXP(17.625*T1204/(243.04+T1204))*100*AR1204 -> #VALUE! | AG1204: =6.112*EXP(17.625*U1204/(243.04+U1204))*100*AS1204 -> #VALUE! | AH1204: =6.112*EXP(17.625*V1204/(243.04+V1204))*100*AT1204 -> #VALUE! | AI1204: =6.112*EXP(17.625*W1204/(243.04+W1204))*100*AU1204 -> #VALUE! | ... AM1204: =6.112*EXP(17.625*AA1204/(243.04+AA1204))*100*AY1204 -> #VALUE! | AN1204: =(EXP((17.625*P1204)/(243.04+P1204))/EXP((17.625*D1204)/(243.04+D1204))) -> #VALUE! | AO1204: =(EXP((17.625*Q1204)/(243.04+Q1204))/EXP((17.625*E1204)/(243.04+E1204))) -> #VALUE! | AP1204: =(EXP((17.625*R1204)/(243.04+R1204))/EXP((17.625*F1204)/(243.04+F1204))) -> #VALUE! | AQ1204: =(EXP((17.625*S1204)/(243.04+S1204))/EXP((17.625*G1204)/(243.04+G1204))) -> #VALUE! | AR1204: =(EXP((17.625*T1204)/(243.04+T1204))/EXP((17.625*H1204)/(243.04+H1204))) -> #VALUE! | AS1204: =(EXP((17.625*U1204)/(243.04+U1204))/EXP((17.625*I1204)/(243.04+I1204))) -> #VALUE! | AT1204: =(EXP((17.625*V1204)/(243.04+V1204))/EXP((17.625*J1204)/(243.04+J1204))) -> #VALUE! | AU1204: =(EXP((17.625*W1204)/(243.04+W1204))/EXP((17.625*K1204)/(243.04+K1204))) -> #VALUE! | ... AY1204: =(EXP((17.625*AA1204)/(243.04+AA1204))/EXP((17.625*O1204)/(243.04+O1204))) -> #VALUE!

Sheet Climate Data Selections
A1: Canada | B1: AB | D1: Country | E1: State/Province | H1: AB | I1: BC | J1: MB | K1: NB | L1: NL | M1: NS | N1: NT | O1: NU | P1: ON | Q1: PE | R1: QC | S1: SK | T1: YT | V1: AK | W1: AL | X1: AR | Y1: AZ | Z1: CA | AA1: CO | AB1: CT | AC1: DE | AD1: FL | AE1: GA | AF1: HI | AG1: IA | AH1: ID | AI1: IL | AJ1: IN | AK1: KS | AL1: KY | AM1: LA | AN1: MA | AO1: MD | AP1: ME | AQ1: MI | AR1: MN | AS1: MO | AT1: MS | AU1: MT | AV1: NC | AW1: ND | AX1: NE | AY1: NH | AZ1: NJ | BA1: NM | BB1: NV | BC1: NY | BD1: OH | BE1: OK | BF1: OR | BG1: PA | BH1: RI | BI1: SC | BJ1: SD | BK1: TN | BL1: TX | BM1: UT | BN1: VA | BO1: VT | BP1: WA | BQ1: WI | BR1: WV | BS1: WY
A2: Canada | B2: BC | D2: ="-Select-" -> -Select- | E2: ="-Select-" -> -Select- | F2: ="-Select-" -> -Select- | H2: {=_xlfn._xlws.FILTER('Vapor Pressure Calc'!$C:$C,'Vapor Pressure Calc'!$B:$B='Climate Data Selections'!H1)} -> CALGARY INT AP | I2: {=_xlfn._xlws.FILTER('Vapor Pressure Calc'!$C:$C,'Vapor Pressure Calc'!$B:$B='Climate Data Selections'!I1)} -> AGASSIZ CDA | J2: {=_xlfn._xlws.FILTER('Vapor Pressure Calc'!$C:$C,'Vapor Pressure Calc'!$B:$B='Climate Data Selections'!J1)} -> WINNIPEG | K2: {=_xlfn._xlws.FILTER('Vapor Pressure Calc'!$C:$C,'Vapor Pressure Calc'!$B:$B='Climate Data Selections'!K1)} -> FREDERICTON | L2: {=_xlfn._xlws.FILTER('Vapor Pressure Calc'!$C:$C,'Vapor Pressure Calc'!$B:$B='Climate Data Selections'!L1)} -> ST JOHNS | M2: {=_xlfn._xlws.FILTER('Vapor Pressure Calc'!$C:$C,'Vapor Pressure Calc'!$B:$B='Climate Data Selections'!M1)} -> GREENWOOD AP | N2: {=_xlfn._xlws.FILTER('Vapor Pressure Calc'!$C:$C,'Vapor Pressure Calc'!$B:$B='Climate Data Selections'!N1)} -> YELLOWKNIFE AP | O2: {=_xlfn._xlws.FILTER('Vapor Pressure Calc'!$C:$C,'Vapor Pressure Calc'!$B:$B='Climate Data Selections'!O1)} -> IQALUIT | ... T2: {=_xlfn._xlws.FILTER('Vapor Pressure Calc'!$C:$C,'Vapor Pressure Calc'!$B:$B='Climate Data Selections'!T1)} -> WHITEHORSE | V2: {=_xlfn._xlws.FILTER('Vapor Pressure Calc'!$C:$C,'Vapor Pressure Calc'!$B:$B='Climate Data Selections'!V1)} -> ADAK NAS | W2: {=_xlfn._xlws.FILTER('Vapor Pressure Calc'!$C:$C,'Vapor Pressure Calc'!$B:$B='Climate Data Selections'!W1)} -> ANNISTON METROPOLITAN AP | X2: {=_xlfn._xlws.FILTER('Vapor Pressure Calc'!$C:$C,'Vapor Pressure Calc'!$B:$B='Climate Data Selections'!X1)} -> BATESVILLE (AWOS) | Y2: {=_xlfn._xlws.FILTER('Vapor Pressure Calc'!$C:$C,'Vapor Pressure Calc'!$B:$B='Climate Data Selections'!Y1)} -> CASA GRANDE (AWOS) | Z2: {=_xlfn._xlws.FILTER('Vapor Pressure Calc'!$C:$C,'Vapor Pressure Calc'!$B:$B='Climate Data Selections'!Z1)} -> ALTURAS | AA2: {=_xlfn._xlws.FILTER('Vapor Pressure Calc'!$C:$C,'Vapor Pressure Calc'!$B:$B='Climate Data Selections'!AA1)} -> AKRON WASHINGTON CO AP | AB2: {=_xlfn._xlws.FILTER('Vapor Pressure Calc'!$C:$C,'Vapor Pressure Calc'!$B:$B='Climate Data Selections'!AB1)} -> BRIDGEPORT SIKORSKY MEMORIAL | AC2: {=_xlfn._xlws.FILTER('Vapor Pressure Calc'!$C:$C,'Vapor Pressure Calc'!$B:$B='Climate Data Selections'!AC1)} -> DOVER AFB | ... BS2: {=_xlfn._xlws.FILTER('Vapor Pressure Calc'!$C:$C,'Vapor Pressure Calc'!$B:$B='Climate Data Selections'!BS1)} -> CASPER NATRONA CO INTL AP
A3: Canada | B3: MB | D3: USA | E3: {=IF(Calculation!C15='Climate Data Selections'!D4,'Climate Data Selections'!B1:B13,'Climate Data Selections'!B15:B64)} -> AK | F3: {=_xlfn._xlws.FILTER('Vapor Pressure Calc'!$C:$C,'Vapor Pressure Calc'!$B:$B=Calculation!C16)} -> #VALUE! | H3: COP UPPER | I3: BALLENAS ISLAND | K3: MONCTON AP | M3: HALIFAX | P3: BURLINGTON PIERS | R3: LA BAIE | S3: PRINCE ALBERT AP | V3: AMBLER | W3: AUBURN-OPELIKA APT | X3: BENTONVILLE (AWOS) | Y3: DAVIS MONTHAN AFB | Z3: ARCATA AIRPORT | AA3: ALAMOSA SAN LUIS VALLEY RGNL | AB3: DANBURY MUNICIPAL | AC3: WILMINGTON NEW CASTLE CNTY AP | AD3: DAYTONA BEACH INTL AP | AE3: ALMA BACON COUNTY AP | AF3: HILO INTERNATIONAL AP | AG3: ATLANTIC | AH3: BURLEY MUNICIPAL ARPT | AI3: BELLEVILLE SCOTT AFB | AJ3: EVANSVILLE REGIONAL AP | AK3: CONCORDIA BLOSSER MUNI AP | AL3: CINCINNATI NORTHERN KY AP | AM3: BARKSDALE AFB | AN3: BEVERLY MUNI | AO3: BALTIMORE BLT-WASHNGTN INT | AP3: AUGUSTA AIRPORT | AQ3: ANN ARBOR MUNICIPAL | AR3: ALBERT LEA (AWOS) | AS3: COLUMBIA REGIONAL AIRPORT | AT3: GOLDEN TRI(AWOS) | AU3: BOZEMAN GALLATIN FIELD | AV3: CAPE HATTERAS NWS BLDG | AW3: DEVILS LAKE(AWOS) | AX3: ALLIANCE MUNICIPAL | AY3: CONCORD MUNICIPAL ARPT | AZ3: BELMAR ASC | BA3: CARLSBAD CAVERN CITY AIR TERM | BB3: ELY YELLAND FIELD | BC3: ALBANY COUNTY AP | BD3: BURKE LAKEFRONT | BE3: BARTLESVILLE-PHILLIPS FIELD | BF3: ASTORIA REGIONAL AIRPORT | BG3: ALTOONA BLAIR CO ARPT | BH3: PAWTUCKET (AWOS) | BI3: BEAUFORT MCAS | BJ3: BROOKINGS (AWOS) | BK3: CHATTANOOGA LOVELL FIELD AP | BL3: ABILENE REGIONAL AP [UT] | BM3: BRYCE CANYON AP | BN3: CHARLOTTESVILLE FAA | BO3: MONTPELIER AP | BP3: BREMERTON NATIONAL | BQ3: EAU CLAIRE COUNTY AP | BR3: BLUEFIELD/MERCER CO [NREL] | BS3: CHEYENNE MUNICIPAL ARPT
A4: Canada | B4: NB | D4: Canada | E4: AL | H4: EDMONTON AP | I4: COMOX AP | M4: SHEARWATER | P4: ERIEAU | R4: LACADIE | S4: REGINA | V4: ANAKTUVUK PASS | W4: BIRMINGHAM MUNICIPAL AP | X4: EL DORADO GOODWIN FIELD | Y4: DEER VALLEY/PHOENIX | Z4: BAKERSFIELD MEADOWS FIELD | AA4: ASPEN PITKIN CO SAR | AB4: GROTON NEW LONDON AP | AD4: FORT LAUDERDALE | AE4: ATHENS BEN EPPS AP | AF4: HONOLULU INTL ARPT | AG4: BOONE MUNI | AH4: CALDWELL (AWOS) | AI4: CAHOKIA/ST. LOUIS | AJ4: FORT WAYNE INTL AP | AK4: DODGE CITY REGIONAL AP | AL4: FORT CAMPBELL AAF | AM4: BATON ROUGE RYAN ARPT | AN4: BOSTON LOGAN INT ARPT | AO4: HAGERSTOWN RGNL RIC | AP4: BANGOR INTERNATIONAL AP | AQ4: BATTLE CREEK KELLOGG AP | AR4: ALEXANDRIA MUNICIPAL AP | AS4: FARMINGTON | AT4: GREENVILLE MUNI AP | AU4: BUTTE BERT MOONEY ARPT | AV4: CHARLOTTE DOUGLAS INTL ARPT | AW4: DICKINSON MUNICIPAL AP | AX4: BEATRICE MUNICIPAL | AY4: DILLANT HOPKINS | AZ4: CALDWELL/ESSEX CO. | BA4: CLAYTON MUNICIPAL AIRPARK | BB4: FALLON NAAS | BC4: BINGHAMTON EDWIN A LINK FIELD | BD4: CINCINNATI MUNICIPAL AP LUNKI | BE4: CLINTON-SHERMAN | BF4: AURORA STATE | BG4: BRADFORD REGIONAL AP | BH4: PROVIDENCE T F GREEN STATE AR | BI4: CHARLESTON INTL ARPT | BJ4: CHAN GURNEY MUNI | BK4: CROSSVILLE MEMORIAL AP | BL4: ALICE INTL AP | BM4: CEDAR CITY MUNICIPAL AP | BN4: DANVILLE FAA AP | BO4: RUTLAND STATE | BP4: EPHRATA AP FCWOS | BQ4: GREEN BAY AUSTIN STRAUBEL INT | BR4: CHARLESTON YEAGER ARPT | BS4: CODY MUNI (AWOS)
A5: Canada | B5: NL | E5: AR | H5: EDMONTON MUN AP | I5: CRANBROOK AP | M5: SYDNEY AP | P5: LAGOON CITY | R5: LASSOMPTION | S5: SASKATOON | V5: ANCHORAGE INTL AP | W5: CAIRNS FIELD FORT RUCKER | X5: FAYETTEVILLE DRAKE FIELD | Y5: DOUGLAS BISBEE-DOUGLAS INTL A | Z5: BEALE AFB | AA5: AURORA BUCKLEY FIELD ANGB | AB5: HARTFORD BRADLEY INTL AP | AD5: FORT LAUDERDALE HOLLYWOOD INT | AE5: ATLANTA HARTSFIELD INTL AP | AF5: KAHULUI AIRPORT | AG5: BURLINGTON MUNICIPAL AP | AH5: COEUR D`ALENE(AWOS) | AI5: CENTRAL ILLINOIS RG | AJ5: GRISSOM ARB | AK5: EMPORIA MUNICIPAL AP | AL5: FORT KNOX GODMAN AAF | AM5: ENGLAND AFB | AN5: CHICOPEE FALLS WESTO | AO5: PATUXENT RIVER NAS | AP5: BAR HARBOR (AWOS) | AQ5: BENTON HARBOR/ROSS | AR5: AUSTIN MUNI | AS5: JEFFERSON CITY MEM | AT5: GREENWOOD LEFLORE ARPT | AU5: CUT BANK MUNI AP | AV5: CHERRY POINT MCAS | AW5: FARGO HECTOR INTERNATIONAL AP | AX5: BELLEVUE OFFUTT AFB | AY5: LACONIA MUNI (AWOS) | AZ5: CAPE MAY CO | BA5: CLOVIS CANNON AFB | BB5: LAS VEGAS MCCARRAN INTL AP | BC5: BUFFALO NIAGARA INTL AP | BD5: CLEVELAND HOPKINS INTL AP | BE5: FORT SILL POST FIELD AF | BF5: BAKER MUNICIPAL AP | BG5: BUTLER CO (AWOS) | BI5: COLUMBIA METRO ARPT | BJ5: ELLSWORTH AFB | BK5: DYERSBURG MUNICIPAL AP | BL5: AMARILLO INTERNATIONAL AP [CANYON - UT] | BM5: HANKSVILLE AP | BN5: DAVISON AAF | BO5: SPRINGFIELD/HARTNES | BP5: FAIRCHILD AFB | BQ5: JANESVILLE/ROCK CO. | BR5: ELKINS ELKINS-RANDOLPH CO ARP | BS5: EVANSTON-UINTA COUNTY AP-BURNS FIELD
A6: Canada | B6: NS | E6: AZ | H6: EDMONTON NAMAO | I6: DISCOVERY ISLAND | P6: LONDON AP | R6: LENNOXVILLE | V6: ANCHORAGE MERRILL FIELD | W6: DOTHAN MUNICIPAL AP | X6: FLIPPIN (AWOS) | Y6: FLAGSTAFF PULLIAM ARPT | Z6: BISHOP AIRPORT | AA6: BROOMFIELD/JEFFCO [BOULDER - SURFRAD] | AB6: HARTFORD BRAINARD FD | AD6: FORT MYERS PAGE FIELD | AE6: AUGUSTA BUSH FIELD | AF6: KANEOHE BAY MCAS | AG6: CARROLL | AH6: IDAHO FALLS FANNING FIELD | AI6: CHICAGO MIDWAY AP | AJ6: HUNTINGBURG | AK6: FORT RILEY MARSHALL AAF | AL6: HENDERSON CITY | AM6: FORT POLK AAF | AN6: LAWRENCE MUNI | AO6: SALISBURY WICOMICO CO AP | AP6: CARIBOU MUNICIPAL ARPT | AQ6: CADILLAC WEXFORD CO AP | AR6: BAUDETTE INTERNATIONAL AP | AS6: JOPLIN MUNICIPAL AP | AT6: GULFPORT BILOXI INT | AU6: GLASGOW INTL ARPT | AV6: DARE CO RGNL | AW6: GRAND FORKS AF | AX6: BREWSTER FIELD ARPT | AY6: LEBANON MUNICIPAL | AZ6: MCGUIRE AFB | BA6: CLOVIS MUNI (AWOS) | BB6: LOVELOCK DERBY FIELD | BC6: ELMIRA CORNING REGIONAL AP | BD6: COLUMBUS PORT COLUMBUS INTL A | BE6: GAGE AIRPORT | BF6: BURNS MUNICIPAL ARPT [UO] | BG6: DUBOIS FAA AP | BI6: FLORENCE REGIONAL AP | BJ6: HURON REGIONAL ARPT | BK6: JACKSON MCKELLAR-SIPES REGL A | BL6: AUSTIN MUELLER MUNICIPAL AP [UT] | BM6: MOAB/CANYONLANDS [UO] | BN6: FARMVILLE | BP6: FELTS FLD | BQ6: LA CROSSE MUNICIPAL ARPT | BR6: HARRISON MARION RGN | BS6: GILLETTE/GILLETTE-C
A7: Canada | B7: NT | E7: CA | H7: FORT MCMURRAY AP | I7: ENTRANCE ISLAND | P7: NORTH BAY AP | R7: MC TAVISH | V7: ANCHORAGE/ELMENDORF | W7: GADSEN MUNI AWOS | X7: FORT SMITH REGIONAL AP | Y7: GRAND CANYON NATL P | Z7: BLUE CANYON AP | AA7: COLORADO SPRINGS MUNI AP | AB7: NEW HAVEN TWEED AIRPORT | AD7: GAINESVILLE REGIONAL AP | AE7: BRUNSWICK GOLDEN IS | AF7: KONA INTL AT KEAHOL | AG7: CEDAR RAPIDS MUNICIPAL AP | AH7: JOSLIN FLD MAGIC VA [TWIN FALLS - UO] | AI7: CHICAGO OHARE INTL AP | AJ7: INDIANAPOLIS INTL AP | AK7: GARDEN CITY MUNICIPAL AP | AL7: JACKSON JULIAN CARROLL AP | AM7: LAFAYETTE REGIONAL AP | AN7: MARTHAS VINEYARD | AP7: HOULTON INTL ARPT | AQ7: CHIPPEWA CO INTL | AR7: BEMIDJI MUNICIPAL | AS7: KAISER MEM (AWOS) | AT7: HATTIESBURG LAUREL | AU7: GLENDIVE(AWOS) | AV7: ELIZABETH CITY COAST GUARD AI [NREL] | AW7: GRAND FORKS INTERNATIONAL AP | AX7: BROKEN BOW MUNI | AY7: MANCHESTER AIRPORT | AZ7: MILLVILLE MUNICIPAL AP | BA7: DEMING MUNI | BB7: MERCURY DESERT ROCK AP [SURFRAD] | BC7: FORT DRUM/WHEELER-S | BD7: DAYTON INTERNATIONAL AIRPORT | BE7: HOBART MUNICIPAL AP | BF7: CORVALLIS MUNI | BG7: ERIE INTERNATIONAL AP | BI7: GREENVILLE DOWNTOWN AP | BJ7: MITCHELL (AWOS) | BK7: KNOXVILLE MCGHEE TYSON AP | BL7: BROWNSVILLE S PADRE ISL INTL | BM7: OGDEN HILL AFB | BN7: FRANKLIN NAAS | BP7: GRAY AAF | BQ7: LONE ROCK FAA AP | BR7: HUNTINGTON TRI-STATE ARPT | BS7: GREEN RIVER-GREATER GREEN RIVER INTERGALACTIC SPACEPORT
A8: Canada | B8: NU | E8: CO | H8: GRAND PRAIRIE | I8: ESQUIMALT HARBOUR | P8: OTTAWA | R8: MONT JOLI AB | V8: ANIAK AIRPORT | W8: HUNTSVILLE INTL/JONES FIELD | X8: HARRISON FAA AP | Y8: KINGMAN (AMOS) | Z8: BLYTHE RIVERSIDE CO ARPT | AA8: CORTEZ/MONTEZUMA | AB8: OXFORD (AWOS) | AD8: HOMESTEAD AFB | AE8: BRUNSWICK MALCOLM MCKINNON AP | AF8: LANAI AP | AG8: CHARITON | AH8: LEWISTON NEZ PERCE CNTY AP | AI8: CHICAGO/WAUKEGAN | AJ8: LAFAYETTE PURDUE UNIV AP | AK8: GOODLAND RENNER FIELD | AL8: LEXINGTON BLUEGRASS AP | AM8: LAKE CHARLES REGIONAL ARPT | AN8: NANTUCKET MEMORIAL AP | AP8: MILLINOCKET MUNICIPAL AP | AQ8: DETROIT CITY AIRPORT | AR8: BENSON MUNI | AS8: KANSAS CITY DOWNTOWN AP | AT8: JACKSON INTERNATIONAL AP | AU8: GREAT FALLS INTL ARPT | AV8: FAYETTEVILLE POPE AFB | AW8: JAMESTOWN MUNICIPAL ARPT | AX8: CHADRON MUNI AP | AY8: MOUNT WASHINGTON | AZ8: NEWARK INTERNATIONAL ARPT | BA8: FARMINGTON FOUR CORNERS REGL | BB8: NELLIS AFB | BC8: GLENS FALLS AP | BD8: FINDLAY AIRPORT | BE8: LAWTON MUNICIPAL | BF8: EUGENE MAHLON SWEET ARPT [UO] | BG8: FRANKLIN | BI8: GREER GREENV-SPARTANBRG AP | BJ8: MOBRIDGE | BK8: MEMPHIS INTERNATIONAL AP | BL8: CAMP MABRY | BM8: OGDEN HINKLEY AIRPORT | BN8: HILLSVILLE | BP8: HANFORD | BQ8: MADISON DANE CO REGIONAL ARPT [ISIS] | BR8: LEWISBURG/GREENBRIE | BS8: JACKSON HOLE
A9: Canada | B9: ON | E9: CT | H9: LACOMBE | I9: FORT NELSON | P9: PETERBOROUGH AP | R9: MONT-ORFORD | V9: ANNETTE ISLAND AP | W9: MAXWELL AFB | X9: JONESBORO MUNI | Y9: LUKE AFB | Z9: BURBANK-GLENDALE-PASADENA AP | AA9: CRAIG-MOFFAT | AD9: JACKSONVILLE INTL ARPT | AE9: COLUMBUS METROPOLITAN ARPT | AF9: LIHUE AIRPORT | AG9: CHARLES CITY | AH9: MOUNTAIN HOME AFB | AI9: DECATUR | AJ9: MONROE CO | AK9: GREAT BEND (AWOS) | AL9: LONDON-CORBIN AP | AM9: MONROE REGIONAL AP | AN9: NEW BEDFORD RGNL | AP9: NORTHERN AROOSTOOK | AQ9: DETROIT METROPOLITAN ARPT | AR9: BRAINERD/WIELAND | AS9: KANSAS CITY INT ARPT | AT9: KEESLER AFB | AU9: HAVRE CITY-COUNTY AP | AV9: FAYETTEVILLE RGNL G | AW9: MINOT AFB | AX9: COLUMBUS MUNI | AY9: PEASE INTL TRADEPOR | AZ9: TETERBORO AIRPORT | BA9: GALLUP SEN CLARKE FLD | BB9: RENO TAHOE INTERNATIONAL AP | BC9: ISLIP LONG ISL MACARTHUR AP | BD9: MANSFIELD LAHM MUNICIPAL ARPT | BE9: MCALESTER MUNICIPAL AP | BF9: KLAMATH FALLS INTL AP [UO] | BG9: HARRISBURG CAPITAL CITY ARPT | BI9: MYRTLE BEACH AFB | BJ9: PIERRE MUNICIPAL AP | BK9: NASHVILLE INTERNATIONAL AP | BL9: CHILDRESS MUNICIPAL AP | BM9: PROVO MUNI (AWOS) | BN9: HOT SPRINGS/INGALLS | BP9: HOQUIAM AP | BQ9: MANITOWOC MUNI AWOS | BR9: MARTINSBURG EASTERN WV REG AP | BS9: LANDER HUNT FIELD
A10: Canada | B10: PE | E10: DE | H10: LETHBRIDGE | I10: FORT SAINT JOHN | P10: PORT WELLER | R10: MONTREAL | V10: ANVIK | W10: MOBILE DOWNTOWN AP | X10: LITTLE ROCK ADAMS FIELD | Y10: PAGE MUNI (AMOS) | Z10: CAMARILLO (AWOS) | AA10: DENVER INTL AP | AD10: JACKSONVILLE NAS | AE10: DEKALB PEACHTREE | AF10: MOLOKAI (AMOS) | AG10: CLARINDA | AH10: POCATELLO REGIONAL AP | AI10: MARION REGIONAL | AJ10: SOUTH BEND MICHIANA RGNL AP | AK10: HAYS MUNI (AWOS) | AL10: LOUISVILLE BOWMAN FIELD | AM10: NEW IBERIA NAAS | AN10: NORTH ADAMS | AP10: PORTLAND INTL JETPORT | AQ10: DETROIT WILLOW RUN AP | AR10: CAMBRIDGE MUNI | AS10: KIRKSVILLE REGIONAL AP | AT10: MCCOMB PIKE COUNTY AP | AU10: HELENA REGIONAL AIRPORT | AV10: FORT BRAGG SIMMONS AAF | AW10: MINOT FAA AP | AX10: FALLS CITY/BRENNER | AZ10: TRENTON MERCER COUNTY AP | BA10: HOLLOMAN AFB | BB10: TONOPAH AIRPORT | BC10: JAMESTOWN (AWOS) | BD10: OHIO STATE UNIVERSI | BE10: OKLAHOMA CITY TINKER AFB | BF10: LA GRANDE MUNI AP | BG10: JOHNSTOWN CAMBRIA COUNTY AP | BI10: NORTH MYRTLE BEACH-GRAND STRAND FIELD | BJ10: RAPID CITY REGIONAL ARPT | BL10: COLLEGE STATION EASTERWOOD FL | BM10: SAINT GEORGE (AWOS) | BN10: LANGLEY AFB | BP10: KELSO WB AP | BQ10: MARSHFIELD MUNI | BR10: MORGANTOWN HART FIELD | BS10: LARAMIE GENERAL BREES FIELD
A11: Canada | B11: QC | E11: FL | H11: MEDICINE AP | I11: KAMLOOPS AP | P11: SAULT STE MARIE | R11: MONTREAL-MIRABEL | V11: BARROW W POST-W ROGERS ARPT [NSA - ARM] | W11: MOBILE REGIONAL AP | X11: LITTLE ROCK AFB | Y11: PHOENIX SKY HARBOR INTL AP | Z11: CAMP PENDLETON MCAS | AA11: DENVER/CENTENNIAL [GOLDEN - NREL] | AD11: JACKSONVILLE/CRAIG | AE11: FORT BENNING LAWSON | AG11: CLINTON MUNI (AWOS) | AH11: SALMON/LEMHI (AWOS) | AI11: MOLINE QUAD CITY INTL AP | AJ11: TERRE HAUTE HULMAN REGIONAL A | AK11: HILL CITY MUNICIPAL AP | AL11: LOUISVILLE STANDIFORD FIELD | AM11: NEW ORLEANS ALVIN CALLENDER F | AN11: NORWOOD MEMORIAL | AP11: PRESQUE ISLE MUNICIP | AQ11: ESCANABA (AWOS) | AR11: CLOQUET (AWOS) | AS11: POPLAR BLUFF(AMOS) | AT11: MERIDIAN KEY FIELD | AU11: KALISPELL GLACIER PK INT AR | AV11: GOLDSBORO SEYMOUR JOHNSON AFB | AW11: WILLISTON SLOULIN INTL AP | AX11: FREMONT MUNI ARPT | BA11: LAS CRUCES INTL AP | BB11: WINNEMUCCA MUNICIPAL ARPT | BC11: MASSENA AP | BD11: TOLEDO EXPRESS AIRPORT | BE11: OKLAHOMA CITY WILL ROGERS WOR | BF11: LAKEVIEW (AWOS) | BG11: LANCASTER | BI11: SUMTER SHAW AFB | BJ11: SIOUX FALLS FOSS FIELD | BL11: CORPUS CHRISTI INTL ARPT [UT] | BM11: SALT LAKE CITY INT ARPT [ISIS] | BN11: LEESBURG/GODFREY | BP11: MOSES LAKE GRANT COUNTY AP | BQ11: MILWAUKEE MITCHELL INTL AP | BR11: PARKERSBURG WOOD COUNTY AP | BS11: RAWLINS MUNICIPAL AP
A12: Canada | B12: SK | E12: GA | H12: RED DEER AP | I12: KELOWNA AP | P12: SUDBURY AP | R12: NICOLET | V12: BETHEL AIRPORT | W12: MONTGOMERY DANNELLY FIELD | X12: PINE BLUFF FAA AP | Y12: PRESCOTT LOVE FIELD | Z12: CARLSBAD/PALOMAR | AA12: DURANGO/LA PLATA CO | AD12: KEY WEST INTL ARPT | AE12: FULTON CO ARPT BROW | AG12: COUNCIL BLUFFS | AI12: MOUNT VERNON (AWOS) | AK12: HUTCHINSON MUNICIPAL AP | AL12: PADUCAH BARKLEY REGIONAL AP | AM12: NEW ORLEANS INTL ARPT | AN12: OTIS ANGB | AP12: ROCKLAND/KNOX(AWOS) | AQ12: FLINT BISHOP INTL ARPT | AR12: CRANE LAKE (AWOS) | AS12: SPRINGFIELD REGIONAL ARPT | AT12: MERIDIAN NAAS | AU12: LEWISTOWN MUNICIPAL ARPT | AV12: GREENSBORO PIEDMONT TRIAD INT | AX12: GRAND ISLAND CENTRAL NE REGIO | BA12: LAS VEGAS MUNICIPAL ARPT | BC12: MONTICELLO(AWOS) | BD12: YOUNGSTOWN REGIONAL AIRPORT | BE12: OKLAHOMA CITY/WILEY | BF12: MEDFORD ROGUE VALLEY INTL AP [ASHLAND - UO] | BG12: MIDDLETOWN HARRISBURG INTL AP | BJ12: WATERTOWN MUNICIPAL AP | BL12: CORPUS CHRISTI NAS | BM12: VERNAL | BN12: LYNCHBURG REGIONAL ARPT | BP12: OLYMPIA AIRPORT | BQ12: MINOCQUA/WOODRUFF | BR12: WHEELING OHIO COUNTY AP | BS12: RIVERTON MUNICIPL AP
A13: Canada | B13: YT | E13: HI | H13: SPRINGBANK | I13: MALAHAT | P13: THUNDER BAY AP | R13: POINT-AU-PERE | V13: BETTLES FIELD | W13: MUSCLE SHOALS REGIONAL AP | X13: ROGERS (AWOS) | Y13: SAFFORD (AMOS) | Z13: CHINA LAKE NAF | AA13: EAGLE COUNTY AP | AD13: KEY WEST NAS | AE13: HUNTER AAF | AG13: CRESTON | AI13: PEORIA GREATER PEORIA AP | AK13: LIBERAL MUNI | AL13: SOMERSET(AWOS) | AM13: NEW ORLEANS LAKEFRONT AP | AN13: PLYMOUTH MUNICIPAL | AP13: SANFORD MUNI (AWOS) | AQ13: GRAND RAPIDS KENT COUNTY INT | AR13: CROOKSTON MUNI FLD | AS13: ST JOSEPH ROSECRANS MEMORIAL | AT13: NATCHEZ/HARDY(AWOS) | AU13: LIVINGSTON MISSION FIELD | AV13: HICKORY REGIONAL AP | AX13: HASTINGS MUNICIPAL | BA13: ROSWELL INDUSTRIAL AIR PARK | BC13: NEW YORK CENTRAL PRK OBS BELV | BD13: ZANESVILLE MUNICIPAL AP | BE13: PONCA CITY MUNICIPAL AP [SGP - ARM] | BF13: NORTH BEND MUNI AIRPORT | BG13: PHILADELPHIA INTERNATIONAL AP | BL13: COTULLA FAA AP | BM13: WENDOVER USAF AUXILIARY FIELD | BN13: MANASSAS MUNI(AWOS) | BP13: PASCO | BQ13: MOSINEE/CENTRAL WI | BS13: SHERIDAN COUNTY ARPT
E14: IA | I14: NORTH VANCOUVER | P14: TIMMINS AP | R14: QUEBEC AP | V14: BIG DELTA ALLEN AAF | W14: TROY AIR FIELD | X14: SILOAM SPRING(AWOS) | Y14: SCOTTSDALE MUNI | Z14: CHINO AIRPORT | AA14: FORT COLLINS (AWOS) | AD14: MACDILL AFB | AE14: MACON MIDDLE GA REGIONAL AP | AG14: DECORAH | AI14: QUINCY MUNI BALDWIN FLD | AK14: MANHATTAN RGNL | AM14: PATTERSON MEMORIAL | AN14: PROVINCETOWN (AWOS) | AP14: WATERVILLE (AWOS) | AQ14: HANCOCK HOUGHTON CO AP | AR14: DETROIT LAKES(AWOS) | AS14: ST LOUIS LAMBERT INT ARPT | AT14: TUPELO C D LEMONS ARPT | AU14: MILES CITY MUNICIPAL ARPT | AV14: JACKSONVILLE (AWOS) | AX14: IMPERIAL MUNI AP | BA14: SANTA FE COUNTY MUNICIPAL AP | BC14: NEW YORK J F KENNEDY INT AR | BE14: STILLWATER RGNL | BF14: PENDLETON E OR REGIONAL AP | BG14: PHILADELPHIA NE PHILADELPHIA | BL14: COX FLD | BN14: MARION / WYTHEVILLE | BP14: PULLMAN/MOSCOW RGNL | BQ14: PHILLIPS/PRICE CO. | BS14: WORLAND MUNICIPAL
A15: USA | B15: AK | E15: ID | I15: PENTICTON AP | P15: TORONTO | R15: SHERBROOKE AP | V15: BIG RIVER LAKE | W15: TUSCALOOSA MUNICIPAL AP | X15: SPRINGDALE MUNI | Y15: SHOW LOW MUNI AP | Z15: CHULA VISTA BROWN FIELD NAAS | AA15: GRAND JUNCTION WALKER FIELD | AD15: MARATHON AIRPORT | AE15: MARIETTA DOBBINS AFB | AG15: DENISON | AI15: ROCKFORD GREATER ROCKFORD AP | AK15: MCCONNELL AFB | AM15: SHREVEPORT DOWNTOWN | AN15: WESTFIELD BARNES MUNI AP | AP15: WISCASSET | AQ15: HOUGHTON LAKE ROSCOMMON CO AR | AR15: DULUTH INTERNATIONAL ARPT | AS15: ST LOUIS SPIRIT OF ST LOUIS A | AU15: MISSOULA INTERNATIONAL AP | AV15: NEW BERN CRAVEN CO REGL AP | AX15: KEARNEY MUNI (AWOS) | BA15: SIERRA BLANCA RGNL | BC15: NEW YORK LAGUARDIA ARPT | BE15: TULSA INTERNATIONAL AIRPORT | BF15: PORTLAND INTERNATIONAL AP | BG15: PITTSBURGH ALLEGHENY CO AP | BL15: DALHART MUNICIPAL AP | BN15: MARTINSVILLE | BP15: QUILLAYUTE STATE AIRPORT | BQ15: RHINELANDER ONEIDA
A16: USA | B16: AL | E16: IL | I16: PITT MEADOWS | P16: TORONTO AP | R16: ST ANICET | V16: BIRCHWOOD | X16: STUTTGART (AWOS) | Y16: TUCSON INTERNATIONAL AP | Z16: CONCORD CONCORD-BUCHANAN FIEL | AA16: GREELEY/WELD (AWOS) | AD16: MAYPORT NS | AE16: MOODY AFB/VALDOSTA | AG16: DES MOINES INTL AP | AI16: SOUTHERN ILLINOIS | AK16: NEWTON (AWOS) | AM16: SHREVEPORT REGIONAL ARPT | AN16: WORCESTER REGIONAL ARPT | AQ16: HOWELL | AR16: ELY MUNI | AS16: VICHY ROLLA NATL ARPT | AU16: SIDNEY-RICHLAND | AV16: NEW RIVER MCAF | AX16: LINCOLN MUNICIPAL ARPT | BA16: TAOS MUNI APT(AWOS) | BC16: NIAGARA FALLS AF | BE16: VANCE AFB | BF16: PORTLAND/HILLSBORO | BG16: PITTSBURGH INTERNATIONAL AP | BL16: DALLAS-FORT WORTH INTL AP | BN16: MELFA/ACCOMACK ARPT | BP16: RENTON MUNI | BQ16: RICE LAKE MUNICIPAL
A17: USA | B17: AR | E17: IN | I17: PRINCE GEORGE | P17: TORONTO ISLAND AP | R17: STE ANNE DE BELLEVUE | V17: COLD BAY ARPT | X17: TEXARKANA WEBB FIELD | Y17: WINSLOW MUNICIPAL AP | Z17: CRESCENT CITY FAA AI | AA17: GUNNISON CO. (AWOS) | AD17: MELBOURNE REGIONAL AP | AE17: ROME R B RUSSELL AP | AG17: DUBUQUE REGIONAL AP | AI17: SPRINGFIELD CAPITAL AP | AK17: OLATHE-JOHNSON COUNTY INDUSTRIAL AP | AQ17: IRON MOUNTAIN/FORD | AR17: EVELETH MUNI (AWOS) | AS17: WHITEMAN AFB | AU17: WOLF POINT INTL [FORT PECK - SURFRAD] | AV17: PITT GREENVILLE ARP | AX17: MCCOOK MUNICIPAL | BA17: TRUTH OR CONSEQUENCES MUNI AP | BC17: POUGHKEEPSIE DUTCHESS CO AP | BF17: PORTLAND/TROUTDALE | BG17: READING SPAATZ FIELD | BL17: DALLAS-LOVE FIELD | BN17: NEWPORT NEWS | BP17: SEATTLE BOEING FIELD [ISIS] | BQ17: STURGEON BAY
A18: USA | B18: AZ | E18: KS | I18: SMITHERS AP | P18: TRENTON AP | R18: STE FOY | V18: CORDOVA | X18: WALNUT RIDGE (AWOS) | Y18: YUMA INTL ARPT | Z18: DAGGETT BARSTOW-DAGGETT AP | AA18: HAYDEN/YAMPA (AWOS) | AD18: MIAMI INTL AP | AE18: SAVANNAH INTL AP | AG18: ESTHERVILLE MUNI | AI18: STERLING ROCKFALLS | AK18: OLATHE/JOHNSON CO. | AQ18: IRONWOOD (AWOS) | AR18: FAIRMONT MUNI(AWOS) | AV18: RALEIGH DURHAM INTERNATIONAL | AX18: NORFOLK KARL STEFAN MEM ARPT | BA18: TUCUMCARI AP | BC18: REPUBLIC | BF18: REDMOND ROBERTS FIELD | BG18: STATE COLLEGE [PENN STATE - SURFRAD] | BL18: DALLAS/ADDISON ARPT | BN18: NORFOLK INTERNATIONAL AP | BP18: SEATTLE SEATTLE-TACOMA INTL A | BQ18: WATERTOWN
A19: USA | B19: CA | E19: KY | I19: SUMMERLAND | P19: WINDSOR | R19: TROIS RIVIERES | V19: DEADHORSE | Y19: YUMA MCAS | Z19: EDWARDS AFB | AA19: LA JUNTA MUNICIPAL AP | AD19: MIAMI/KENDALL-TAMIA | AE19: VALDOSTA WB AIRPORT | AG19: FAIR FIELD | AI19: UNIV OF ILLINOIS WI [BONDVILLE - SURFRAD] | AK19: RUSSELL MUNICIPAL AP | AQ19: JACKSON REYNOLDS FIELD | AR19: FARIBAULT MUNI AWOS | AV19: ROCKY MOUNT WILSON | AX19: NORTH PLATTE REGIONAL AP | BC19: ROCHESTER GREATER ROCHESTER I | BF19: ROSEBURG REGIONAL AP | BG19: WASHINGTON (AWOS) | BL19: DALLAS/REDBIRD ARPT | BN19: NORFOLK NAS | BP19: SNOHOMISH CO | BQ19: WAUSAU MUNICIPAL ARPT
A20: USA | B20: CO | E20: LA | I20: VANCOUVER | R20: VARENNES | V20: DILLINGHAM (AMOS) | Z20: FRESNO YOSEMITE INTL AP | AA20: LAMAR MUNICIPAL | AD20: MIAMI/OPA LOCKA | AE20: WARNER ROBINS AFB | AG20: FORT DODGE (AWOS) | AI20: W. CHICAGO/DU PAGE | AK20: SALINA MUNICIPAL AP | AQ20: KALAMAZOO BATTLE CR | AR20: FERGUS FALLS AWOS | AV20: SOUTHERN PINES AWOS | AX20: OMAHA EPPLEY AIRFIELD | BC20: STEWART FIELD | BF20: SALEM MCNARY FIELD | BG20: WILKES-BARRE SCRANTON INTL AP | BL20: DEL RIO [UT] | BN20: OCEANA NAS | BP20: SPOKANE INTERNATIONAL AP [CHENEY - UO] | BQ20: WITTMAN RGNL
A21: USA | B21: CT | E21: MA | I21: VERNON | V21: DUTCH HARBOR | Z21: FULLERTON MUNICIPAL | AA21: LEADVILLE/LAKE CO. | AD21: NAPLES MUNICIPAL | AG21: FORT MADISON | AK21: TOPEKA FORBES FIELD | AQ21: LANSING CAPITAL CITY ARPT | AR21: FLYING CLOUD | AV21: WILMINGTON INTERNATIONAL ARPT | AX21: OMAHA WSFO | BC21: SYRACUSE HANCOCK INT ARPT | BF21: SEXTON SUMMIT | BG21: WILLIAMSPORT REGIONAL AP | BL21: DEL RIO LAUGHLIN AFB | BN21: PULASKI-NEW RIVER VALLEY AP | BP21: STAMPEDE PASS
A22: USA | B22: DE | E22: MD | I22: VICTORIA | V22: EMMONAK | Z22: HAYWARD AIR TERM | AA22: LIMON | AD22: NASA SHUTTLE FCLTY | AG22: KEOKUK MUNI | AK22: TOPEKA MUNICIPAL AP | AQ22: MANISTEE (AWOS) | AR22: FOSSTON(AWOS) | AV22: WINSTON-SALEM REYNOLDS AP | AX22: ONEILL-BAKER FIELD | BC22: UTICA ONEIDA COUNTY AP | BG22: WILLOW GROVE NAS | BL22: DRAUGHON MILLER CEN | BN22: QUANTICO MCAS | BP22: TACOMA MCCHORD AFB
A23: USA | B23: FL | E23: ME | I23: VICTORIA AP | V23: FAIRBANKS INTL ARPT | Z23: IMPERIAL | AA23: MONTROSE CO. ARPT | AD23: OCALA MUNI (AWOS) | AG23: KNOXVILLE | AK23: WICHITA MID-CONTINENT AP | AQ23: MENOMINEE (AWOS) | AR23: GLENWOOD (ASOS) | AX23: ORD-SHARP FIELD | BC23: WATERTOWN AP | BL23: EL PASO INTERNATIONAL AP [UT] | BN23: RICHMOND INTERNATIONAL AP | BP23: TACOMA NARROWS
A24: USA | B24: GA | E24: MI | I24: VICTORIA UNIV | V24: FAIRBANKS/EIELSON A | Z24: JACK NORTHROP FLD H | AA24: PUEBLO MEMORIAL AP | AD24: ORLANDO EXECUTIVE AP | AG24: LE MARS | AK24: WICHITA/COL. JABARA | AQ24: MOUNT CLEMENS SELFRIDGE FLD | AR24: GRAND RAPIDS(AWOS) | AX24: SCOTTSBLUFF W B HEILIG FIELD | BC24: WESTHAMPTON GABRESKI AP | BL24: FORT HOOD | BN24: ROANOKE REGIONAL AP | BP24: THE DALLES MUNICIPAL ARPT
A25: USA | B25: HI | E25: MN | I25: W VANCOUVER | V25: FORT YUKON | Z25: LANCASTER GEN WM FOX FIELD | AA25: RIFLE/GARFIELD RGNL | AD25: ORLANDO INTL ARPT | AG25: MASON CITY MUNICIPAL ARPT | AQ25: MUSKEGON COUNTY ARPT | AR25: HALLOCK | AX25: SIDNEY MUNICIPAL AP | BC25: WHITE PLAINS WESTCHESTER CO A | BL25: FORT WORTH ALLIANCE | BN25: SHANNON ARPT | BP25: WALLA WALLA CITY COUNTY AP
A26: USA | B26: IA | E26: MO | I26: WHISTLER | V26: GAMBELL | Z26: LEMOORE REEVES NAS | AA26: TRINIDAD LAS ANIMAS COUNTY AP | AD26: ORLANDO SANFORD AIRPORT | AG26: MONTICELLO MUNI | AQ26: OAKLAND CO INTL | AR26: HIBBING CHISHOLM-HIBBING AP | AX26: TEKAMAH (ASOS) | BL26: FORT WORTH MEACHAM | BN26: STAUNTON/SHENANDOAH | BP26: WENATCHEE/PANGBORN
A27: USA | B27: ID | E27: MS | I27: WHITE ROCK | V27: GULKANA INTERMEDIATE FIELD | Z27: LIVERMORE MUNICIPAL | AD27: PANAMA CITY BAY CO | AG27: MUSCATINE | AQ27: OSCODA WURTSMITH AFB | AR27: HUTCHINSON (AWOS) | AX27: VALENTINE MILLER FIELD | BL27: FORT WORTH NAS | BN27: VIRGINIA TECH ARPT | BP27: WHIDBEY ISLAND NAS
A28: USA | B28: IL | E28: MT | I28: ABBOTSFORD AP | V28: GUSTAVUS | Z28: LOMPOC (AWOS) | AD28: PENSACOLA FOREST SHERMAN NAS | AG28: NEWTON MUNI | AQ28: PELLSTON EMMET COUNTY AP | AR28: INTERNATIONAL FALLS INTL AP | BL28: GALVESTON/SCHOLES | BN28: WASHINGTON DC DULLES INT AR [STERLING - ISIS] | BP28: WILLIAM R FAIRCHILD
A29: USA | B29: IN | E29: NC | V29: HOMER ARPT | Z29: LONG BEACH DAUGHERTY FLD | AD29: PENSACOLA REGIONAL AP | AG29: OELWEN | AQ29: SAGINAW TRI CITY INTL AP | AR29: LITCHFIELD MUNI | BL29: GEORGETOWN (AWOS) | BN29: WASHINGTON DC REAGAN AP | BP29: YAKIMA AIR TERMINAL
A30: USA | B30: KS | E30: ND | V30: HOONAH | Z30: LOS ANGELES INTL ARPT | AD30: SARASOTA BRADENTON | AG30: ORANGE CITY | AQ30: SAULT STE MARIE SANDERSON FIE | AR30: LITTLE FALLS (AWOS) | BL30: GREENVILLE MUNICIPAL AP | BN30: WINCHESTER RGNL
A31: USA | B31: KY | E31: NE | V31: HOOPER BAY | Z31: MARCH AFB | AD31: SOUTHWEST FLORIDA I | AG31: OTTUMWA INDUSTRIAL AP | AQ31: ST.CLAIR COUNTY INT | AR31: MANKATO(AWOS) | BL31: HARLINGEN RIO GRANDE VALLEY I | BN31: WISE/LONESOME PINE
A32: USA | B32: LA | E32: NH | V32: HUSLIA | Z32: MERCED/MACREADY FLD | AD32: ST LUCIE CO INTL | AG32: RED OAK | AQ32: TRAVERSE CITY CHERRY CAPITAL | AR32: MARSHALL MUNI-RYAN FIELD AWOS | BL32: HONDO MUNICIPAL AP
A33: USA | B33: MA | E33: NJ | V33: HYDABURG SEAPLANE | Z33: MODESTO CITY-COUNTY AP | AD33: ST PETERSBURG ALBERT WHITTED | AG33: SHELDON | AR33: MINNEAPOLIS-ST PAUL INT ARP | BL33: HOUSTON BUSH INTERCONTINENTAL
A34: USA | B34: MD | E34: NM | V34: ILIAMNA ARPT | Z34: MONTAGUE SISKIYOU COUNTY AP | AD34: ST PETERSBURG CLEAR | AG34: SHENANDOAH MUNI | AR34: MINNEAPOLIS/CRYSTAL | BL34: HOUSTON ELLINGTON AFB [CLEAR LAKE - UT]
A35: USA | B35: ME | E35: NV | V35: JUNEAU INT ARPT | Z35: MONTEREY NAF | AD35: TALLAHASSEE REGIONAL AP [ISIS] | AG35: SIOUX CITY SIOUX GATEWAY AP | AR35: MORA MUNI (AWOS) | BL35: HOUSTON WILLIAM P HOBBY AP
A36: USA | B36: MI | E36: NY | V36: KAKE SEAPLANE BASE | Z36: MOUNTAIN VIEW MOFFETT FLD NAS | AD36: TAMPA INTERNATIONAL AP | AG36: SPENCER | AR36: MORRIS MUNI (AWOS) | BL36: HOUSTON/D.W. HOOKS
A37: USA | B37: MN | E37: OH | V37: KENAI MUNICIPAL AP | Z37: NAPA CO. AIRPORT | AD37: TYNDALL AFB | AG37: STORM LAKE | AR37: NEW ULM MUNI (AWOS) | BL37: KILLEEN MUNI AWOS
A38: USA | B38: MO | E38: OK | V38: KETCHIKAN INTL AP | Z38: NEEDLES AIRPORT | AD38: VALPARAISO EGLIN AFB | AG38: WASHINGTON | AR38: ORR | BL38: KINGSVILLE
A39: USA | B39: MS | E39: OR | V39: KING SALMON ARPT | Z39: OAKLAND METROPOLITAN ARPT | AD39: VALPARAISO HURLBURT | AG39: WATERLOO MUNICIPAL AP | AR39: OWATONNA (AWOS) | BL39: LAREDO INTL AP [UT]
A40: USA | B40: MT | E40: PA | V40: KODIAK AIRPORT | Z40: OXNARD AIRPORT | AD40: VERO BEACH MUNICIPAL ARPT | AG40: WEBSTER CITY | AR40: PARK RAPIDS MUNICIPAL AP | BL40: LONGVIEW GREGG COUNTY AP [OVERTON - UT]
A41: USA | B41: NC | E41: RI | V41: KOTZEBUE RALPH WEIN MEMORIAL | Z41: PALM SPRINGS INTL | AD41: WHITING FIELD NAAS | AR41: PIPESTONE (AWOS) | BL41: LUBBOCK INTERNATIONAL AP
A42: USA | B42: ND | E42: SC | V42: LAKE HOOD SEAPLANE | Z42: PALM SPRINGS THERMAL AP | AR42: RED WING | BL42: LUFKIN ANGELINA CO
A43: USA | B43: NE | E43: SD | V43: MCGRATH ARPT | Z43: PALMDALE AIRPORT | AR43: REDWOOD FALLS MUNI | BL43: MARFA AP
A44: USA | B44: NH | E44: TN | V44: MEKORYUK | Z44: PASO ROBLES MUNICIPAL ARPT | AR44: ROCHESTER INTERNATIONAL ARPT | BL44: MC GREGOR (AWOS)
A45: USA | B45: NJ | E45: TX | V45: MIDDLETON ISLAND AUT | Z45: POINT MUGU NF | AR45: ROSEAU MUNI (AWOS) | BL45: MCALLEN MILLER INTL AP [EDINBURG - UT]
A46: USA | B46: NM | E46: UT | V46: MINCHUMINA | Z46: PORTERVILLE (AWOS) | AR46: SILVER BAY | BL46: MIDLAND INTERNATIONAL AP
A47: USA | B47: NV | E47: VA | V47: NENANA MUNICIPAL AP | Z47: RED BLUFF MUNICIPAL ARPT | AR47: SOUTH ST PAUL MUNI | BL47: MINERAL WELLS MUNICIPAL AP
A48: USA | B48: NY | E48: VT | V48: NOME MUNICIPAL ARPT | Z48: REDDING MUNICIPAL ARPT | AR48: ST CLOUD REGIONAL ARPT | BL48: NACOGDOCHES (AWOS)
A49: USA | B49: OH | E49: WA | V49: NORTHWAY AIRPORT | Z49: RIVERSIDE MUNI | AR49: ST PAUL DOWNTOWN AP | BL49: PALACIOS MUNICIPAL AP
A50: USA | B50: OK | E50: WI | V50: PALMER MUNICIPAL | Z50: SACRAMENTO EXECUTIVE ARPT | AR50: THIEF RIVER(AWOS) | BL50: PORT ARTHUR JEFFERSON COUNTY
A51: USA | B51: OR | E51: WV | V51: PETERSBURG | Z51: SACRAMENTO METROPOLITAN AP | AR51: TWO HARBORS MUNI AP | BL51: RANDOLPH AFB
A52: USA | B52: PA | E52: WY | V52: POINT HOPE (AWOS) | Z52: SALINAS MUNICIPAL AP | AR52: WHEATON NDB (AWOS) | BL52: ROCKPORT/ARANSAS CO
A53: USA | B53: RI | V53: PORT HEIDEN | Z53: SAN DIEGO LINDBERGH FIELD | AR53: WILLMAR | BL53: SAN ANGELO MATHIS FIELD
A54: USA | B54: SC | V54: SAINT MARY`S (AWOS) | Z54: SAN DIEGO MIRAMAR NAS | AR54: WINONA MUNI (AWOS) | BL54: SAN ANTONIO INTL AP
A55: USA | B55: SD | V55: SAND POINT | Z55: SAN DIEGO NORTH ISLAND NAS | AR55: WORTHINGTON (AWOS) | BL55: SAN ANTONIO KELLY FIELD AFB
A56: USA | B56: TN | V56: SAVOONGA | Z56: SAN DIEGO/MONTGOMER | BL56: SAN ANTONIO/STINSON
A57: USA | B57: TX | V57: SELAWIK | Z57: SAN FRANCISCO INTL AP | BL57: TYLER/POUNDS FLD
A58: USA | B58: UT | V58: SEWARD | Z58: SAN JOSE INTL AP | BL58: VICTORIA REGIONAL AP
A59: USA | B59: VA | V59: SHEMYA AFB | Z59: SAN LUIS CO RGNL | BL59: WACO REGIONAL AP
A60: USA | B60: VT | V60: SHISHMAREF (AWOS) | Z60: SANDBERG | BL60: WICHITA FALLS MUNICIPAL ARPT
A61: USA | B61: WA | V61: SITKA JAPONSKI AP | Z61: SANTA ANA-JOHN WAYNE AP | BL61: WINK WINKLER COUNTY AP
A62: USA | B62: WI | V62: SKAGWAY AIRPORT | Z62: SANTA BARBARA MUNICIPAL AP
A63: USA | B63: WV | V63: SLEETMUTE | Z63: SANTA MARIA PUBLIC ARPT
A64: USA | B64: WY | V64: SOLDOTNA | Z64: SANTA MONICA MUNI
V65: ST PAUL ISLAND ARPT | Z65: SANTA ROSA (AWOS)
V66: TALKEETNA STATE ARPT | Z66: SOUTH LAKE TAHOE-LAKE TAHOE AP
V67: TANANA RALPH M CALHOUN MEM AP | Z67: STOCKTON METROPOLITAN ARPT
V68: TOGIAK VILLAGE AWOS | Z68: TRAVIS FIELD AFB
V69: UNALAKLEET FIELD | Z69: TRUCKEE-TAHOE
V70: VALDEZ PIONEER FIEL | Z70: TWENTYNINE PALMS
V71: VALDEZ WSO | Z71: UKIAH MUNICIPAL AP
V72: WHITTIER | Z72: VAN NUYS AIRPORT
V73: WRANGELL | Z73: VISALIA MUNI (AWOS)
V74: YAKUTAT STATE ARPT | Z74: YUBA CO
